Workbook
Name ANNEE: OFFSET(UTILISATIONS!$A$2,,,COUNTA(UTILISATIONS!$C:$C)-1)
Name campagne: OFFSET(UTILISATIONS!$A$2,,,COUNTA(UTILISATIONS!$C:$C)-1)
Name categorie: OFFSET(UTILISATIONS!$G$2,,,COUNTA(UTILISATIONS!$C:$C)-1)
Name Col_Annee: OFFSET(PARCELLAIRE!$A$2,,,COUNT(PARCELLAIRE!$A:$A))
Name Col_Culture: OFFSET(Col_Annee,,1)
Name Col_Parcelle: OFFSET(Col_Annee,,3)
Name Col_Variete: OFFSET(Col_Annee,,2)
Name COLN: OFFSET(UTILISATIONS!$N$2,,,COUNTA(UTILISATIONS!$D:$D)-1)
Name CULTURE: OFFSET(VARIETE!$A$1,,,,COUNTA(VARIETE!$A$1:$H$1))
Name DATE: OFFSET(UTILISATIONS!$D$2,,,COUNTA(UTILISATIONS!$C:$C)-1)
Name DEPT: [1]VARIETE!$A$2
Name indice: OFFSET(UTILISATIONS!$O$2,,,COUNTA(UTILISATIONS!$C:$C)-1)
Name Liste_Annee: OFFSET('FOCUS CULTURE'!$Q$7,,,COUNT('FOCUS CULTURE'!$Q$7:$Q$27))
Name Liste_Culture: OFFSET('FOCUS CULTURE'!$R$7,,,COUNTIF('FOCUS CULTURE'!$R$7:$R$27,"?*"))
Name MONTANT: OFFSET(UTILISATIONS!$L$2,,,COUNTA(UTILISATIONS!$C:$C)-1)
Name NB.HA: OFFSET(UTILISATIONS!$I$2,,,COUNTA(UTILISATIONS!$C:$C)-1)
Name paran: OFFSET(PARCELLAIRE!$A$2,,,COUNT(PARCELLAIRE!$A:$A))
Name PARCELLE: OFFSET(UTILISATIONS!$C$2,,,COUNTA(UTILISATIONS!$C:$C)-1)
Name parcult: OFFSET(PARCELLAIRE!$B$2,,,COUNT(PARCELLAIRE!$A:$A))
Name parsurf: OFFSET(PARCELLAIRE!$F$2,,,COUNT(PARCELLAIRE!$A:$A))
Name parvar: OFFSET(PARCELLAIRE!$C$2,,,COUNT(PARCELLAIRE!$A:$A))
Name PRODUIT: OFFSET(UTILISATIONS!$E$2,,,COUNTA(UTILISATIONS!$D:$D)-1)
Name QTE.HA: OFFSET(UTILISATIONS!$H$2,,,COUNTA(UTILISATIONS!$C:$C)-1)
Name VARIETE: PARCELLAIRE!$C$2
Name WHEN: 'FOCUS CULTURE'!$F$7
Name WHEN: 'FOCUS PARCELLE'!$F$7
Name WHERE: 'FOCUS CULTURE'!$F$9
Name WHERE: 'FOCUS PARCELLE'!$F$8

Sheet FOCUS CULTURE
C3: SYNTHESE UTILISATIONS / PARCELLE
I6: DATE | J6: CATEGORIE | K6: PRODUIT | L6: SURFACE | M6: QTE/HA | N6: MONTANT € | Q6: ANNEE | R6: CULTURE | S6: PARCELLE
D7: CAMPAGNE | F7: 2013 | I7: {=IF(ROW($A1)>COUNTIF(COLN,WHERE),"",INDEX(DATE,SMALL(IF(COLN=WHERE,ROW(COLN)-1,""),ROW($A1))))} -> 41205 | J7: {=IF(ROW($A1)>COUNTIF(COLN,WHERE),"",INDEX(categorie,SMALL(IF(COLN=WHERE,ROW(COLN)-1,""),ROW($A1))))} -> DESHERBANT | K7: {=IF(ROW($A1)>COUNTIF(COLN,WHERE),"",INDEX(PRODUIT,SMALL(IF(COLN=WHERE,ROW(COLN)-1,""),ROW($A1))))} -> Glyphosate | L7: {=IF(ROW($A1)>COUNTIF(COLN,WHERE),"",INDEX(NB.HA,SMALL(IF(COLN=WHERE,ROW(COLN)-1,""),ROW($A1))))} -> 5.67 | M7: {=IF(ROW($A1)>COUNTIF(COLN,WHERE),"",INDEX(QTE.HA,SMALL(IF(COLN=WHERE,ROW(COLN)-1,""),ROW($A1))))} -> 1 | N7: {=IF(ROW($A1)>COUNTIF(COLN,WHERE),"",INDEX(MONTANT,SMALL(IF(COLN=WHERE,ROW(COLN)-1,""),ROW($A1))))} -> 27.999323 | Q7: {=IFERROR(SMALL(IF(MATCH(Col_Annee,Col_Annee,0)=ROW(Col_Annee)-1,Col_Annee),ROW(Col_Annee)-1),"")} -> 2013 | R7: {=IFERROR(INDEX(Col_Culture,MATCH(SMALL(IF(MATCH(Col_Annee&Col_Culture,Col_Annee&Col_Culture,0)=ROW(Col_Annee)-1,IF(Col_Annee=F7,COUNTIF(Col_Culture,"<"&Col_Culture))),ROW(Col_Annee)-1),IF(Col_Annee=F7,COUNTIF(Col_Culture,"<"&Col_Culture)),0)),"")} -> BLE DUR | S7: {=IFERROR(SMALL(IF((Col_Annee=F7)*(Col_Culture=F8),Col_Parcelle),ROW(Col_Annee)-1),"")}
D8: CULTURE | F8: BLE TENDRE | I8: {=IF(ROW($A2)>COUNTIF(COLN,WHERE),"",INDEX(DATE,SMALL(IF(COLN=WHERE,ROW(COLN)-1,""),ROW($A2))))} -> 41205 | J8: {=IF(ROW($A2)>COUNTIF(COLN,WHERE),"",INDEX(categorie,SMALL(IF(COLN=WHERE,ROW(COLN)-1,""),ROW($A2))))} -> DIVERS | K8: {=IF(ROW($A2)>COUNTIF(COLN,WHERE),"",INDEX(PRODUIT,SMALL(IF(COLN=WHERE,ROW(COLN)-1,""),ROW($A2))))} -> Heliosol | L8: {=IF(ROW($A2)>COUNTIF(COLN,WHERE),"",INDEX(NB.HA,SMALL(IF(COLN=WHERE,ROW(COLN)-1,""),ROW($A2))))} -> 5.67 | M8: {=IF(ROW($A2)>COUNTIF(COLN,WHERE),"",INDEX(QTE.HA,SMALL(IF(COLN=WHERE,ROW(COLN)-1,""),ROW($A2))))} -> 0.2 | N8: {=IF(ROW($A2)>COUNTIF(COLN,WHERE),"",INDEX(MONTANT,SMALL(IF(COLN=WHERE,ROW(COLN)-1,""),ROW($A2))))} -> 12.48534 | Q8: 2014 | R8: BLE TENDRE
D9: PARCELLE | F9: Bousquet Route | I9: {=IF(ROW($A3)>COUNTIF(COLN,WHERE),"",INDEX(DATE,SMALL(IF(COLN=WHERE,ROW(COLN)-1,""),ROW($A3))))} -> 41207 | J9: {=IF(ROW($A3)>COUNTIF(COLN,WHERE),"",INDEX(categorie,SMALL(IF(COLN=WHERE,ROW(COLN)-1,""),ROW($A3))))} -> SEMENCES | K9: {=IF(ROW($A3)>COUNTIF(COLN,WHERE),"",INDEX(PRODUIT,SMALL(IF(COLN=WHERE,ROW(COLN)-1,""),ROW($A3))))} -> Miradoux | L9: {=IF(ROW($A3)>COUNTIF(COLN,WHERE),"",INDEX(NB.HA,SMALL(IF(COLN=WHERE,ROW(COLN)-1,""),ROW($A3))))} -> 5.67 | M9: {=IF(ROW($A3)>COUNTIF(COLN,WHERE),"",INDEX(QTE.HA,SMALL(IF(COLN=WHERE,ROW(COLN)-1,""),ROW($A3))))} -> 168 | N9: {=IF(ROW($A3)>COUNTIF(COLN,WHERE),"",INDEX(MONTANT,SMALL(IF(COLN=WHERE,ROW(COLN)-1,""),ROW($A3))))} -> 247.47882 | Q9: 2015 | R9: GEL
I10: {=IF(ROW($A4)>COUNTIF(COLN,WHERE),"",INDEX(DATE,SMALL(IF(COLN=WHERE,ROW(COLN)-1,""),ROW($A4))))} -> 41207 | J10: {=IF(ROW($A4)>COUNTIF(COLN,WHERE),"",INDEX(categorie,SMALL(IF(COLN=WHERE,ROW(COLN)-1,""),ROW($A4))))} -> SEMENCES | K10: {=IF(ROW($A4)>COUNTIF(COLN,WHERE),"",INDEX(PRODUIT,SMALL(IF(COLN=WHERE,ROW(COLN)-1,""),ROW($A4))))} -> Miradoux Certifiées | L10: {=IF(ROW($A4)>COUNTIF(COLN,WHERE),"",INDEX(NB.HA,SMALL(IF(COLN=WHERE,ROW(COLN)-1,""),ROW($A4))))} -> 5.67 | M10: {=IF(ROW($A4)>COUNTIF(COLN,WHERE),"",INDEX(QTE.HA,SMALL(IF(COLN=WHERE,ROW(COLN)-1,""),ROW($A4))))} -> 168 | N10: {=IF(ROW($A4)>COUNTIF(COLN,WHERE),"",INDEX(MONTANT,SMALL(IF(COLN=WHERE,ROW(COLN)-1,""),ROW($A4))))} -> 766.8108 | R10: SOJA
D11: SURFACE | F11: =VLOOKUP(WHERE,PARCELLAIRE!$C$2:$F$29,3,FALSE) -> #N/A | I11: {=IF(ROW($A5)>COUNTIF(COLN,WHERE),"",INDEX(DATE,SMALL(IF(COLN=WHERE,ROW(COLN)-1,""),ROW($A5))))} -> 41324 | J11: {=IF(ROW($A5)>COUNTIF(COLN,WHERE),"",INDEX(categorie,SMALL(IF(COLN=WHERE,ROW(COLN)-1,""),ROW($A5))))} -> ENGRAIS | K11: {=IF(ROW($A5)>COUNTIF(COLN,WHERE),"",INDEX(PRODUIT,SMALL(IF(COLN=WHERE,ROW(COLN)-1,""),ROW($A5))))} -> Urée | L11: {=IF(ROW($A5)>COUNTIF(COLN,WHERE),"",INDEX(NB.HA,SMALL(IF(COLN=WHERE,ROW(COLN)-1,""),ROW($A5))))} -> 5.67 | M11: {=IF(ROW($A5)>COUNTIF(COLN,WHERE),"",INDEX(QTE.HA,SMALL(IF(COLN=WHERE,ROW(COLN)-1,""),ROW($A5))))} -> 150 | N11: {=IF(ROW($A5)>COUNTIF(COLN,WHERE),"",INDEX(MONTANT,SMALL(IF(COLN=WHERE,ROW(COLN)-1,""),ROW($A5))))} -> 356.22064 | R11: SORGHO
D12: VARIETE | F12: =IF($F$7=PARCELLAIRE!A2,VLOOKUP('FOCUS CULTURE'!$F$9,PARCELLAIRE!$C:$G,6,0)," ") -> #N/A | I12: {=IF(ROW($A6)>COUNTIF(COLN,WHERE),"",INDEX(DATE,SMALL(IF(COLN=WHERE,ROW(COLN)-1,""),ROW($A6))))} -> 41341 | J12: {=IF(ROW($A6)>COUNTIF(COLN,WHERE),"",INDEX(categorie,SMALL(IF(COLN=WHERE,ROW(COLN)-1,""),ROW($A6))))} -> DESHERBANT | K12: {=IF(ROW($A6)>COUNTIF(COLN,WHERE),"",INDEX(PRODUIT,SMALL(IF(COLN=WHERE,ROW(COLN)-1,""),ROW($A6))))} -> Allié SX | L12: {=IF(ROW($A6)>COUNTIF(COLN,WHERE),"",INDEX(NB.HA,SMALL(IF(COLN=WHERE,ROW(COLN)-1,""),ROW($A6))))} -> 5.67 | M12: {=IF(ROW($A6)>COUNTIF(COLN,WHERE),"",INDEX(QTE.HA,SMALL(IF(COLN=WHERE,ROW(COLN)-1,""),ROW($A6))))} -> 20 | N12: {=IF(ROW($A6)>COUNTIF(COLN,WHERE),"",INDEX(MONTANT,SMALL(IF(COLN=WHERE,ROW(COLN)-1,""),ROW($A6))))} -> 75.978 | R12: TOURNESOL
I13: {=IF(ROW($A7)>COUNTIF(COLN,WHERE),"",INDEX(DATE,SMALL(IF(COLN=WHERE,ROW(COLN)-1,""),ROW($A7))))} -> 41341 | J13: {=IF(ROW($A7)>COUNTIF(COLN,WHERE),"",INDEX(categorie,SMALL(IF(COLN=WHERE,ROW(COLN)-1,""),ROW($A7))))} -> DESHERBANT | K13: {=IF(ROW($A7)>COUNTIF(COLN,WHERE),"",INDEX(PRODUIT,SMALL(IF(COLN=WHERE,ROW(COLN)-1,""),ROW($A7))))} -> Actual Pratic | L13: {=IF(ROW($A7)>COUNTIF(COLN,WHERE),"",INDEX(NB.HA,SMALL(IF(COLN=WHERE,ROW(COLN)-1,""),ROW($A7))))} -> 5.67 | M13: {=IF(ROW($A7)>COUNTIF(COLN,WHERE),"",INDEX(QTE.HA,SMALL(IF(COLN=WHERE,ROW(COLN)-1,""),ROW($A7))))} -> 0.9 | N13: {=IF(ROW($A7)>COUNTIF(COLN,WHERE),"",INDEX(MONTANT,SMALL(IF(COLN=WHERE,ROW(COLN)-1,""),ROW($A7))))} -> 158.193
D14: TOTAL UTILISATIONS | F14: =SUM(N7:N37) -> 3280.1975 | I14: {=IF(ROW($A8)>COUNTIF(COLN,WHERE),"",INDEX(DATE,SMALL(IF(COLN=WHERE,ROW(COLN)-1,""),ROW($A8))))} -> 41347 | J14: {=IF(ROW($A8)>COUNTIF(COLN,WHERE),"",INDEX(categorie,SMALL(IF(COLN=WHERE,ROW(COLN)-1,""),ROW($A8))))} -> ENGRAIS | K14: {=IF(ROW($A8)>COUNTIF(COLN,WHERE),"",INDEX(PRODUIT,SMALL(IF(COLN=WHERE,ROW(COLN)-1,""),ROW($A8))))} -> Urée | L14: {=IF(ROW($A8)>COUNTIF(COLN,WHERE),"",INDEX(NB.HA,SMALL(IF(COLN=WHERE,ROW(COLN)-1,""),ROW($A8))))} -> 5.67 | M14: {=IF(ROW($A8)>COUNTIF(COLN,WHERE),"",INDEX(QTE.HA,SMALL(IF(COLN=WHERE,ROW(COLN)-1,""),ROW($A8))))} -> 180 | N14: {=IF(ROW($A8)>COUNTIF(COLN,WHERE),"",INDEX(MONTANT,SMALL(IF(COLN=WHERE,ROW(COLN)-1,""),ROW($A8))))} -> 427.46477
E15: SEMENCES | F15: =SUMIF($J$7:$J$36,E15,$N$7:$N$36) -> 1014.2896 | I15: {=IF(ROW($A9)>COUNTIF(COLN,WHERE),"",INDEX(DATE,SMALL(IF(COLN=WHERE,ROW(COLN)-1,""),ROW($A9))))} -> 41354 | J15: {=IF(ROW($A9)>COUNTIF(COLN,WHERE),"",INDEX(categorie,SMALL(IF(COLN=WHERE,ROW(COLN)-1,""),ROW($A9))))} -> DIVERS | K15: {=IF(ROW($A9)>COUNTIF(COLN,WHERE),"",INDEX(PRODUIT,SMALL(IF(COLN=WHERE,ROW(COLN)-1,""),ROW($A9))))} -> Effecto | L15: {=IF(ROW($A9)>COUNTIF(COLN,WHERE),"",INDEX(NB.HA,SMALL(IF(COLN=WHERE,ROW(COLN)-1,""),ROW($A9))))} -> 5.67 | M15: {=IF(ROW($A9)>COUNTIF(COLN,WHERE),"",INDEX(QTE.HA,SMALL(IF(COLN=WHERE,ROW(COLN)-1,""),ROW($A9))))} -> 3 | N15: {=IF(ROW($A9)>COUNTIF(COLN,WHERE),"",INDEX(MONTANT,SMALL(IF(COLN=WHERE,ROW(COLN)-1,""),ROW($A9))))} -> 49.329
E16: ENGRAIS | F16: =SUMIF($J$7:$J$36,E16,$N$7:$N$36) -> 1128.032 | I16: {=IF(ROW($A10)>COUNTIF(COLN,WHERE),"",INDEX(DATE,SMALL(IF(COLN=WHERE,ROW(COLN)-1,""),ROW($A10))))} -> 41379 | J16: {=IF(ROW($A10)>COUNTIF(COLN,WHERE),"",INDEX(categorie,SMALL(IF(COLN=WHERE,ROW(COLN)-1,""),ROW($A10))))} -> FONGICIDES | K16: {=IF(ROW($A10)>COUNTIF(COLN,WHERE),"",INDEX(PRODUIT,SMALL(IF(COLN=WHERE,ROW(COLN)-1,""),ROW($A10))))} -> Opus New | L16: {=IF(ROW($A10)>COUNTIF(COLN,WHERE),"",INDEX(NB.HA,SMALL(IF(COLN=WHERE,ROW(COLN)-1,""),ROW($A10))))} -> 5.67 | M16: {=IF(ROW($A10)>COUNTIF(COLN,WHERE),"",INDEX(QTE.HA,SMALL(IF(COLN=WHERE,ROW(COLN)-1,""),ROW($A10))))} -> 0.6 | N16: {=IF(ROW($A10)>COUNTIF(COLN,WHERE),"",INDEX(MONTANT,SMALL(IF(COLN=WHERE,ROW(COLN)-1,""),ROW($A10))))} -> 105.15582
E17: DESHERBANT | F17: =SUMIF($J$7:$J$36,E17,$N$7:$N$36) -> 262.17032 | I17: {=IF(ROW($A11)>COUNTIF(COLN,WHERE),"",INDEX(DATE,SMALL(IF(COLN=WHERE,ROW(COLN)-1,""),ROW($A11))))} -> 41379 | J17: {=IF(ROW($A11)>COUNTIF(COLN,WHERE),"",INDEX(categorie,SMALL(IF(COLN=WHERE,ROW(COLN)-1,""),ROW($A11))))} -> FONGICIDES | K17: {=IF(ROW($A11)>COUNTIF(COLN,WHERE),"",INDEX(PRODUIT,SMALL(IF(COLN=WHERE,ROW(COLN)-1,""),ROW($A11))))} -> Mirage | L17: {=IF(ROW($A11)>COUNTIF(COLN,WHERE),"",INDEX(NB.HA,SMALL(IF(COLN=WHERE,ROW(COLN)-1,""),ROW($A11))))} -> 5.67 | M17: {=IF(ROW($A11)>COUNTIF(COLN,WHERE),"",INDEX(QTE.HA,SMALL(IF(COLN=WHERE,ROW(COLN)-1,""),ROW($A11))))} -> 0.7 | N17: {=IF(ROW($A11)>COUNTIF(COLN,WHERE),"",INDEX(MONTANT,SMALL(IF(COLN=WHERE,ROW(COLN)-1,""),ROW($A11))))} -> 35.721
E18: FONGICIDES | F18: =SUMIF($J$7:$J$36,E18,$N$7:$N$36) -> 530.40582 | I18: {=IF(ROW($A12)>COUNTIF(COLN,WHERE),"",INDEX(DATE,SMALL(IF(COLN=WHERE,ROW(COLN)-1,""),ROW($A12))))} -> 41379 | J18: {=IF(ROW($A12)>COUNTIF(COLN,WHERE),"",INDEX(categorie,SMALL(IF(COLN=WHERE,ROW(COLN)-1,""),ROW($A12))))} -> DIVERS | K18: {=IF(ROW($A12)>COUNTIF(COLN,WHERE),"",INDEX(PRODUIT,SMALL(IF(COLN=WHERE,ROW(COLN)-1,""),ROW($A12))))} -> Heliosol | L18: {=IF(ROW($A12)>COUNTIF(COLN,WHERE),"",INDEX(NB.HA,SMALL(IF(COLN=WHERE,ROW(COLN)-1,""),ROW($A12))))} -> 5.67 | M18: {=IF(ROW($A12)>COUNTIF(COLN,WHERE),"",INDEX(QTE.HA,SMALL(IF(COLN=WHERE,ROW(COLN)-1,""),ROW($A12))))} -> 0.2 | N18: {=IF(ROW($A12)>COUNTIF(COLN,WHERE),"",INDEX(MONTANT,SMALL(IF(COLN=WHERE,ROW(COLN)-1,""),ROW($A12))))} -> 12.48534
E19: INSECTICIDE | F19: =SUMIF($J$7:$J$36,E19,$N$7:$N$36) -> 0 | I19: {=IF(ROW($A13)>COUNTIF(COLN,WHERE),"",INDEX(DATE,SMALL(IF(COLN=WHERE,ROW(COLN)-1,""),ROW($A13))))} -> 41389 | J19: {=IF(ROW($A13)>COUNTIF(COLN,WHERE),"",INDEX(categorie,SMALL(IF(COLN=WHERE,ROW(COLN)-1,""),ROW($A13))))} -> ENGRAIS | K19: {=IF(ROW($A13)>COUNTIF(COLN,WHERE),"",INDEX(PRODUIT,SMALL(IF(COLN=WHERE,ROW(COLN)-1,""),ROW($A13))))} -> Urée | L19: {=IF(ROW($A13)>COUNTIF(COLN,WHERE),"",INDEX(NB.HA,SMALL(IF(COLN=WHERE,ROW(COLN)-1,""),ROW($A13))))} -> 5.67 | M19: {=IF(ROW($A13)>COUNTIF(COLN,WHERE),"",INDEX(QTE.HA,SMALL(IF(COLN=WHERE,ROW(COLN)-1,""),ROW($A13))))} -> 145 | N19: {=IF(ROW($A13)>COUNTIF(COLN,WHERE),"",INDEX(MONTANT,SMALL(IF(COLN=WHERE,ROW(COLN)-1,""),ROW($A13))))} -> 344.34662
D20: COÛT/HA | F20: =F14/F11 -> #N/A | I20: {=IF(ROW($A14)>COUNTIF(COLN,WHERE),"",INDEX(DATE,SMALL(IF(COLN=WHERE,ROW(COLN)-1,""),ROW($A14))))} -> 41396 | J20: {=IF(ROW($A14)>COUNTIF(COLN,WHERE),"",INDEX(categorie,SMALL(IF(COLN=WHERE,ROW(COLN)-1,""),ROW($A14))))} -> FONGICIDES | K20: {=IF(ROW($A14)>COUNTIF(COLN,WHERE),"",INDEX(PRODUIT,SMALL(IF(COLN=WHERE,ROW(COLN)-1,""),ROW($A14))))} -> Acanto | L20: {=IF(ROW($A14)>COUNTIF(COLN,WHERE),"",INDEX(NB.HA,SMALL(IF(COLN=WHERE,ROW(COLN)-1,""),ROW($A14))))} -> 5.67 | M20: {=IF(ROW($A14)>COUNTIF(COLN,WHERE),"",INDEX(QTE.HA,SMALL(IF(COLN=WHERE,ROW(COLN)-1,""),ROW($A14))))} -> 0.3 | N20: {=IF(ROW($A14)>COUNTIF(COLN,WHERE),"",INDEX(MONTANT,SMALL(IF(COLN=WHERE,ROW(COLN)-1,""),ROW($A14))))} -> 62.937
I21: {=IF(ROW($A15)>COUNTIF(COLN,WHERE),"",INDEX(DATE,SMALL(IF(COLN=WHERE,ROW(COLN)-1,""),ROW($A15))))} -> 41396 | J21: {=IF(ROW($A15)>COUNTIF(COLN,WHERE),"",INDEX(categorie,SMALL(IF(COLN=WHERE,ROW(COLN)-1,""),ROW($A15))))} -> FONGICIDES | K21: {=IF(ROW($A15)>COUNTIF(COLN,WHERE),"",INDEX(PRODUIT,SMALL(IF(COLN=WHERE,ROW(COLN)-1,""),ROW($A15))))} -> Pixel | L21: {=IF(ROW($A15)>COUNTIF(COLN,WHERE),"",INDEX(NB.HA,SMALL(IF(COLN=WHERE,ROW(COLN)-1,""),ROW($A15))))} -> 5.67 | M21: {=IF(ROW($A15)>COUNTIF(COLN,WHERE),"",INDEX(QTE.HA,SMALL(IF(COLN=WHERE,ROW(COLN)-1,""),ROW($A15))))} -> 1 | N21: {=IF(ROW($A15)>COUNTIF(COLN,WHERE),"",INDEX(MONTANT,SMALL(IF(COLN=WHERE,ROW(COLN)-1,""),ROW($A15))))} -> 81.648
I22: {=IF(ROW($A16)>COUNTIF(COLN,WHERE),"",INDEX(DATE,SMALL(IF(COLN=WHERE,ROW(COLN)-1,""),ROW($A16))))} -> 41421 | J22: {=IF(ROW($A16)>COUNTIF(COLN,WHERE),"",INDEX(categorie,SMALL(IF(COLN=WHERE,ROW(COLN)-1,""),ROW($A16))))} -> FONGICIDES | K22: {=IF(ROW($A16)>COUNTIF(COLN,WHERE),"",INDEX(PRODUIT,SMALL(IF(COLN=WHERE,ROW(COLN)-1,""),ROW($A16))))} -> Kestrel | L22: {=IF(ROW($A16)>COUNTIF(COLN,WHERE),"",INDEX(NB.HA,SMALL(IF(COLN=WHERE,ROW(COLN)-1,""),ROW($A16))))} -> 5.67 | M22: {=IF(ROW($A16)>COUNTIF(COLN,WHERE),"",INDEX(QTE.HA,SMALL(IF(COLN=WHERE,ROW(COLN)-1,""),ROW($A16))))} -> 0.8 | N22: {=IF(ROW($A16)>COUNTIF(COLN,WHERE),"",INDEX(MONTANT,SMALL(IF(COLN=WHERE,ROW(COLN)-1,""),ROW($A16))))} -> 244.944
I23: {=IF(ROW($A17)>COUNTIF(COLN,WHERE),"",INDEX(DATE,SMALL(IF(COLN=WHERE,ROW(COLN)-1,""),ROW($A17))))} -> 41479 | J23: {=IF(ROW($A17)>COUNTIF(COLN,WHERE),"",INDEX(categorie,SMALL(IF(COLN=WHERE,ROW(COLN)-1,""),ROW($A17))))} -> RECOLTE | K23: {=IF(ROW($A17)>COUNTIF(COLN,WHERE),"",INDEX(PRODUIT,SMALL(IF(COLN=WHERE,ROW(COLN)-1,""),ROW($A17))))} -> Récolte | L23: {=IF(ROW($A17)>COUNTIF(COLN,WHERE),"",INDEX(NB.HA,SMALL(IF(COLN=WHERE,ROW(COLN)-1,""),ROW($A17))))} -> 5.67 | M23: {=IF(ROW($A17)>COUNTIF(COLN,WHERE),"",INDEX(QTE.HA,SMALL(IF(COLN=WHERE,ROW(COLN)-1,""),ROW($A17))))} -> 47.795414 | N23: {=IF(ROW($A17)>COUNTIF(COLN,WHERE),"",INDEX(MONTANT,SMALL(IF(COLN=WHERE,ROW(COLN)-1,""),ROW($A17))))} -> 271
I24: {=IF(ROW($A18)>COUNTIF(COLN,WHERE),"",INDEX(DATE,SMALL(IF(COLN=WHERE,ROW(COLN)-1,""),ROW($A18))))} | J24: {=IF(ROW($A18)>COUNTIF(COLN,WHERE),"",INDEX(categorie,SMALL(IF(COLN=WHERE,ROW(COLN)-1,""),ROW($A18))))} | K24: {=IF(ROW($A18)>COUNTIF(COLN,WHERE),"",INDEX(PRODUIT,SMALL(IF(COLN=WHERE,ROW(COLN)-1,""),ROW($A18))))} | L24: {=IF(ROW($A18)>COUNTIF(COLN,WHERE),"",INDEX(NB.HA,SMALL(IF(COLN=WHERE,ROW(COLN)-1,""),ROW($A18))))} | M24: {=IF(ROW($A18)>COUNTIF(COLN,WHERE),"",INDEX(QTE.HA,SMALL(IF(COLN=WHERE,ROW(COLN)-1,""),ROW($A18))))} | N24: {=IF(ROW($A18)>COUNTIF(COLN,WHERE),"",INDEX(MONTANT,SMALL(IF(COLN=WHERE,ROW(COLN)-1,""),ROW($A18))))}
I25: {=IF(ROW($A19)>COUNTIF(COLN,WHERE),"",INDEX(DATE,SMALL(IF(COLN=WHERE,ROW(COLN)-1,""),ROW($A19))))} | J25: {=IF(ROW($A19)>COUNTIF(COLN,WHERE),"",INDEX(categorie,SMALL(IF(COLN=WHERE,ROW(COLN)-1,""),ROW($A19))))} | K25: {=IF(ROW($A19)>COUNTIF(COLN,WHERE),"",INDEX(PRODUIT,SMALL(IF(COLN=WHERE,ROW(COLN)-1,""),ROW($A19))))} | L25: {=IF(ROW($A19)>COUNTIF(COLN,WHERE),"",INDEX(NB.HA,SMALL(IF(COLN=WHERE,ROW(COLN)-1,""),ROW($A19))))} | M25: {=IF(ROW($A19)>COUNTIF(COLN,WHERE),"",INDEX(QTE.HA,SMALL(IF(COLN=WHERE,ROW(COLN)-1,""),ROW($A19))))} | N25: {=IF(ROW($A19)>COUNTIF(COLN,WHERE),"",INDEX(MONTANT,SMALL(IF(COLN=WHERE,ROW(COLN)-1,""),ROW($A19))))}
I26: {=IF(ROW($A20)>COUNTIF(COLN,WHERE),"",INDEX(DATE,SMALL(IF(COLN=WHERE,ROW(COLN)-1,""),ROW($A20))))} | J26: {=IF(ROW($A20)>COUNTIF(COLN,WHERE),"",INDEX(categorie,SMALL(IF(COLN=WHERE,ROW(COLN)-1,""),ROW($A20))))} | K26: {=IF(ROW($A20)>COUNTIF(COLN,WHERE),"",INDEX(PRODUIT,SMALL(IF(COLN=WHERE,ROW(COLN)-1,""),ROW($A20))))} | L26: {=IF(ROW($A20)>COUNTIF(COLN,WHERE),"",INDEX(NB.HA,SMALL(IF(COLN=WHERE,ROW(COLN)-1,""),ROW($A20))))} | M26: {=IF(ROW($A20)>COUNTIF(COLN,WHERE),"",INDEX(QTE.HA,SMALL(IF(COLN=WHERE,ROW(COLN)-1,""),ROW($A20))))} | N26: {=IF(ROW($A20)>COUNTIF(COLN,WHERE),"",INDEX(MONTANT,SMALL(IF(COLN=WHERE,ROW(COLN)-1,""),ROW($A20))))}
I27: {=IF(ROW($A21)>COUNTIF(COLN,WHERE),"",INDEX(DATE,SMALL(IF(COLN=WHERE,ROW(COLN)-1,""),ROW($A21))))} | J27: {=IF(ROW($A21)>COUNTIF(COLN,WHERE),"",INDEX(categorie,SMALL(IF(COLN=WHERE,ROW(COLN)-1,""),ROW($A21))))} | K27: {=IF(ROW($A21)>COUNTIF(COLN,WHERE),"",INDEX(PRODUIT,SMALL(IF(COLN=WHERE,ROW(COLN)-1,""),ROW($A21))))} | L27: {=IF(ROW($A21)>COUNTIF(COLN,WHERE),"",INDEX(NB.HA,SMALL(IF(COLN=WHERE,ROW(COLN)-1,""),ROW($A21))))} | M27: {=IF(ROW($A21)>COUNTIF(COLN,WHERE),"",INDEX(QTE.HA,SMALL(IF(COLN=WHERE,ROW(COLN)-1,""),ROW($A21))))} | N27: {=IF(ROW($A21)>COUNTIF(COLN,WHERE),"",INDEX(MONTANT,SMALL(IF(COLN=WHERE,ROW(COLN)-1,""),ROW($A21))))}
I28: {=IF(ROW($A22)>COUNTIF(COLN,WHERE),"",INDEX(DATE,SMALL(IF(COLN=WHERE,ROW(COLN)-1,""),ROW($A22))))} | J28: {=IF(ROW($A22)>COUNTIF(COLN,WHERE),"",INDEX(categorie,SMALL(IF(COLN=WHERE,ROW(COLN)-1,""),ROW($A22))))} | K28: {=IF(ROW($A22)>COUNTIF(COLN,WHERE),"",INDEX(PRODUIT,SMALL(IF(COLN=WHERE,ROW(COLN)-1,""),ROW($A22))))} | L28: {=IF(ROW($A22)>COUNTIF(COLN,WHERE),"",INDEX(NB.HA,SMALL(IF(COLN=WHERE,ROW(COLN)-1,""),ROW($A22))))} | M28: {=IF(ROW($A22)>COUNTIF(COLN,WHERE),"",INDEX(QTE.HA,SMALL(IF(COLN=WHERE,ROW(COLN)-1,""),ROW($A22))))} | N28: {=IF(ROW($A22)>COUNTIF(COLN,WHERE),"",INDEX(MONTANT,SMALL(IF(COLN=WHERE,ROW(COLN)-1,""),ROW($A22))))}
I29: {=IF(ROW($A23)>COUNTIF(COLN,WHERE),"",INDEX(DATE,SMALL(IF(COLN=WHERE,ROW(COLN)-1,""),ROW($A23))))} | J29: {=IF(ROW($A23)>COUNTIF(COLN,WHERE),"",INDEX(categorie,SMALL(IF(COLN=WHERE,ROW(COLN)-1,""),ROW($A23))))} | K29: {=IF(ROW($A23)>COUNTIF(COLN,WHERE),"",INDEX(PRODUIT,SMALL(IF(COLN=WHERE,ROW(COLN)-1,""),ROW($A23))))} | L29: {=IF(ROW($A23)>COUNTIF(COLN,WHERE),"",INDEX(NB.HA,SMALL(IF(COLN=WHERE,ROW(COLN)-1,""),ROW($A23))))} | M29: {=IF(ROW($A23)>COUNTIF(COLN,WHERE),"",INDEX(QTE.HA,SMALL(IF(COLN=WHERE,ROW(COLN)-1,""),ROW($A23))))} | N29: {=IF(ROW($A23)>COUNTIF(COLN,WHERE),"",INDEX(MONTANT,SMALL(IF(COLN=WHERE,ROW(COLN)-1,""),ROW($A23))))}
E30: RENDEMENT (q/ha) | F30: 60 | I30: {=IF(ROW($A24)>COUNTIF(COLN,WHERE),"",INDEX(DATE,SMALL(IF(COLN=WHERE,ROW(COLN)-1,""),ROW($A24))))} | J30: {=IF(ROW($A24)>COUNTIF(COLN,WHERE),"",INDEX(categorie,SMALL(IF(COLN=WHERE,ROW(COLN)-1,""),ROW($A24))))} | K30: {=IF(ROW($A24)>COUNTIF(COLN,WHERE),"",INDEX(PRODUIT,SMALL(IF(COLN=WHERE,ROW(COLN)-1,""),ROW($A24))))} | L30: {=IF(ROW($A24)>COUNTIF(COLN,WHERE),"",INDEX(NB.HA,SMALL(IF(COLN=WHERE,ROW(COLN)-1,""),ROW($A24))))} | M30: {=IF(ROW($A24)>COUNTIF(COLN,WHERE),"",INDEX(QTE.HA,SMALL(IF(COLN=WHERE,ROW(COLN)-1,""),ROW($A24))))} | N30: {=IF(ROW($A24)>COUNTIF(COLN,WHERE),"",INDEX(MONTANT,SMALL(IF(COLN=WHERE,ROW(COLN)-1,""),ROW($A24))))}
E31: VENTES (€/T) | F31: 190 | I31: {=IF(ROW($A25)>COUNTIF(COLN,WHERE),"",INDEX(DATE,SMALL(IF(COLN=WHERE,ROW(COLN)-1,""),ROW($A25))))} | J31: {=IF(ROW($A25)>COUNTIF(COLN,WHERE),"",INDEX(categorie,SMALL(IF(COLN=WHERE,ROW(COLN)-1,""),ROW($A25))))} | K31: {=IF(ROW($A25)>COUNTIF(COLN,WHERE),"",INDEX(PRODUIT,SMALL(IF(COLN=WHERE,ROW(COLN)-1,""),ROW($A25))))} | L31: {=IF(ROW($A25)>COUNTIF(COLN,WHERE),"",INDEX(NB.HA,SMALL(IF(COLN=WHERE,ROW(COLN)-1,""),ROW($A25))))} | M31: {=IF(ROW($A25)>COUNTIF(COLN,WHERE),"",INDEX(QTE.HA,SMALL(IF(COLN=WHERE,ROW(COLN)-1,""),ROW($A25))))} | N31: {=IF(ROW($A25)>COUNTIF(COLN,WHERE),"",INDEX(MONTANT,SMALL(IF(COLN=WHERE,ROW(COLN)-1,""),ROW($A25))))}
E32: AIDES PAC (€/ha) | I32: {=IF(ROW($A26)>COUNTIF(COLN,WHERE),"",INDEX(DATE,SMALL(IF(COLN=WHERE,ROW(COLN)-1,""),ROW($A26))))} | J32: {=IF(ROW($A26)>COUNTIF(COLN,WHERE),"",INDEX(categorie,SMALL(IF(COLN=WHERE,ROW(COLN)-1,""),ROW($A26))))} | K32: {=IF(ROW($A26)>COUNTIF(COLN,WHERE),"",INDEX(PRODUIT,SMALL(IF(COLN=WHERE,ROW(COLN)-1,""),ROW($A26))))} | L32: {=IF(ROW($A26)>COUNTIF(COLN,WHERE),"",INDEX(NB.HA,SMALL(IF(COLN=WHERE,ROW(COLN)-1,""),ROW($A26))))} | M32: {=IF(ROW($A26)>COUNTIF(COLN,WHERE),"",INDEX(QTE.HA,SMALL(IF(COLN=WHERE,ROW(COLN)-1,""),ROW($A26))))} | N32: {=IF(ROW($A26)>COUNTIF(COLN,WHERE),"",INDEX(MONTANT,SMALL(IF(COLN=WHERE,ROW(COLN)-1,""),ROW($A26))))}
D33: PRODUIT (€/ha) | F33: =((((F30*F11)/10)*F31)+(F32*F11))/F11 -> #N/A | I33: {=IF(ROW($A27)>COUNTIF(COLN,WHERE),"",INDEX(DATE,SMALL(IF(COLN=WHERE,ROW(COLN)-1,""),ROW($A27))))} | J33: {=IF(ROW($A27)>COUNTIF(COLN,WHERE),"",INDEX(categorie,SMALL(IF(COLN=WHERE,ROW(COLN)-1,""),ROW($A27))))} | K33: {=IF(ROW($A27)>COUNTIF(COLN,WHERE),"",INDEX(PRODUIT,SMALL(IF(COLN=WHERE,ROW(COLN)-1,""),ROW($A27))))} | L33: {=IF(ROW($A27)>COUNTIF(COLN,WHERE),"",INDEX(NB.HA,SMALL(IF(COLN=WHERE,ROW(COLN)-1,""),ROW($A27))))} | M33: {=IF(ROW($A27)>COUNTIF(COLN,WHERE),"",INDEX(QTE.HA,SMALL(IF(COLN=WHERE,ROW(COLN)-1,""),ROW($A27))))} | N33: {=IF(ROW($A27)>COUNTIF(COLN,WHERE),"",INDEX(MONTANT,SMALL(IF(COLN=WHERE,ROW(COLN)-1,""),ROW($A27))))}
I34: {=IF(ROW($A28)>COUNTIF(COLN,WHERE),"",INDEX(DATE,SMALL(IF(COLN=WHERE,ROW(COLN)-1,""),ROW($A28))))} | J34: {=IF(ROW($A28)>COUNTIF(COLN,WHERE),"",INDEX(categorie,SMALL(IF(COLN=WHERE,ROW(COLN)-1,""),ROW($A28))))} | K34: {=IF(ROW($A28)>COUNTIF(COLN,WHERE),"",INDEX(PRODUIT,SMALL(IF(COLN=WHERE,ROW(COLN)-1,""),ROW($A28))))} | L34: {=IF(ROW($A28)>COUNTIF(COLN,WHERE),"",INDEX(NB.HA,SMALL(IF(COLN=WHERE,ROW(COLN)-1,""),ROW($A28))))} | M34: {=IF(ROW($A28)>COUNTIF(COLN,WHERE),"",INDEX(QTE.HA,SMALL(IF(COLN=WHERE,ROW(COLN)-1,""),ROW($A28))))} | N34: {=IF(ROW($A28)>COUNTIF(COLN,WHERE),"",INDEX(MONTANT,SMALL(IF(COLN=WHERE,ROW(COLN)-1,""),ROW($A28))))}
D35: MARGE BRUTE | F35: =(F33*F11)-F14 -> #N/A | I35: {=IF(ROW($A29)>COUNTIF(COLN,WHERE),"",INDEX(DATE,SMALL(IF(COLN=WHERE,ROW(COLN)-1,""),ROW($A29))))} | J35: {=IF(ROW($A29)>COUNTIF(COLN,WHERE),"",INDEX(categorie,SMALL(IF(COLN=WHERE,ROW(COLN)-1,""),ROW($A29))))} | K35: {=IF(ROW($A29)>COUNTIF(COLN,WHERE),"",INDEX(PRODUIT,SMALL(IF(COLN=WHERE,ROW(COLN)-1,""),ROW($A29))))} | L35: {=IF(ROW($A29)>COUNTIF(COLN,WHERE),"",INDEX(NB.HA,SMALL(IF(COLN=WHERE,ROW(COLN)-1,""),ROW($A29))))} | M35: {=IF(ROW($A29)>COUNTIF(COLN,WHERE),"",INDEX(QTE.HA,SMALL(IF(COLN=WHERE,ROW(COLN)-1,""),ROW($A29))))} | N35: {=IF(ROW($A29)>COUNTIF(COLN,WHERE),"",INDEX(MONTANT,SMALL(IF(COLN=WHERE,ROW(COLN)-1,""),ROW($A29))))}
I36: {=IF(ROW($A30)>COUNTIF(COLN,WHERE),"",INDEX(DATE,SMALL(IF(COLN=WHERE,ROW(COLN)-1,""),ROW($A30))))} | J36: {=IF(ROW($A30)>COUNTIF(COLN,WHERE),"",INDEX(categorie,SMALL(IF(COLN=WHERE,ROW(COLN)-1,""),ROW($A30))))} | K36: {=IF(ROW($A30)>COUNTIF(COLN,WHERE),"",INDEX(PRODUIT,SMALL(IF(COLN=WHERE,ROW(COLN)-1,""),ROW($A30))))} | L36: {=IF(ROW($A30)>COUNTIF(COLN,WHERE),"",INDEX(NB.HA,SMALL(IF(COLN=WHERE,ROW(COLN)-1,""),ROW($A30))))} | M36: {=IF(ROW($A30)>COUNTIF(COLN,WHERE),"",INDEX(QTE.HA,SMALL(IF(COLN=WHERE,ROW(COLN)-1,""),ROW($A30))))} | N36: {=IF(ROW($A30)>COUNTIF(COLN,WHERE),"",INDEX(MONTANT,SMALL(IF(COLN=WHERE,ROW(COLN)-1,""),ROW($A30))))}

Sheet FOCUS C
C3: SYNTHÈSE PAR CULTURE
C6: CAMPAGNE | E6: 2013 | G6: PRODUIT (€/ha) | I6: =((((I7*E12)/10)*I9)+(I10*E12))/E12 -> 1540
C7: CULTURE | E7: BLE TENDRE | H7: RENDEMENT (q/ha) | I7: 60
C8: PARCELLE
C9: VARIETE | E9: SOLEIHO | H9: VENTES (€/T) | I9: 190
H10: AIDES PAC (€/ha) | I10: 400
C12: SURFACE / HA | E12: =SUMPRODUCT((paran=E6)*(parcult=E7)*(parvar=E9)*(parsurf)) -> 17.55 | G12: MARGE BRUTE | I12: =(I6*E12)-E14 -> 7082.4351
C14: TOTAL UTILISATIONS | E14: =SUM(E15:E19) -> 19944.565
D15: SEMENCES | E15: =SUMPRODUCT(--(campagne=$E$6)*(indice=1)*(categorie=D15)*(MONTANT)) -> 3427.6216
D16: ENGRAIS | E16: =SUMPRODUCT(--(campagne=$E$6)*(indice=1)*(categorie=D16)*(MONTANT)) -> 9859.1278
D17: DESHERBANT | E17: =SUMPRODUCT(--(campagne=$E$6)*(indice=1)*(categorie=D17)*(MONTANT)) -> 5301.3099
D18: FONGICIDES | E18: =SUMPRODUCT(--(campagne=$E$6)*(indice=1)*(categorie=D18)*(MONTANT)) -> 1356.5056
D19: INSECTICIDE | E19: =SUMPRODUCT(--(campagne=$E$6)*(indice=1)*(categorie=D19)*(MONTANT)) -> 0
C20: COÛT/HA | E20: =E14/E12 -> 1136.4424

Sheet FOCUS PARCELLE
C3: SYNTHESE UTILISATIONS / PARCELLE
I6: DATE | J6: CATEGORIE | K6: PRODUIT | L6: SURFACE | M6: QTE/HA | N6: MONTANT €
D7: CAMPAGNE | F7: 2013 | I7: {=IF(ROW($A1)>COUNTIF(COLN,WHERE),"",INDEX(DATE,SMALL(IF(COLN=WHERE,ROW(COLN)-1,""),ROW($A1))))} -> 41113 | J7: {=IF(ROW($A1)>COUNTIF(COLN,WHERE),"",INDEX(categorie,SMALL(IF(COLN=WHERE,ROW(COLN)-1,""),ROW($A1))))} -> ENGRAIS | K7: {=IF(ROW($A1)>COUNTIF(COLN,WHERE),"",INDEX(PRODUIT,SMALL(IF(COLN=WHERE,ROW(COLN)-1,""),ROW($A1))))} -> Physiolith | L7: {=IF(ROW($A1)>COUNTIF(COLN,WHERE),"",INDEX(NB.HA,SMALL(IF(COLN=WHERE,ROW(COLN)-1,""),ROW($A1))))} -> 17.55 | M7: {=IF(ROW($A1)>COUNTIF(COLN,WHERE),"",INDEX(QTE.HA,SMALL(IF(COLN=WHERE,ROW(COLN)-1,""),ROW($A1))))} -> 600 | N7: {=IF(ROW($A1)>COUNTIF(COLN,WHERE),"",INDEX(MONTANT,SMALL(IF(COLN=WHERE,ROW(COLN)-1,""),ROW($A1))))} -> 2271.1295
D8: PARCELLE | F8: Labaou Plaine | I8: {=IF(ROW($A2)>COUNTIF(COLN,WHERE),"",INDEX(DATE,SMALL(IF(COLN=WHERE,ROW(COLN)-1,""),ROW($A2))))} -> 41177 | J8: {=IF(ROW($A2)>COUNTIF(COLN,WHERE),"",INDEX(categorie,SMALL(IF(COLN=WHERE,ROW(COLN)-1,""),ROW($A2))))} -> ENGRAIS | K8: {=IF(ROW($A2)>COUNTIF(COLN,WHERE),"",INDEX(PRODUIT,SMALL(IF(COLN=WHERE,ROW(COLN)-1,""),ROW($A2))))} -> Terragral | L8: {=IF(ROW($A2)>COUNTIF(COLN,WHERE),"",INDEX(NB.HA,SMALL(IF(COLN=WHERE,ROW(COLN)-1,""),ROW($A2))))} -> 17.55 | M8: {=IF(ROW($A2)>COUNTIF(COLN,WHERE),"",INDEX(QTE.HA,SMALL(IF(COLN=WHERE,ROW(COLN)-1,""),ROW($A2))))} -> 545 | N8: {=IF(ROW($A2)>COUNTIF(COLN,WHERE),"",INDEX(MONTANT,SMALL(IF(COLN=WHERE,ROW(COLN)-1,""),ROW($A2))))} -> 2104.245
I9: {=IF(ROW($A3)>COUNTIF(COLN,WHERE),"",INDEX(DATE,SMALL(IF(COLN=WHERE,ROW(COLN)-1,""),ROW($A3))))} -> 41205 | J9: {=IF(ROW($A3)>COUNTIF(COLN,WHERE),"",INDEX(categorie,SMALL(IF(COLN=WHERE,ROW(COLN)-1,""),ROW($A3))))} -> DESHERBANT | K9: {=IF(ROW($A3)>COUNTIF(COLN,WHERE),"",INDEX(PRODUIT,SMALL(IF(COLN=WHERE,ROW(COLN)-1,""),ROW($A3))))} -> Glyphosate | L9: {=IF(ROW($A3)>COUNTIF(COLN,WHERE),"",INDEX(NB.HA,SMALL(IF(COLN=WHERE,ROW(COLN)-1,""),ROW($A3))))} -> 17.55 | M9: {=IF(ROW($A3)>COUNTIF(COLN,WHERE),"",INDEX(QTE.HA,SMALL(IF(COLN=WHERE,ROW(COLN)-1,""),ROW($A3))))} -> 1 | N9: {=IF(ROW($A3)>COUNTIF(COLN,WHERE),"",INDEX(MONTANT,SMALL(IF(COLN=WHERE,ROW(COLN)-1,""),ROW($A3))))} -> 86.664571
D10: SURFACE | F10: =VLOOKUP(WHERE,PARCELLAIRE!$D$2:$F$29,3,FALSE) -> 17.55 | I10: {=IF(ROW($A4)>COUNTIF(COLN,WHERE),"",INDEX(DATE,SMALL(IF(COLN=WHERE,ROW(COLN)-1,""),ROW($A4))))} -> 41205 | J10: {=IF(ROW($A4)>COUNTIF(COLN,WHERE),"",INDEX(categorie,SMALL(IF(COLN=WHERE,ROW(COLN)-1,""),ROW($A4))))} -> DIVERS | K10: {=IF(ROW($A4)>COUNTIF(COLN,WHERE),"",INDEX(PRODUIT,SMALL(IF(COLN=WHERE,ROW(COLN)-1,""),ROW($A4))))} -> Heliosol | L10: {=IF(ROW($A4)>COUNTIF(COLN,WHERE),"",INDEX(NB.HA,SMALL(IF(COLN=WHERE,ROW(COLN)-1,""),ROW($A4))))} -> 17.55 | M10: {=IF(ROW($A4)>COUNTIF(COLN,WHERE),"",INDEX(QTE.HA,SMALL(IF(COLN=WHERE,ROW(COLN)-1,""),ROW($A4))))} -> 0.2 | N10: {=IF(ROW($A4)>COUNTIF(COLN,WHERE),"",INDEX(MONTANT,SMALL(IF(COLN=WHERE,ROW(COLN)-1,""),ROW($A4))))} -> 38.6451
D11: CULTURE | F11: =IF(WHEN=UTILISATIONS!A:A,INDEX(PARCELLAIRE!A:D,MATCH(WHERE,PARCELLAIRE!D:D,2),0)) -> #VALUE! | I11: {=IF(ROW($A5)>COUNTIF(COLN,WHERE),"",INDEX(DATE,SMALL(IF(COLN=WHERE,ROW(COLN)-1,""),ROW($A5))))} -> 41206 | J11: {=IF(ROW($A5)>COUNTIF(COLN,WHERE),"",INDEX(categorie,SMALL(IF(COLN=WHERE,ROW(COLN)-1,""),ROW($A5))))} -> SEMENCES | K11: {=IF(ROW($A5)>COUNTIF(COLN,WHERE),"",INDEX(PRODUIT,SMALL(IF(COLN=WHERE,ROW(COLN)-1,""),ROW($A5))))} -> Soleiho Certifiées | L11: {=IF(ROW($A5)>COUNTIF(COLN,WHERE),"",INDEX(NB.HA,SMALL(IF(COLN=WHERE,ROW(COLN)-1,""),ROW($A5))))} -> 17.55 | M11: {=IF(ROW($A5)>COUNTIF(COLN,WHERE),"",INDEX(QTE.HA,SMALL(IF(COLN=WHERE,ROW(COLN)-1,""),ROW($A5))))} -> 153 | N11: {=IF(ROW($A5)>COUNTIF(COLN,WHERE),"",INDEX(MONTANT,SMALL(IF(COLN=WHERE,ROW(COLN)-1,""),ROW($A5))))} -> 1932.2638
D12: VARIETE | F12: =IF(WHEN=UTILISATIONS!A:A,INDEX(PARCELLAIRE!A:D,MATCH(WHERE,PARCELLAIRE!D:D,2),0)) -> #VALUE! | I12: {=IF(ROW($A6)>COUNTIF(COLN,WHERE),"",INDEX(DATE,SMALL(IF(COLN=WHERE,ROW(COLN)-1,""),ROW($A6))))} -> 41262 | J12: {=IF(ROW($A6)>COUNTIF(COLN,WHERE),"",INDEX(categorie,SMALL(IF(COLN=WHERE,ROW(COLN)-1,""),ROW($A6))))} -> DESHERBANT | K12: {=IF(ROW($A6)>COUNTIF(COLN,WHERE),"",INDEX(PRODUIT,SMALL(IF(COLN=WHERE,ROW(COLN)-1,""),ROW($A6))))} -> Athlet | L12: {=IF(ROW($A6)>COUNTIF(COLN,WHERE),"",INDEX(NB.HA,SMALL(IF(COLN=WHERE,ROW(COLN)-1,""),ROW($A6))))} -> 17.55 | M12: {=IF(ROW($A6)>COUNTIF(COLN,WHERE),"",INDEX(QTE.HA,SMALL(IF(COLN=WHERE,ROW(COLN)-1,""),ROW($A6))))} -> 3 | N12: {=IF(ROW($A6)>COUNTIF(COLN,WHERE),"",INDEX(MONTANT,SMALL(IF(COLN=WHERE,ROW(COLN)-1,""),ROW($A6))))} -> 723.9375
I13: {=IF(ROW($A7)>COUNTIF(COLN,WHERE),"",INDEX(DATE,SMALL(IF(COLN=WHERE,ROW(COLN)-1,""),ROW($A7))))} -> 41324 | J13: {=IF(ROW($A7)>COUNTIF(COLN,WHERE),"",INDEX(categorie,SMALL(IF(COLN=WHERE,ROW(COLN)-1,""),ROW($A7))))} -> ENGRAIS | K13: {=IF(ROW($A7)>COUNTIF(COLN,WHERE),"",INDEX(PRODUIT,SMALL(IF(COLN=WHERE,ROW(COLN)-1,""),ROW($A7))))} -> Urée | L13: {=IF(ROW($A7)>COUNTIF(COLN,WHERE),"",INDEX(NB.HA,SMALL(IF(COLN=WHERE,ROW(COLN)-1,""),ROW($A7))))} -> 17.55 | M13: {=IF(ROW($A7)>COUNTIF(COLN,WHERE),"",INDEX(QTE.HA,SMALL(IF(COLN=WHERE,ROW(COLN)-1,""),ROW($A7))))} -> 150 | N13: {=IF(ROW($A7)>COUNTIF(COLN,WHERE),"",INDEX(MONTANT,SMALL(IF(COLN=WHERE,ROW(COLN)-1,""),ROW($A7))))} -> 1102.5877
D14: TOTAL UTILISATIONS | F14: =SUM(F15:F20) -> 13066.795 | I14: {=IF(ROW($A8)>COUNTIF(COLN,WHERE),"",INDEX(DATE,SMALL(IF(COLN=WHERE,ROW(COLN)-1,""),ROW($A8))))} -> 41340 | J14: {=IF(ROW($A8)>COUNTIF(COLN,WHERE),"",INDEX(categorie,SMALL(IF(COLN=WHERE,ROW(COLN)-1,""),ROW($A8))))} -> DIVERS | K14: {=IF(ROW($A8)>COUNTIF(COLN,WHERE),"",INDEX(PRODUIT,SMALL(IF(COLN=WHERE,ROW(COLN)-1,""),ROW($A8))))} -> Contreverse | L14: {=IF(ROW($A8)>COUNTIF(COLN,WHERE),"",INDEX(NB.HA,SMALL(IF(COLN=WHERE,ROW(COLN)-1,""),ROW($A8))))} -> 17.55 | M14: {=IF(ROW($A8)>COUNTIF(COLN,WHERE),"",INDEX(QTE.HA,SMALL(IF(COLN=WHERE,ROW(COLN)-1,""),ROW($A8))))} -> 3 | N14: {=IF(ROW($A8)>COUNTIF(COLN,WHERE),"",INDEX(MONTANT,SMALL(IF(COLN=WHERE,ROW(COLN)-1,""),ROW($A8))))} -> 87.399
E15: SEMENCES | F15: =SUMIF($J$7:$J$37,E15,$N$7:$N$37) -> 1932.2638 | I15: {=IF(ROW($A9)>COUNTIF(COLN,WHERE),"",INDEX(DATE,SMALL(IF(COLN=WHERE,ROW(COLN)-1,""),ROW($A9))))} -> 41340 | J15: {=IF(ROW($A9)>COUNTIF(COLN,WHERE),"",INDEX(categorie,SMALL(IF(COLN=WHERE,ROW(COLN)-1,""),ROW($A9))))} -> DIVERS | K15: {=IF(ROW($A9)>COUNTIF(COLN,WHERE),"",INDEX(PRODUIT,SMALL(IF(COLN=WHERE,ROW(COLN)-1,""),ROW($A9))))} -> Effecto | L15: {=IF(ROW($A9)>COUNTIF(COLN,WHERE),"",INDEX(NB.HA,SMALL(IF(COLN=WHERE,ROW(COLN)-1,""),ROW($A9))))} -> 17.55 | M15: {=IF(ROW($A9)>COUNTIF(COLN,WHERE),"",INDEX(QTE.HA,SMALL(IF(COLN=WHERE,ROW(COLN)-1,""),ROW($A9))))} -> 3 | N15: {=IF(ROW($A9)>COUNTIF(COLN,WHERE),"",INDEX(MONTANT,SMALL(IF(COLN=WHERE,ROW(COLN)-1,""),ROW($A9))))} -> 152.685
E16: ENGRAIS | F16: =SUMIF($J$7:$J$37,E16,$N$7:$N$37) -> 7756.6435 | I16: {=IF(ROW($A10)>COUNTIF(COLN,WHERE),"",INDEX(DATE,SMALL(IF(COLN=WHERE,ROW(COLN)-1,""),ROW($A10))))} -> 41347 | J16: {=IF(ROW($A10)>COUNTIF(COLN,WHERE),"",INDEX(categorie,SMALL(IF(COLN=WHERE,ROW(COLN)-1,""),ROW($A10))))} -> ENGRAIS | K16: {=IF(ROW($A10)>COUNTIF(COLN,WHERE),"",INDEX(PRODUIT,SMALL(IF(COLN=WHERE,ROW(COLN)-1,""),ROW($A10))))} -> Urée | L16: {=IF(ROW($A10)>COUNTIF(COLN,WHERE),"",INDEX(NB.HA,SMALL(IF(COLN=WHERE,ROW(COLN)-1,""),ROW($A10))))} -> 17.55 | M16: {=IF(ROW($A10)>COUNTIF(COLN,WHERE),"",INDEX(QTE.HA,SMALL(IF(COLN=WHERE,ROW(COLN)-1,""),ROW($A10))))} -> 180 | N16: {=IF(ROW($A10)>COUNTIF(COLN,WHERE),"",INDEX(MONTANT,SMALL(IF(COLN=WHERE,ROW(COLN)-1,""),ROW($A10))))} -> 1323.1052
E17: DESHERBANT | F17: =SUMIF($J$7:$J$37,E17,$N$7:$N$37) -> 2021.3821 | I17: {=IF(ROW($A11)>COUNTIF(COLN,WHERE),"",INDEX(DATE,SMALL(IF(COLN=WHERE,ROW(COLN)-1,""),ROW($A11))))} -> 41354 | J17: {=IF(ROW($A11)>COUNTIF(COLN,WHERE),"",INDEX(categorie,SMALL(IF(COLN=WHERE,ROW(COLN)-1,""),ROW($A11))))} -> DESHERBANT | K17: {=IF(ROW($A11)>COUNTIF(COLN,WHERE),"",INDEX(PRODUIT,SMALL(IF(COLN=WHERE,ROW(COLN)-1,""),ROW($A11))))} -> Actual Pratic | L17: {=IF(ROW($A11)>COUNTIF(COLN,WHERE),"",INDEX(NB.HA,SMALL(IF(COLN=WHERE,ROW(COLN)-1,""),ROW($A11))))} -> 17.55 | M17: {=IF(ROW($A11)>COUNTIF(COLN,WHERE),"",INDEX(QTE.HA,SMALL(IF(COLN=WHERE,ROW(COLN)-1,""),ROW($A11))))} -> 0.9 | N17: {=IF(ROW($A11)>COUNTIF(COLN,WHERE),"",INDEX(MONTANT,SMALL(IF(COLN=WHERE,ROW(COLN)-1,""),ROW($A11))))} -> 489.645
E18: FONGICIDES | F18: =SUMIF($J$7:$J$37,E18,$N$7:$N$37) -> 1356.5056 | I18: {=IF(ROW($A12)>COUNTIF(COLN,WHERE),"",INDEX(DATE,SMALL(IF(COLN=WHERE,ROW(COLN)-1,""),ROW($A12))))} -> 41358 | J18: {=IF(ROW($A12)>COUNTIF(COLN,WHERE),"",INDEX(categorie,SMALL(IF(COLN=WHERE,ROW(COLN)-1,""),ROW($A12))))} -> DESHERBANT | K18: {=IF(ROW($A12)>COUNTIF(COLN,WHERE),"",INDEX(PRODUIT,SMALL(IF(COLN=WHERE,ROW(COLN)-1,""),ROW($A12))))} -> Primus | L18: {=IF(ROW($A12)>COUNTIF(COLN,WHERE),"",INDEX(NB.HA,SMALL(IF(COLN=WHERE,ROW(COLN)-1,""),ROW($A12))))} -> 17.55 | M18: {=IF(ROW($A12)>COUNTIF(COLN,WHERE),"",INDEX(QTE.HA,SMALL(IF(COLN=WHERE,ROW(COLN)-1,""),ROW($A12))))} -> 0.057 | N18: {=IF(ROW($A12)>COUNTIF(COLN,WHERE),"",INDEX(MONTANT,SMALL(IF(COLN=WHERE,ROW(COLN)-1,""),ROW($A12))))} -> 320.112
E19: INSECTICIDE | F19: =SUMIF($J$7:$J$37,E19,$N$7:$N$37) -> 0 | I19: {=IF(ROW($A13)>COUNTIF(COLN,WHERE),"",INDEX(DATE,SMALL(IF(COLN=WHERE,ROW(COLN)-1,""),ROW($A13))))} -> 41358 | J19: {=IF(ROW($A13)>COUNTIF(COLN,WHERE),"",INDEX(categorie,SMALL(IF(COLN=WHERE,ROW(COLN)-1,""),ROW($A13))))} -> DESHERBANT | K19: {=IF(ROW($A13)>COUNTIF(COLN,WHERE),"",INDEX(PRODUIT,SMALL(IF(COLN=WHERE,ROW(COLN)-1,""),ROW($A13))))} -> Pragma | L19: {=IF(ROW($A13)>COUNTIF(COLN,WHERE),"",INDEX(NB.HA,SMALL(IF(COLN=WHERE,ROW(COLN)-1,""),ROW($A13))))} -> 17.55 | M19: {=IF(ROW($A13)>COUNTIF(COLN,WHERE),"",INDEX(QTE.HA,SMALL(IF(COLN=WHERE,ROW(COLN)-1,""),ROW($A13))))} -> 68.38 | N19: {=IF(ROW($A13)>COUNTIF(COLN,WHERE),"",INDEX(MONTANT,SMALL(IF(COLN=WHERE,ROW(COLN)-1,""),ROW($A13))))} -> 401.02306
E20: TRAVAIL DU SOL | F20: =SUMIF($J$7:$J$37,E20,$N$7:$N$37) -> 0 | I20: {=IF(ROW($A14)>COUNTIF(COLN,WHERE),"",INDEX(DATE,SMALL(IF(COLN=WHERE,ROW(COLN)-1,""),ROW($A14))))} -> 41380 | J20: {=IF(ROW($A14)>COUNTIF(COLN,WHERE),"",INDEX(categorie,SMALL(IF(COLN=WHERE,ROW(COLN)-1,""),ROW($A14))))} -> FONGICIDES | K20: {=IF(ROW($A14)>COUNTIF(COLN,WHERE),"",INDEX(PRODUIT,SMALL(IF(COLN=WHERE,ROW(COLN)-1,""),ROW($A14))))} -> Pixel | L20: {=IF(ROW($A14)>COUNTIF(COLN,WHERE),"",INDEX(NB.HA,SMALL(IF(COLN=WHERE,ROW(COLN)-1,""),ROW($A14))))} -> 17.55 | M20: {=IF(ROW($A14)>COUNTIF(COLN,WHERE),"",INDEX(QTE.HA,SMALL(IF(COLN=WHERE,ROW(COLN)-1,""),ROW($A14))))} -> 1.3 | N20: {=IF(ROW($A14)>COUNTIF(COLN,WHERE),"",INDEX(MONTANT,SMALL(IF(COLN=WHERE,ROW(COLN)-1,""),ROW($A14))))} -> 328.536
D21: COÛT/HA | F21: =F14/F10 -> 744.54673 | I21: {=IF(ROW($A15)>COUNTIF(COLN,WHERE),"",INDEX(DATE,SMALL(IF(COLN=WHERE,ROW(COLN)-1,""),ROW($A15))))} -> 41380 | J21: {=IF(ROW($A15)>COUNTIF(COLN,WHERE),"",INDEX(categorie,SMALL(IF(COLN=WHERE,ROW(COLN)-1,""),ROW($A15))))} -> FONGICIDES | K21: {=IF(ROW($A15)>COUNTIF(COLN,WHERE),"",INDEX(PRODUIT,SMALL(IF(COLN=WHERE,ROW(COLN)-1,""),ROW($A15))))} -> Mirage | L21: {=IF(ROW($A15)>COUNTIF(COLN,WHERE),"",INDEX(NB.HA,SMALL(IF(COLN=WHERE,ROW(COLN)-1,""),ROW($A15))))} -> 17.55 | M21: {=IF(ROW($A15)>COUNTIF(COLN,WHERE),"",INDEX(QTE.HA,SMALL(IF(COLN=WHERE,ROW(COLN)-1,""),ROW($A15))))} -> 0.7 | N21: {=IF(ROW($A15)>COUNTIF(COLN,WHERE),"",INDEX(MONTANT,SMALL(IF(COLN=WHERE,ROW(COLN)-1,""),ROW($A15))))} -> 110.565
I22: {=IF(ROW($A16)>COUNTIF(COLN,WHERE),"",INDEX(DATE,SMALL(IF(COLN=WHERE,ROW(COLN)-1,""),ROW($A16))))} -> 41380 | J22: {=IF(ROW($A16)>COUNTIF(COLN,WHERE),"",INDEX(categorie,SMALL(IF(COLN=WHERE,ROW(COLN)-1,""),ROW($A16))))} -> DIVERS | K22: {=IF(ROW($A16)>COUNTIF(COLN,WHERE),"",INDEX(PRODUIT,SMALL(IF(COLN=WHERE,ROW(COLN)-1,""),ROW($A16))))} -> Heliosol | L22: {=IF(ROW($A16)>COUNTIF(COLN,WHERE),"",INDEX(NB.HA,SMALL(IF(COLN=WHERE,ROW(COLN)-1,""),ROW($A16))))} -> 17.55 | M22: {=IF(ROW($A16)>COUNTIF(COLN,WHERE),"",INDEX(QTE.HA,SMALL(IF(COLN=WHERE,ROW(COLN)-1,""),ROW($A16))))} -> 0.2 | N22: {=IF(ROW($A16)>COUNTIF(COLN,WHERE),"",INDEX(MONTANT,SMALL(IF(COLN=WHERE,ROW(COLN)-1,""),ROW($A16))))} -> 38.6451
I23: {=IF(ROW($A17)>COUNTIF(COLN,WHERE),"",INDEX(DATE,SMALL(IF(COLN=WHERE,ROW(COLN)-1,""),ROW($A17))))} -> 41389 | J23: {=IF(ROW($A17)>COUNTIF(COLN,WHERE),"",INDEX(categorie,SMALL(IF(COLN=WHERE,ROW(COLN)-1,""),ROW($A17))))} -> ENGRAIS | K23: {=IF(ROW($A17)>COUNTIF(COLN,WHERE),"",INDEX(PRODUIT,SMALL(IF(COLN=WHERE,ROW(COLN)-1,""),ROW($A17))))} -> Urée | L23: {=IF(ROW($A17)>COUNTIF(COLN,WHERE),"",INDEX(NB.HA,SMALL(IF(COLN=WHERE,ROW(COLN)-1,""),ROW($A17))))} -> 17.55 | M23: {=IF(ROW($A17)>COUNTIF(COLN,WHERE),"",INDEX(QTE.HA,SMALL(IF(COLN=WHERE,ROW(COLN)-1,""),ROW($A17))))} -> 130 | N23: {=IF(ROW($A17)>COUNTIF(COLN,WHERE),"",INDEX(MONTANT,SMALL(IF(COLN=WHERE,ROW(COLN)-1,""),ROW($A17))))} -> 955.57601
I24: {=IF(ROW($A18)>COUNTIF(COLN,WHERE),"",INDEX(DATE,SMALL(IF(COLN=WHERE,ROW(COLN)-1,""),ROW($A18))))} -> 41396 | J24: {=IF(ROW($A18)>COUNTIF(COLN,WHERE),"",INDEX(categorie,SMALL(IF(COLN=WHERE,ROW(COLN)-1,""),ROW($A18))))} -> FONGICIDES | K24: {=IF(ROW($A18)>COUNTIF(COLN,WHERE),"",INDEX(PRODUIT,SMALL(IF(COLN=WHERE,ROW(COLN)-1,""),ROW($A18))))} -> Acanto | L24: {=IF(ROW($A18)>COUNTIF(COLN,WHERE),"",INDEX(NB.HA,SMALL(IF(COLN=WHERE,ROW(COLN)-1,""),ROW($A18))))} -> 17.55 | M24: {=IF(ROW($A18)>COUNTIF(COLN,WHERE),"",INDEX(QTE.HA,SMALL(IF(COLN=WHERE,ROW(COLN)-1,""),ROW($A18))))} -> 0.3 | N24: {=IF(ROW($A18)>COUNTIF(COLN,WHERE),"",INDEX(MONTANT,SMALL(IF(COLN=WHERE,ROW(COLN)-1,""),ROW($A18))))} -> 194.805
I25: {=IF(ROW($A19)>COUNTIF(COLN,WHERE),"",INDEX(DATE,SMALL(IF(COLN=WHERE,ROW(COLN)-1,""),ROW($A19))))} -> 41396 | J25: {=IF(ROW($A19)>COUNTIF(COLN,WHERE),"",INDEX(categorie,SMALL(IF(COLN=WHERE,ROW(COLN)-1,""),ROW($A19))))} -> FONGICIDES | K25: {=IF(ROW($A19)>COUNTIF(COLN,WHERE),"",INDEX(PRODUIT,SMALL(IF(COLN=WHERE,ROW(COLN)-1,""),ROW($A19))))} -> Opus New | L25: {=IF(ROW($A19)>COUNTIF(COLN,WHERE),"",INDEX(NB.HA,SMALL(IF(COLN=WHERE,ROW(COLN)-1,""),ROW($A19))))} -> 17.55 | M25: {=IF(ROW($A19)>COUNTIF(COLN,WHERE),"",INDEX(QTE.HA,SMALL(IF(COLN=WHERE,ROW(COLN)-1,""),ROW($A19))))} -> 0.6 | N25: {=IF(ROW($A19)>COUNTIF(COLN,WHERE),"",INDEX(MONTANT,SMALL(IF(COLN=WHERE,ROW(COLN)-1,""),ROW($A19))))} -> 325.4823
I26: {=IF(ROW($A20)>COUNTIF(COLN,WHERE),"",INDEX(DATE,SMALL(IF(COLN=WHERE,ROW(COLN)-1,""),ROW($A20))))} -> 41400 | J26: {=IF(ROW($A20)>COUNTIF(COLN,WHERE),"",INDEX(categorie,SMALL(IF(COLN=WHERE,ROW(COLN)-1,""),ROW($A20))))} -> DIVERS | K26: {=IF(ROW($A20)>COUNTIF(COLN,WHERE),"",INDEX(PRODUIT,SMALL(IF(COLN=WHERE,ROW(COLN)-1,""),ROW($A20))))} -> Fertilider | L26: {=IF(ROW($A20)>COUNTIF(COLN,WHERE),"",INDEX(NB.HA,SMALL(IF(COLN=WHERE,ROW(COLN)-1,""),ROW($A20))))} -> 17.55 | M26: {=IF(ROW($A20)>COUNTIF(COLN,WHERE),"",INDEX(QTE.HA,SMALL(IF(COLN=WHERE,ROW(COLN)-1,""),ROW($A20))))} -> 3 | N26: {=IF(ROW($A20)>COUNTIF(COLN,WHERE),"",INDEX(MONTANT,SMALL(IF(COLN=WHERE,ROW(COLN)-1,""),ROW($A20))))} -> 647.595
I27: {=IF(ROW($A21)>COUNTIF(COLN,WHERE),"",INDEX(DATE,SMALL(IF(COLN=WHERE,ROW(COLN)-1,""),ROW($A21))))} -> 41421 | J27: {=IF(ROW($A21)>COUNTIF(COLN,WHERE),"",INDEX(categorie,SMALL(IF(COLN=WHERE,ROW(COLN)-1,""),ROW($A21))))} -> FONGICIDES | K27: {=IF(ROW($A21)>COUNTIF(COLN,WHERE),"",INDEX(PRODUIT,SMALL(IF(COLN=WHERE,ROW(COLN)-1,""),ROW($A21))))} -> Prosaro | L27: {=IF(ROW($A21)>COUNTIF(COLN,WHERE),"",INDEX(NB.HA,SMALL(IF(COLN=WHERE,ROW(COLN)-1,""),ROW($A21))))} -> 17.55 | M27: {=IF(ROW($A21)>COUNTIF(COLN,WHERE),"",INDEX(QTE.HA,SMALL(IF(COLN=WHERE,ROW(COLN)-1,""),ROW($A21))))} -> 0.5704 | N27: {=IF(ROW($A21)>COUNTIF(COLN,WHERE),"",INDEX(MONTANT,SMALL(IF(COLN=WHERE,ROW(COLN)-1,""),ROW($A21))))} -> 397.11733
I28: {=IF(ROW($A22)>COUNTIF(COLN,WHERE),"",INDEX(DATE,SMALL(IF(COLN=WHERE,ROW(COLN)-1,""),ROW($A22))))} -> 41479 | J28: {=IF(ROW($A22)>COUNTIF(COLN,WHERE),"",INDEX(categorie,SMALL(IF(COLN=WHERE,ROW(COLN)-1,""),ROW($A22))))} -> RECOLTE | K28: {=IF(ROW($A22)>COUNTIF(COLN,WHERE),"",INDEX(PRODUIT,SMALL(IF(COLN=WHERE,ROW(COLN)-1,""),ROW($A22))))} -> Récolte | L28: {=IF(ROW($A22)>COUNTIF(COLN,WHERE),"",INDEX(NB.HA,SMALL(IF(COLN=WHERE,ROW(COLN)-1,""),ROW($A22))))} -> 17.55 | M28: {=IF(ROW($A22)>COUNTIF(COLN,WHERE),"",INDEX(QTE.HA,SMALL(IF(COLN=WHERE,ROW(COLN)-1,""),ROW($A22))))} -> 74.757835 | N28: {=IF(ROW($A22)>COUNTIF(COLN,WHERE),"",INDEX(MONTANT,SMALL(IF(COLN=WHERE,ROW(COLN)-1,""),ROW($A22))))} -> 1312
I29: {=IF(ROW($A23)>COUNTIF(COLN,WHERE),"",INDEX(DATE,SMALL(IF(COLN=WHERE,ROW(COLN)-1,""),ROW($A23))))} | J29: {=IF(ROW($A23)>COUNTIF(COLN,WHERE),"",INDEX(categorie,SMALL(IF(COLN=WHERE,ROW(COLN)-1,""),ROW($A23))))} | K29: {=IF(ROW($A23)>COUNTIF(COLN,WHERE),"",INDEX(PRODUIT,SMALL(IF(COLN=WHERE,ROW(COLN)-1,""),ROW($A23))))} | L29: {=IF(ROW($A23)>COUNTIF(COLN,WHERE),"",INDEX(NB.HA,SMALL(IF(COLN=WHERE,ROW(COLN)-1,""),ROW($A23))))} | M29: {=IF(ROW($A23)>COUNTIF(COLN,WHERE),"",INDEX(QTE.HA,SMALL(IF(COLN=WHERE,ROW(COLN)-1,""),ROW($A23))))} | N29: {=IF(ROW($A23)>COUNTIF(COLN,WHERE),"",INDEX(MONTANT,SMALL(IF(COLN=WHERE,ROW(COLN)-1,""),ROW($A23))))}
I30: {=IF(ROW($A24)>COUNTIF(COLN,WHERE),"",INDEX(DATE,SMALL(IF(COLN=WHERE,ROW(COLN)-1,""),ROW($A24))))} | J30: {=IF(ROW($A24)>COUNTIF(COLN,WHERE),"",INDEX(categorie,SMALL(IF(COLN=WHERE,ROW(COLN)-1,""),ROW($A24))))} | K30: {=IF(ROW($A24)>COUNTIF(COLN,WHERE),"",INDEX(PRODUIT,SMALL(IF(COLN=WHERE,ROW(COLN)-1,""),ROW($A24))))} | L30: {=IF(ROW($A24)>COUNTIF(COLN,WHERE),"",INDEX(NB.HA,SMALL(IF(COLN=WHERE,ROW(COLN)-1,""),ROW($A24))))} | M30: {=IF(ROW($A24)>COUNTIF(COLN,WHERE),"",INDEX(QTE.HA,SMALL(IF(COLN=WHERE,ROW(COLN)-1,""),ROW($A24))))} | N30: {=IF(ROW($A24)>COUNTIF(COLN,WHERE),"",INDEX(MONTANT,SMALL(IF(COLN=WHERE,ROW(COLN)-1,""),ROW($A24))))}
E31: RENDEMENT (q/ha) | F31: 75 | I31: {=IF(ROW($A25)>COUNTIF(COLN,WHERE),"",INDEX(DATE,SMALL(IF(COLN=WHERE,ROW(COLN)-1,""),ROW($A25))))} | J31: {=IF(ROW($A25)>COUNTIF(COLN,WHERE),"",INDEX(categorie,SMALL(IF(COLN=WHERE,ROW(COLN)-1,""),ROW($A25))))} | K31: {=IF(ROW($A25)>COUNTIF(COLN,WHERE),"",INDEX(PRODUIT,SMALL(IF(COLN=WHERE,ROW(COLN)-1,""),ROW($A25))))} | L31: {=IF(ROW($A25)>COUNTIF(COLN,WHERE),"",INDEX(NB.HA,SMALL(IF(COLN=WHERE,ROW(COLN)-1,""),ROW($A25))))} | M31: {=IF(ROW($A25)>COUNTIF(COLN,WHERE),"",INDEX(QTE.HA,SMALL(IF(COLN=WHERE,ROW(COLN)-1,""),ROW($A25))))} | N31: {=IF(ROW($A25)>COUNTIF(COLN,WHERE),"",INDEX(MONTANT,SMALL(IF(COLN=WHERE,ROW(COLN)-1,""),ROW($A25))))}
E32: VENTES (€/T) | F32: 185 | I32: {=IF(ROW($A26)>COUNTIF(COLN,WHERE),"",INDEX(DATE,SMALL(IF(COLN=WHERE,ROW(COLN)-1,""),ROW($A26))))} | J32: {=IF(ROW($A26)>COUNTIF(COLN,WHERE),"",INDEX(categorie,SMALL(IF(COLN=WHERE,ROW(COLN)-1,""),ROW($A26))))} | K32: {=IF(ROW($A26)>COUNTIF(COLN,WHERE),"",INDEX(PRODUIT,SMALL(IF(COLN=WHERE,ROW(COLN)-1,""),ROW($A26))))} | L32: {=IF(ROW($A26)>COUNTIF(COLN,WHERE),"",INDEX(NB.HA,SMALL(IF(COLN=WHERE,ROW(COLN)-1,""),ROW($A26))))} | M32: {=IF(ROW($A26)>COUNTIF(COLN,WHERE),"",INDEX(QTE.HA,SMALL(IF(COLN=WHERE,ROW(COLN)-1,""),ROW($A26))))} | N32: {=IF(ROW($A26)>COUNTIF(COLN,WHERE),"",INDEX(MONTANT,SMALL(IF(COLN=WHERE,ROW(COLN)-1,""),ROW($A26))))}
E33: AIDES PAC (€/ha) | I33: {=IF(ROW($A27)>COUNTIF(COLN,WHERE),"",INDEX(DATE,SMALL(IF(COLN=WHERE,ROW(COLN)-1,""),ROW($A27))))} | J33: {=IF(ROW($A27)>COUNTIF(COLN,WHERE),"",INDEX(categorie,SMALL(IF(COLN=WHERE,ROW(COLN)-1,""),ROW($A27))))} | K33: {=IF(ROW($A27)>COUNTIF(COLN,WHERE),"",INDEX(PRODUIT,SMALL(IF(COLN=WHERE,ROW(COLN)-1,""),ROW($A27))))} | L33: {=IF(ROW($A27)>COUNTIF(COLN,WHERE),"",INDEX(NB.HA,SMALL(IF(COLN=WHERE,ROW(COLN)-1,""),ROW($A27))))} | M33: {=IF(ROW($A27)>COUNTIF(COLN,WHERE),"",INDEX(QTE.HA,SMALL(IF(COLN=WHERE,ROW(COLN)-1,""),ROW($A27))))} | N33: {=IF(ROW($A27)>COUNTIF(COLN,WHERE),"",INDEX(MONTANT,SMALL(IF(COLN=WHERE,ROW(COLN)-1,""),ROW($A27))))}
D34: PRODUIT (€/ha) | F34: =((((F31*F10)/10)*F32)+(F33*F10))/F10 -> 1387.5 | I34: {=IF(ROW($A28)>COUNTIF(COLN,WHERE),"",INDEX(DATE,SMALL(IF(COLN=WHERE,ROW(COLN)-1,""),ROW($A28))))} | J34: {=IF(ROW($A28)>COUNTIF(COLN,WHERE),"",INDEX(categorie,SMALL(IF(COLN=WHERE,ROW(COLN)-1,""),ROW($A28))))} | K34: {=IF(ROW($A28)>COUNTIF(COLN,WHERE),"",INDEX(PRODUIT,SMALL(IF(COLN=WHERE,ROW(COLN)-1,""),ROW($A28))))} | L34: {=IF(ROW($A28)>COUNTIF(COLN,WHERE),"",INDEX(NB.HA,SMALL(IF(COLN=WHERE,ROW(COLN)-1,""),ROW($A28))))} | M34: {=IF(ROW($A28)>COUNTIF(COLN,WHERE),"",INDEX(QTE.HA,SMALL(IF(COLN=WHERE,ROW(COLN)-1,""),ROW($A28))))} | N34: {=IF(ROW($A28)>COUNTIF(COLN,WHERE),"",INDEX(MONTANT,SMALL(IF(COLN=WHERE,ROW(COLN)-1,""),ROW($A28))))}
I35: {=IF(ROW($A29)>COUNTIF(COLN,WHERE),"",INDEX(DATE,SMALL(IF(COLN=WHERE,ROW(COLN)-1,""),ROW($A29))))} | J35: {=IF(ROW($A29)>COUNTIF(COLN,WHERE),"",INDEX(categorie,SMALL(IF(COLN=WHERE,ROW(COLN)-1,""),ROW($A29))))} | K35: {=IF(ROW($A29)>COUNTIF(COLN,WHERE),"",INDEX(PRODUIT,SMALL(IF(COLN=WHERE,ROW(COLN)-1,""),ROW($A29))))} | L35: {=IF(ROW($A29)>COUNTIF(COLN,WHERE),"",INDEX(NB.HA,SMALL(IF(COLN=WHERE,ROW(COLN)-1,""),ROW($A29))))} | M35: {=IF(ROW($A29)>COUNTIF(COLN,WHERE),"",INDEX(QTE.HA,SMALL(IF(COLN=WHERE,ROW(COLN)-1,""),ROW($A29))))} | N35: {=IF(ROW($A29)>COUNTIF(COLN,WHERE),"",INDEX(MONTANT,SMALL(IF(COLN=WHERE,ROW(COLN)-1,""),ROW($A29))))}
D36: MARGE BRUTE | F36: =(F34*F10)-F14 -> 11283.83 | I36: {=IF(ROW($A30)>COUNTIF(COLN,WHERE),"",INDEX(DATE,SMALL(IF(COLN=WHERE,ROW(COLN)-1,""),ROW($A30))))} | J36: {=IF(ROW($A30)>COUNTIF(COLN,WHERE),"",INDEX(categorie,SMALL(IF(COLN=WHERE,ROW(COLN)-1,""),ROW($A30))))} | K36: {=IF(ROW($A30)>COUNTIF(COLN,WHERE),"",INDEX(PRODUIT,SMALL(IF(COLN=WHERE,ROW(COLN)-1,""),ROW($A30))))} | L36: {=IF(ROW($A30)>COUNTIF(COLN,WHERE),"",INDEX(NB.HA,SMALL(IF(COLN=WHERE,ROW(COLN)-1,""),ROW($A30))))} | M36: {=IF(ROW($A30)>COUNTIF(COLN,WHERE),"",INDEX(QTE.HA,SMALL(IF(COLN=WHERE,ROW(COLN)-1,""),ROW($A30))))} | N36: {=IF(ROW($A30)>COUNTIF(COLN,WHERE),"",INDEX(MONTANT,SMALL(IF(COLN=WHERE,ROW(COLN)-1,""),ROW($A30))))}
I37: {=IF(ROW($A31)>COUNTIF(COLN,WHERE),"",INDEX(DATE,SMALL(IF(COLN=WHERE,ROW(COLN)-1,""),ROW($A31))))} | J37: {=IF(ROW($A31)>COUNTIF(COLN,WHERE),"",INDEX(categorie,SMALL(IF(COLN=WHERE,ROW(COLN)-1,""),ROW($A31))))} | K37: {=IF(ROW($A31)>COUNTIF(COLN,WHERE),"",INDEX(PRODUIT,SMALL(IF(COLN=WHERE,ROW(COLN)-1,""),ROW($A31))))} | L37: {=IF(ROW($A31)>COUNTIF(COLN,WHERE),"",INDEX(NB.HA,SMALL(IF(COLN=WHERE,ROW(COLN)-1,""),ROW($A31))))} | M37: {=IF(ROW($A31)>COUNTIF(COLN,WHERE),"",INDEX(QTE.HA,SMALL(IF(COLN=WHERE,ROW(COLN)-1,""),ROW($A31))))} | N37: {=IF(ROW($A31)>COUNTIF(COLN,WHERE),"",INDEX(MONTANT,SMALL(IF(COLN=WHERE,ROW(COLN)-1,""),ROW($A31))))}

Sheet UTILISATIONS
A1: CAMPAGNE | B1: CULTURE | C1: PARCELLE | D1: DATE | E1: PRODUIT | F1: Unit | G1: CATEGORIE | H1: QTE / HA | I1: NB / HA | J1: QTE TOTAL | K1: PRIX UNITAIRE | L1: MONTANT | M1: DOSE MAX
A2: 2013 | B2: =INDEX(PARCELLAIRE!$B$2:$B$29,MATCH(UTILISATIONS!C2,PARCELLAIRE!$D$2:$D$29,0)) -> TOURNESOL | C2: Andres | D2: 41108 | E2: Pac 22 | F2: L | G2: =VLOOKUP(E2,ACHATS!$C:$D,2,0) -> ENGRAIS | H2: 200 | I2: =VLOOKUP(C2,PARCELLAIRE!$D$2:$F$29,3,0) -> 5.17 | J2: =I2*H2 -> 1034 | K2: =VLOOKUP(E2,'COUT MOYEN'!$B$1:$E$71,4,0) -> 0.50298667 | L2: =K2*J2 -> 520.08821 | N2: =IF(WHEN=A2,C2,1) -> Andres | O2: =SUMPRODUCT(--(PARCELLAIRE!H$2:H$58=UTILISATIONS!N2)) -> 0
A3: 2013 | B3: =INDEX(PARCELLAIRE!$B$2:$B$29,MATCH(UTILISATIONS!C3,PARCELLAIRE!$D$2:$D$29,0)) -> TOURNESOL | C3: Bousquet Pourtanel | D3: 41108 | E3: Pac 22 | F3: L | G3: =VLOOKUP(E3,ACHATS!$C:$D,2,0) -> ENGRAIS | H3: 200 | I3: =VLOOKUP(C3,PARCELLAIRE!$D$2:$F$29,3,0) -> 2.33 | J3: =I3*H3 -> 466 | K3: =VLOOKUP(E3,'COUT MOYEN'!$B$1:$E$71,4,0) -> 0.50298667 | L3: =K3*J3 -> 234.39179 | N3: =IF(WHEN=A3,C3,1) -> Bousquet Pourtanel | O3: =SUMPRODUCT(--(PARCELLAIRE!H$2:H$58=UTILISATIONS!N3)) -> 0
A4: 2013 | B4: =INDEX(PARCELLAIRE!$B$2:$B$29,MATCH(UTILISATIONS!C4,PARCELLAIRE!$D$2:$D$29,0)) -> TOURNESOL | C4: Moulin Barthes | D4: 41108 | E4: Pac 22 | F4: L | G4: =VLOOKUP(E4,ACHATS!$C:$D,2,0) -> ENGRAIS | H4: 200 | I4: =VLOOKUP(C4,PARCELLAIRE!$D$2:$F$29,3,0) -> 21.88 | J4: =I4*H4 -> 4376 | K4: =VLOOKUP(E4,'COUT MOYEN'!$B$1:$E$71,4,0) -> 0.50298667 | L4: =K4*J4 -> 2201.0697 | N4: =IF(WHEN=A4,C4,1) -> Moulin Barthes | O4: =SUMPRODUCT(--(PARCELLAIRE!H$2:H$58=UTILISATIONS!N4)) -> 0
A5: 2013 | B5: =INDEX(PARCELLAIRE!$B$2:$B$29,MATCH(UTILISATIONS!C5,PARCELLAIRE!$D$2:$D$29,0)) -> TOURNESOL | C5: Moulin Côteau | D5: 41108 | E5: Pac 22 | F5: L | G5: =VLOOKUP(E5,ACHATS!$C:$D,2,0) -> ENGRAIS | H5: 200 | I5: =VLOOKUP(C5,PARCELLAIRE!$D$2:$F$29,3,0) -> 5.67 | J5: =I5*H5 -> 1134 | K5: =VLOOKUP(E5,'COUT MOYEN'!$B$1:$E$71,4,0) -> 0.50298667 | L5: =K5*J5 -> 570.38688 | N5: =IF(WHEN=A5,C5,1) -> Moulin Côteau | O5: =SUMPRODUCT(--(PARCELLAIRE!H$2:H$58=UTILISATIONS!N5)) -> 0
A6: 2013 | B6: =INDEX(PARCELLAIRE!$B$2:$B$29,MATCH(UTILISATIONS!C6,PARCELLAIRE!$D$2:$D$29,0)) -> TOURNESOL | C6: Picotalène Midi | D6: 41108 | E6: Pac 22 | F6: L | G6: =VLOOKUP(E6,ACHATS!$C:$D,2,0) -> ENGRAIS | H6: 200 | I6: =VLOOKUP(C6,PARCELLAIRE!$D$2:$F$29,3,0) -> 4.12 | J6: =I6*H6 -> 824 | K6: =VLOOKUP(E6,'COUT MOYEN'!$B$1:$E$71,4,0) -> 0.50298667 | L6: =K6*J6 -> 414.46101 | N6: =IF(WHEN=A6,C6,1) -> Picotalène Midi | O6: =SUMPRODUCT(--(PARCELLAIRE!H$2:H$58=UTILISATIONS!N6)) -> 0
A7: 2013 | B7: =INDEX(PARCELLAIRE!$B$2:$B$29,MATCH(UTILISATIONS!C7,PARCELLAIRE!$D$2:$D$29,0)) -> TOURNESOL | C7: Picotalène Nord | D7: 41108 | E7: Pac 22 | F7: L | G7: =VLOOKUP(E7,ACHATS!$C:$D,2,0) -> ENGRAIS | H7: 200 | I7: =VLOOKUP(C7,PARCELLAIRE!$D$2:$F$29,3,0) -> 4.42 | J7: =I7*H7 -> 884 | K7: =VLOOKUP(E7,'COUT MOYEN'!$B$1:$E$71,4,0) -> 0.50298667 | L7: =K7*J7 -> 444.64021 | N7: =IF(WHEN=A7,C7,1) -> Picotalène Nord | O7: =SUMPRODUCT(--(PARCELLAIRE!H$2:H$58=UTILISATIONS!N7)) -> 0
A8: 2013 | B8: =INDEX(PARCELLAIRE!$B$2:$B$29,MATCH(UTILISATIONS!C8,PARCELLAIRE!$D$2:$D$29,0)) -> TOURNESOL | C8: Pourtanel | D8: 41108 | E8: Pac 22 | F8: L | G8: =VLOOKUP(E8,ACHATS!$C:$D,2,0) -> ENGRAIS | H8: 200 | I8: =VLOOKUP(C8,PARCELLAIRE!$D$2:$F$29,3,0) -> 12.06 | J8: =I8*H8 -> 2412 | K8: =VLOOKUP(E8,'COUT MOYEN'!$B$1:$E$71,4,0) -> 0.50298667 | L8: =K8*J8 -> 1213.2038 | N8: =IF(WHEN=A8,C8,1) -> Pourtanel | O8: =SUMPRODUCT(--(PARCELLAIRE!H$2:H$58=UTILISATIONS!N8)) -> 0
A9: 2013 | B9: =INDEX(PARCELLAIRE!$B$2:$B$29,MATCH(UTILISATIONS!C9,PARCELLAIRE!$D$2:$D$29,0)) -> TOURNESOL | C9: L'Aule métairie | D9: 41108 | E9: Pac 22 | F9: L | G9: =VLOOKUP(E9,ACHATS!$C:$D,2,0) -> ENGRAIS | H9: 200 | I9: =VLOOKUP(C9,PARCELLAIRE!$D$2:$F$29,3,0) -> 5.26 | J9: =I9*H9 -> 1052 | K9: =VLOOKUP(E9,'COUT MOYEN'!$B$1:$E$71,4,0) -> 0.50298667 | L9: =K9*J9 -> 529.14197 | N9: =IF(WHEN=A9,C9,1) -> L'Aule métairie | O9: =SUMPRODUCT(--(PARCELLAIRE!H$2:H$58=UTILISATIONS!N9)) -> 1
A10: 2013 | B10: =INDEX(PARCELLAIRE!$B$2:$B$29,MATCH(UTILISATIONS!C10,PARCELLAIRE!$D$2:$D$29,0)) -> TOURNESOL | C10: L'Aule Plaine | D10: 41108 | E10: Pac 22 | F10: L | G10: =VLOOKUP(E10,ACHATS!$C:$D,2,0) -> ENGRAIS | H10: 200 | I10: =VLOOKUP(C10,PARCELLAIRE!$D$2:$F$29,3,0) -> 15.64 | J10: =I10*H10 -> 3128 | K10: =VLOOKUP(E10,'COUT MOYEN'!$B$1:$E$71,4,0) -> 0.50298667 | L10: =K10*J10 -> 1573.3423 | N10: =IF(WHEN=A10,C10,1) -> L'Aule Plaine | O10: =SUMPRODUCT(--(PARCELLAIRE!H$2:H$58=UTILISATIONS!N10)) -> 1
A11: 2013 | B11: =INDEX(PARCELLAIRE!$B$2:$B$29,MATCH(UTILISATIONS!C11,PARCELLAIRE!$D$2:$D$29,0)) -> SOJA | C11: Engleyse Route | D11: 41113 | E11: Physiolith | F11: Kg | G11: =VLOOKUP(E11,ACHATS!$C:$D,2,0) -> ENGRAIS | H11: 600 | I11: =VLOOKUP(C11,PARCELLAIRE!$D$2:$F$29,3,0) -> 8.58 | J11: =I11*H11 -> 5148 | K11: =VLOOKUP(E11,'COUT MOYEN'!$B$1:$E$71,4,0) -> 0.21568182 | L11: =K11*J11 -> 1110.33 | N11: =IF(WHEN=A11,C11,1) -> Engleyse Route | O11: =SUMPRODUCT(--(PARCELLAIRE!H$2:H$58=UTILISATIONS!N11)) -> 0
A12: 2013 | B12: =INDEX(PARCELLAIRE!$B$2:$B$29,MATCH(UTILISATIONS!C12,PARCELLAIRE!$D$2:$D$29,0)) -> SORGHO | C12: Engleyse métairie | D12: 41113 | E12: Physiolith | F12: Kg | G12: =VLOOKUP(E12,ACHATS!$C:$D,2,0) -> ENGRAIS | H12: 600 | I12: =VLOOKUP(C12,PARCELLAIRE!$D$2:$F$29,3,0) -> 10.93 | J12: =I12*H12 -> 6558 | K12: =VLOOKUP(E12,'COUT MOYEN'!$B$1:$E$71,4,0) -> 0.21568182 | L12: =K12*J12 -> 1414.4414 | N12: =IF(WHEN=A12,C12,1) -> Engleyse métairie | O12: =SUMPRODUCT(--(PARCELLAIRE!H$2:H$58=UTILISATIONS!N12)) -> 0
A13: 2013 | B13: =INDEX(PARCELLAIRE!$B$2:$B$29,MATCH(UTILISATIONS!C13,PARCELLAIRE!$D$2:$D$29,0)) -> SOJA | C13: Engleyse Route | D13: 41113 | E13: Physiolith | F13: Kg | G13: =VLOOKUP(E13,ACHATS!$C:$D,2,0) -> ENGRAIS | H13: 600 | I13: =VLOOKUP(C13,PARCELLAIRE!$D$2:$F$29,3,0) -> 8.58 | J13: =I13*H13 -> 5148 | K13: =VLOOKUP(E13,'COUT MOYEN'!$B$1:$E$71,4,0) -> 0.21568182 | L13: =K13*J13 -> 1110.33 | N13: =IF(WHEN=A13,C13,1) -> Engleyse Route | O13: =SUMPRODUCT(--(PARCELLAIRE!H$2:H$58=UTILISATIONS!N13)) -> 0
... A39: 2013 | B39: =INDEX(PARCELLAIRE!$B$2:$B$29,MATCH(UTILISATIONS!C39,PARCELLAIRE!$D$2:$D$29,0)) -> BLE TENDRE | C39: Labaou Plaine | D39: 41177 | E39: Terragral | F39: Kg | G39: =VLOOKUP(E39,ACHATS!$C:$D,2,0) -> ENGRAIS | H39: 545 | I39: =VLOOKUP(C39,PARCELLAIRE!$D$2:$F$29,3,0) -> 17.55 | J39: =I39*H39 -> 9564.75 | K39: =VLOOKUP(E39,'COUT MOYEN'!$B$1:$E$71,4,0) -> 0.22 | L39: =K39*J39 -> 2104.245 | N39: =IF(WHEN=A39,C39,1) -> Labaou Plaine | O39: =SUMPRODUCT(--(PARCELLAIRE!H$2:H$58=UTILISATIONS!N39)) -> 1
A40: 2013 | B40: =INDEX(PARCELLAIRE!$B$2:$B$29,MATCH(UTILISATIONS!C40,PARCELLAIRE!$D$2:$D$29,0)) -> BLE DUR | C40: Escarcelou Jachère | D40: 41177 | E40: Pac 22 | F40: L | G40: =VLOOKUP(E40,ACHATS!$C:$D,2,0) -> ENGRAIS | H40: 245 | I40: =VLOOKUP(C40,PARCELLAIRE!$D$2:$F$29,3,0) -> 1.34 | J40: =I40*H40 -> 328.3 | K40: =VLOOKUP(E40,'COUT MOYEN'!$B$1:$E$71,4,0) -> 0.50298667 | L40: 924.24 | N40: =IF(WHEN=A40,C40,1) -> Escarcelou Jachère | O40: =SUMPRODUCT(--(PARCELLAIRE!H$2:H$58=UTILISATIONS!N40)) -> 0
A41: 2013 | B41: =INDEX(PARCELLAIRE!$B$2:$B$29,MATCH(UTILISATIONS!C41,PARCELLAIRE!$D$2:$D$29,0)) -> BLE DUR | C41: Bousquet Château | D41: 41179 | E41: Pac 22 | F41: L | G41: =VLOOKUP(E41,ACHATS!$C:$D,2,0) -> ENGRAIS | H41: 245 | I41: =VLOOKUP(C41,PARCELLAIRE!$D$2:$F$29,3,0) -> 5.27 | J41: =I41*H41 -> 1291.15 | K41: =VLOOKUP(E41,'COUT MOYEN'!$B$1:$E$71,4,0) -> 0.50298667 | L41: =K41*J41 -> 649.43123 | N41: =IF(WHEN=A41,C41,1) -> Bousquet Château | O41: =SUMPRODUCT(--(PARCELLAIRE!H$2:H$58=UTILISATIONS!N41)) -> 0
A42: 2013 | B42: =INDEX(PARCELLAIRE!$B$2:$B$29,MATCH(UTILISATIONS!C42,PARCELLAIRE!$D$2:$D$29,0)) -> BLE DUR | C42: Escarcelou | D42: 41179 | E42: Pac 22 | F42: L | G42: =VLOOKUP(E42,ACHATS!$C:$D,2,0) -> ENGRAIS | H42: 245 | I42: =VLOOKUP(C42,PARCELLAIRE!$D$2:$F$29,3,0) -> 7.58 | J42: =I42*H42 -> 1857.1 | K42: =VLOOKUP(E42,'COUT MOYEN'!$B$1:$E$71,4,0) -> 0.50298667 | L42: =K42*J42 -> 934.09654 | N42: =IF(WHEN=A42,C42,1) -> Escarcelou | O42: =SUMPRODUCT(--(PARCELLAIRE!H$2:H$58=UTILISATIONS!N42)) -> 0
A43: 2013 | B43: =INDEX(PARCELLAIRE!$B$2:$B$29,MATCH(UTILISATIONS!C43,PARCELLAIRE!$D$2:$D$29,0)) -> BLE DUR | C43: Labaou Devant | D43: 41179 | E43: Pac 22 | F43: L | G43: =VLOOKUP(E43,ACHATS!$C:$D,2,0) -> ENGRAIS | H43: 245 | I43: =VLOOKUP(C43,PARCELLAIRE!$D$2:$F$29,3,0) -> 11.9 | J43: =I43*H43 -> 2915.5 | K43: =VLOOKUP(E43,'COUT MOYEN'!$B$1:$E$71,4,0) -> 0.50298667 | L43: =K43*J43 -> 1466.4576 | N43: =IF(WHEN=A43,C43,1) -> Labaou Devant | O43: =SUMPRODUCT(--(PARCELLAIRE!H$2:H$58=UTILISATIONS!N43)) -> 0
A44: 2013 | B44: =INDEX(PARCELLAIRE!$B$2:$B$29,MATCH(UTILISATIONS!C44,PARCELLAIRE!$D$2:$D$29,0)) -> BLE DUR | C44: Escarcelou Pte | D44: 41179 | E44: Pac 22 | F44: L | G44: =VLOOKUP(E44,ACHATS!$C:$D,2,0) -> ENGRAIS | H44: 245 | I44: =VLOOKUP(C44,PARCELLAIRE!$D$2:$F$29,3,0) -> 7.5 | J44: =I44*H44 -> 1837.5 | K44: =VLOOKUP(E44,'COUT MOYEN'!$B$1:$E$71,4,0) -> 0.50298667 | L44: =K44*J44 -> 924.238 | N44: =IF(WHEN=A44,C44,1) -> Escarcelou Pte | O44: =SUMPRODUCT(--(PARCELLAIRE!H$2:H$58=UTILISATIONS!N44)) -> 0
A45: 2013 | B45: =INDEX(PARCELLAIRE!$B$2:$B$29,MATCH(UTILISATIONS!C45,PARCELLAIRE!$D$2:$D$29,0)) -> BLE DUR | C45: Laclos | D45: 41179 | E45: Pac 22 | F45: L | G45: =VLOOKUP(E45,ACHATS!$C:$D,2,0) -> ENGRAIS | H45: 245 | I45: =VLOOKUP(C45,PARCELLAIRE!$D$2:$F$29,3,0) -> 5.07 | J45: =I45*H45 -> 1242.15 | K45: =VLOOKUP(E45,'COUT MOYEN'!$B$1:$E$71,4,0) -> 0.50298667 | L45: =K45*J45 -> 624.78489 | N45: =IF(WHEN=A45,C45,1) -> Laclos | O45: =SUMPRODUCT(--(PARCELLAIRE!H$2:H$58=UTILISATIONS!N45)) -> 0
A46: 2013 | B46: =INDEX(PARCELLAIRE!$B$2:$B$29,MATCH(UTILISATIONS!C46,PARCELLAIRE!$D$2:$D$29,0)) -> BLE DUR | C46: Lescandes | D46: 41179 | E46: Pac 22 | F46: L | G46: =VLOOKUP(E46,ACHATS!$C:$D,2,0) -> ENGRAIS | H46: 245 | I46: =VLOOKUP(C46,PARCELLAIRE!$D$2:$F$29,3,0) -> 2.67 | J46: =I46*H46 -> 654.15 | K46: =VLOOKUP(E46,'COUT MOYEN'!$B$1:$E$71,4,0) -> 0.50298667 | L46: =K46*J46 -> 329.02873 | N46: =IF(WHEN=A46,C46,1) -> Lescandes | O46: =SUMPRODUCT(--(PARCELLAIRE!H$2:H$58=UTILISATIONS!N46)) -> 0
A47: 2013 | B47: =INDEX(PARCELLAIRE!$B$2:$B$29,MATCH(UTILISATIONS!C47,PARCELLAIRE!$D$2:$D$29,0)) -> BLE DUR | C47: Lescandes Côteau | D47: 41179 | E47: Pac 22 | F47: L | G47: =VLOOKUP(E47,ACHATS!$C:$D,2,0) -> ENGRAIS | H47: 245 | I47: =VLOOKUP(C47,PARCELLAIRE!$D$2:$F$29,3,0) -> 16.44 | J47: =I47*H47 -> 4027.8 | K47: =VLOOKUP(E47,'COUT MOYEN'!$B$1:$E$71,4,0) -> 0.50298667 | L47: =K47*J47 -> 2025.9297 | N47: =IF(WHEN=A47,C47,1) -> Lescandes Côteau | O47: =SUMPRODUCT(--(PARCELLAIRE!H$2:H$58=UTILISATIONS!N47)) -> 0
A48: 2013 | B48: =INDEX(PARCELLAIRE!$B$2:$B$29,MATCH(UTILISATIONS!C48,PARCELLAIRE!$D$2:$D$29,0)) -> BLE DUR | C48: Seillonne | D48: 41179 | E48: Pac 22 | F48: L | G48: =VLOOKUP(E48,ACHATS!$C:$D,2,0) -> ENGRAIS | H48: 245 | I48: =VLOOKUP(C48,PARCELLAIRE!$D$2:$F$29,3,0) -> 1.26 | J48: =I48*H48 -> 308.7 | K48: =VLOOKUP(E48,'COUT MOYEN'!$B$1:$E$71,4,0) -> 0.50298667 | L48: =K48*J48 -> 155.27198 | N48: =IF(WHEN=A48,C48,1) -> Seillonne | O48: =SUMPRODUCT(--(PARCELLAIRE!H$2:H$58=UTILISATIONS!N48)) -> 0
A49: 2013 | B49: =INDEX(PARCELLAIRE!$B$2:$B$29,MATCH(UTILISATIONS!C49,PARCELLAIRE!$D$2:$D$29,0)) -> SOJA | C49: Engleyse Route | D49: 41179 | E49: Pac 22 | F49: L | G49: =VLOOKUP(E49,ACHATS!$C:$D,2,0) -> ENGRAIS | H49: 230 | I49: =VLOOKUP(C49,PARCELLAIRE!$D$2:$F$29,3,0) -> 8.58 | J49: =I49*H49 -> 1973.4 | K49: =VLOOKUP(E49,'COUT MOYEN'!$B$1:$E$71,4,0) -> 0.50298667 | L49: =K49*J49 -> 992.59389 | N49: =IF(WHEN=A49,C49,1) -> Engleyse Route | O49: =SUMPRODUCT(--(PARCELLAIRE!H$2:H$58=UTILISATIONS!N49)) -> 0
A50: 2013 | B50: =INDEX(PARCELLAIRE!$B$2:$B$29,MATCH(UTILISATIONS!C50,PARCELLAIRE!$D$2:$D$29,0)) -> SORGHO | C50: Engleyse métairie | D50: 41179 | E50: Pac 22 | F50: L | G50: =VLOOKUP(E50,ACHATS!$C:$D,2,0) -> ENGRAIS | H50: 230 | I50: =VLOOKUP(C50,PARCELLAIRE!$D$2:$F$29,3,0) -> 10.93 | J50: =I50*H50 -> 2513.9 | K50: =VLOOKUP(E50,'COUT MOYEN'!$B$1:$E$71,4,0) -> 0.50298667 | L50: =K50*J50 -> 1264.4582 | N50: =IF(WHEN=A50,C50,1) -> Engleyse métairie | O50: =SUMPRODUCT(--(PARCELLAIRE!H$2:H$58=UTILISATIONS!N50)) -> 0
A51: 2013 | B51: =INDEX(PARCELLAIRE!$B$2:$B$29,MATCH(UTILISATIONS!C51,PARCELLAIRE!$D$2:$D$29,0)) -> BLE DUR | C51: Seillonne | D51: 41205 | E51: Glyphosate | F51: L | G51: =VLOOKUP(E51,ACHATS!$C:$D,2,0) -> DESHERBANT | H51: 1 | I51: =VLOOKUP(C51,PARCELLAIRE!$D$2:$F$29,3,0) -> 1.26 | J51: =I51*H51 -> 1.26 | K51: =VLOOKUP(E51,'COUT MOYEN'!$B$1:$E$71,4,0) -> 4.9381522 | L51: =K51*J51 -> 6.2220717 | N51: =IF(WHEN=A51,C51,1) -> Seillonne | O51: =SUMPRODUCT(--(PARCELLAIRE!H$2:H$58=UTILISATIONS!N51)) -> 0
A52: 2013 | B52: =INDEX(PARCELLAIRE!$B$2:$B$29,MATCH(UTILISATIONS!C52,PARCELLAIRE!$D$2:$D$29,0)) -> BLE DUR | C52: Bousquet Route | D52: 41205 | E52: Glyphosate | F52: L | G52: =VLOOKUP(E52,ACHATS!$C:$D,2,0) -> DESHERBANT | H52: 1 | I52: =VLOOKUP(C52,PARCELLAIRE!$D$2:$F$29,3,0) -> 5.67 | J52: =I52*H52 -> 5.67 | K52: =VLOOKUP(E52,'COUT MOYEN'!$B$1:$E$71,4,0) -> 4.9381522 | L52: =K52*J52 -> 27.999323 | N52: =IF(WHEN=A52,C52,1) -> Bousquet Route | O52: =SUMPRODUCT(--(PARCELLAIRE!H$2:H$58=UTILISATIONS!N52)) -> 0
... A67: 2013 | B67: =INDEX(PARCELLAIRE!$B$2:$B$29,MATCH(UTILISATIONS!C67,PARCELLAIRE!$D$2:$D$29,0)) -> BLE DUR | C67: Bousquet Route | D67: 41207 | E67: Miradoux Certifiées | F67: Kg | G67: =VLOOKUP(E67,ACHATS!$C:$D,2,0) -> SEMENCES | H67: 168 | I67: =VLOOKUP(C67,PARCELLAIRE!$D$2:$F$29,3,0) -> 5.67 | J67: =I67*H67 -> 952.56 | K67: =VLOOKUP(E67,'COUT MOYEN'!$B$1:$E$71,4,0) -> 0.805 | L67: =K67*J67 -> 766.8108 | N67: =IF(WHEN=A67,C67,1) -> Bousquet Route | O67: =SUMPRODUCT(--(PARCELLAIRE!H$2:H$58=UTILISATIONS!N67)) -> 0
A68: 2013 | B68: =INDEX(PARCELLAIRE!$B$2:$B$29,MATCH(UTILISATIONS!C68,PARCELLAIRE!$D$2:$D$29,0)) -> BLE DUR | C68: Escarcelou Jachère | D68: 41207 | E68: Miradoux | F68: Kg | G68: =VLOOKUP(E68,ACHATS!$C:$D,2,0) -> SEMENCES | H68: 165 | I68: =VLOOKUP(C68,PARCELLAIRE!$D$2:$F$29,3,0) -> 1.34 | J68: =I68*H68 -> 221.1 | K68: =VLOOKUP(E68,'COUT MOYEN'!$B$1:$E$71,4,0) -> 0.25980392 | L68: 321.51 | N68: =IF(WHEN=A68,C68,1) -> Escarcelou Jachère | O68: =SUMPRODUCT(--(PARCELLAIRE!H$2:H$58=UTILISATIONS!N68)) -> 0
A69: 2013 | B69: =INDEX(PARCELLAIRE!$B$2:$B$29,MATCH(UTILISATIONS!C69,PARCELLAIRE!$D$2:$D$29,0)) -> BLE DUR | C69: Lescandes Côteau | D69: 41211 | E69: Glyphosate | F69: L | G69: =VLOOKUP(E69,ACHATS!$C:$D,2,0) -> DESHERBANT | H69: 1 | I69: =VLOOKUP(C69,PARCELLAIRE!$D$2:$F$29,3,0) -> 16.44 | J69: =I69*H69 -> 16.44 | K69: =VLOOKUP(E69,'COUT MOYEN'!$B$1:$E$71,4,0) -> 4.9381522 | L69: =K69*J69 -> 81.183222 | N69: =IF(WHEN=A69,C69,1) -> Lescandes Côteau | O69: =SUMPRODUCT(--(PARCELLAIRE!H$2:H$58=UTILISATIONS!N69)) -> 0
A70: 2013 | B70: =INDEX(PARCELLAIRE!$B$2:$B$29,MATCH(UTILISATIONS!C70,PARCELLAIRE!$D$2:$D$29,0)) -> BLE DUR | C70: Lescandes | D70: 41211 | E70: Glyphosate | F70: L | G70: =VLOOKUP(E70,ACHATS!$C:$D,2,0) -> DESHERBANT | H70: 1 | I70: =VLOOKUP(C70,PARCELLAIRE!$D$2:$F$29,3,0) -> 2.67 | J70: =I70*H70 -> 2.67 | K70: =VLOOKUP(E70,'COUT MOYEN'!$B$1:$E$71,4,0) -> 4.9381522 | L70: =K70*J70 -> 13.184866 | N70: =IF(WHEN=A70,C70,1) -> Lescandes | O70: =SUMPRODUCT(--(PARCELLAIRE!H$2:H$58=UTILISATIONS!N70)) -> 0
A71: 2013 | B71: =INDEX(PARCELLAIRE!$B$2:$B$29,MATCH(UTILISATIONS!C71,PARCELLAIRE!$D$2:$D$29,0)) -> BLE DUR | C71: Laclos | D71: 41211 | E71: Glyphosate | F71: L | G71: =VLOOKUP(E71,ACHATS!$C:$D,2,0) -> DESHERBANT | H71: 1 | I71: =VLOOKUP(C71,PARCELLAIRE!$D$2:$F$29,3,0) -> 5.07 | J71: =I71*H71 -> 5.07 | K71: =VLOOKUP(E71,'COUT MOYEN'!$B$1:$E$71,4,0) -> 4.9381522 | L71: =K71*J71 -> 25.036432 | N71: =IF(WHEN=A71,C71,1) -> Laclos | O71: =SUMPRODUCT(--(PARCELLAIRE!H$2:H$58=UTILISATIONS!N71)) -> 0
A72: 2013 | B72: =INDEX(PARCELLAIRE!$B$2:$B$29,MATCH(UTILISATIONS!C72,PARCELLAIRE!$D$2:$D$29,0)) -> BLE DUR | C72: Escarcelou | D72: 41211 | E72: Glyphosate | F72: L | G72: =VLOOKUP(E72,ACHATS!$C:$D,2,0) -> DESHERBANT | H72: 1 | I72: =VLOOKUP(C72,PARCELLAIRE!$D$2:$F$29,3,0) -> 7.58 | J72: =I72*H72 -> 7.58 | K72: =VLOOKUP(E72,'COUT MOYEN'!$B$1:$E$71,4,0) -> 4.9381522 | L72: =K72*J72 -> 37.431193 | N72: =IF(WHEN=A72,C72,1) -> Escarcelou | O72: =SUMPRODUCT(--(PARCELLAIRE!H$2:H$58=UTILISATIONS!N72)) -> 0
A73: 2013 | B73: =INDEX(PARCELLAIRE!$B$2:$B$29,MATCH(UTILISATIONS!C73,PARCELLAIRE!$D$2:$D$29,0)) -> BLE DUR | C73: Labaou Devant | D73: 41211 | E73: Glyphosate | F73: L | G73: =VLOOKUP(E73,ACHATS!$C:$D,2,0) -> DESHERBANT | H73: 1 | I73: =VLOOKUP(C73,PARCELLAIRE!$D$2:$F$29,3,0) -> 11.9 | J73: =I73*H73 -> 11.9 | K73: =VLOOKUP(E73,'COUT MOYEN'!$B$1:$E$71,4,0) -> 4.9381522 | L73: =K73*J73 -> 58.764011 | N73: =IF(WHEN=A73,C73,1) -> Labaou Devant | O73: =SUMPRODUCT(--(PARCELLAIRE!H$2:H$58=UTILISATIONS!N73)) -> 0
A74: 2013 | B74: =INDEX(PARCELLAIRE!$B$2:$B$29,MATCH(UTILISATIONS!C74,PARCELLAIRE!$D$2:$D$29,0)) -> BLE DUR | C74: Escarcelou Pte | D74: 41211 | E74: Glyphosate | F74: L | G74: =VLOOKUP(E74,ACHATS!$C:$D,2,0) -> DESHERBANT | H74: 1 | I74: =VLOOKUP(C74,PARCELLAIRE!$D$2:$F$29,3,0) -> 7.5 | J74: =I74*H74 -> 7.5 | K74: =VLOOKUP(E74,'COUT MOYEN'!$B$1:$E$71,4,0) -> 4.9381522 | L74: =K74*J74 -> 37.036141 | N74: =IF(WHEN=A74,C74,1) -> Escarcelou Pte | O74: =SUMPRODUCT(--(PARCELLAIRE!H$2:H$58=UTILISATIONS!N74)) -> 0
A75: 2013 | B75: =INDEX(PARCELLAIRE!$B$2:$B$29,MATCH(UTILISATIONS!C75,PARCELLAIRE!$D$2:$D$29,0)) -> TOURNESOL | C75: Moulin Barthes | D75: 41211 | E75: Glyphosate | F75: L | G75: =VLOOKUP(E75,ACHATS!$C:$D,2,0) -> DESHERBANT | H75: 1 | I75: =VLOOKUP(C75,PARCELLAIRE!$D$2:$F$29,3,0) -> 21.88 | J75: =I75*H75 -> 21.88 | K75: =VLOOKUP(E75,'COUT MOYEN'!$B$1:$E$71,4,0) -> 4.9381522 | L75: =K75*J75 -> 108.04677 | N75: =IF(WHEN=A75,C75,1) -> Moulin Barthes | O75: =SUMPRODUCT(--(PARCELLAIRE!H$2:H$58=UTILISATIONS!N75)) -> 0
A76: 2013 | B76: =INDEX(PARCELLAIRE!$B$2:$B$29,MATCH(UTILISATIONS!C76,PARCELLAIRE!$D$2:$D$29,0)) -> BLE DUR | C76: Escarcelou | D76: 41211 | E76: Heliosol | F76: L | G76: =VLOOKUP(E76,ACHATS!$C:$D,2,0) -> DIVERS | H76: 0.2 | I76: =VLOOKUP(C76,PARCELLAIRE!$D$2:$F$29,3,0) -> 7.58 | J76: =I76*H76 -> 1.516 | K76: =VLOOKUP(E76,'COUT MOYEN'!$B$1:$E$71,4,0) -> 11.01 | L76: =K76*J76 -> 16.69116 | N76: =IF(WHEN=A76,C76,1) -> Escarcelou | O76: =SUMPRODUCT(--(PARCELLAIRE!H$2:H$58=UTILISATIONS!N76)) -> 0
A77: 2013 | B77: =INDEX(PARCELLAIRE!$B$2:$B$29,MATCH(UTILISATIONS!C77,PARCELLAIRE!$D$2:$D$29,0)) -> BLE DUR | C77: Escarcelou Pte | D77: 41211 | E77: Heliosol | F77: L | G77: =VLOOKUP(E77,ACHATS!$C:$D,2,0) -> DIVERS | H77: 0.2 | I77: =VLOOKUP(C77,PARCELLAIRE!$D$2:$F$29,3,0) -> 7.5 | J77: =I77*H77 -> 1.5 | K77: =VLOOKUP(E77,'COUT MOYEN'!$B$1:$E$71,4,0) -> 11.01 | L77: =K77*J77 -> 16.515 | N77: =IF(WHEN=A77,C77,1) -> Escarcelou Pte | O77: =SUMPRODUCT(--(PARCELLAIRE!H$2:H$58=UTILISATIONS!N77)) -> 0
A78: 2013 | B78: =INDEX(PARCELLAIRE!$B$2:$B$29,MATCH(UTILISATIONS!C78,PARCELLAIRE!$D$2:$D$29,0)) -> BLE DUR | C78: Laclos | D78: 41211 | E78: Heliosol | F78: L | G78: =VLOOKUP(E78,ACHATS!$C:$D,2,0) -> DIVERS | H78: 0.2 | I78: =VLOOKUP(C78,PARCELLAIRE!$D$2:$F$29,3,0) -> 5.07 | J78: =I78*H78 -> 1.014 | K78: =VLOOKUP(E78,'COUT MOYEN'!$B$1:$E$71,4,0) -> 11.01 | L78: =K78*J78 -> 11.16414 | N78: =IF(WHEN=A78,C78,1) -> Laclos | O78: =SUMPRODUCT(--(PARCELLAIRE!H$2:H$58=UTILISATIONS!N78)) -> 0
A79: 2013 | B79: =INDEX(PARCELLAIRE!$B$2:$B$29,MATCH(UTILISATIONS!C79,PARCELLAIRE!$D$2:$D$29,0)) -> BLE DUR | C79: Lescandes | D79: 41211 | E79: Heliosol | F79: L | G79: =VLOOKUP(E79,ACHATS!$C:$D,2,0) -> DIVERS | H79: 0.2 | I79: =VLOOKUP(C79,PARCELLAIRE!$D$2:$F$29,3,0) -> 2.67 | J79: =I79*H79 -> 0.534 | K79: =VLOOKUP(E79,'COUT MOYEN'!$B$1:$E$71,4,0) -> 11.01 | L79: =K79*J79 -> 5.87934 | N79: =IF(WHEN=A79,C79,1) -> Lescandes | O79: =SUMPRODUCT(--(PARCELLAIRE!H$2:H$58=UTILISATIONS!N79)) -> 0
A80: 2013 | B80: =INDEX(PARCELLAIRE!$B$2:$B$29,MATCH(UTILISATIONS!C80,PARCELLAIRE!$D$2:$D$29,0)) -> BLE DUR | C80: Lescandes Côteau | D80: 41211 | E80: Heliosol | F80: L | G80: =VLOOKUP(E80,ACHATS!$C:$D,2,0) -> DIVERS | H80: 0.2 | I80: =VLOOKUP(C80,PARCELLAIRE!$D$2:$F$29,3,0) -> 16.44 | J80: =I80*H80 -> 3.288 | K80: =VLOOKUP(E80,'COUT MOYEN'!$B$1:$E$71,4,0) -> 11.01 | L80: =K80*J80 -> 36.20088 | N80: =IF(WHEN=A80,C80,1) -> Lescandes Côteau | O80: =SUMPRODUCT(--(PARCELLAIRE!H$2:H$58=UTILISATIONS!N80)) -> 0
A81: 2013 | B81: =INDEX(PARCELLAIRE!$B$2:$B$29,MATCH(UTILISATIONS!C81,PARCELLAIRE!$D$2:$D$29,0)) -> BLE DUR | C81: Labaou Devant | D81: 41211 | E81: Heliosol | F81: L | G81: DIVERS | H81: 0.2 | I81: =VLOOKUP(C81,PARCELLAIRE!$D$2:$F$29,3,0) -> 11.9 | J81: =I81*H81 -> 2.38 | K81: =VLOOKUP(E81,'COUT MOYEN'!$B$1:$E$71,4,0) -> 11.01 | L81: =K81*J81 -> 26.2038 | N81: =IF(WHEN=A81,C81,1) -> Labaou Devant | O81: =SUMPRODUCT(--(PARCELLAIRE!H$2:H$58=UTILISATIONS!N81)) -> 0
A82: 2013 | B82: =INDEX(PARCELLAIRE!$B$2:$B$29,MATCH(UTILISATIONS!C82,PARCELLAIRE!$D$2:$D$29,0)) -> BLE DUR | C82: Escarcelou Jachère | D82: 41211 | E82: Glyphosate | F82: L | G82: =VLOOKUP(E82,ACHATS!$C:$D,2,0) -> DESHERBANT | H82: 1 | I82: =VLOOKUP(C82,PARCELLAIRE!$D$2:$F$29,3,0) -> 1.34 | J82: =I82*H82 -> 1.34 | K82: =VLOOKUP(E82,'COUT MOYEN'!$B$1:$E$71,4,0) -> 4.9381522 | L82: 37.04 | N82: =IF(WHEN=A82,C82,1) -> Escarcelou Jachère | O82: =SUMPRODUCT(--(PARCELLAIRE!H$2:H$58=UTILISATIONS!N82)) -> 0
A83: 2013 | B83: =INDEX(PARCELLAIRE!$B$2:$B$29,MATCH(UTILISATIONS!C83,PARCELLAIRE!$D$2:$D$29,0)) -> BLE DUR | C83: Escarcelou Jachère | D83: 41211 | E83: Heliosol | F83: L | G83: =VLOOKUP(E83,ACHATS!$C:$D,2,0) -> DIVERS | H83: 0.2 | I83: =VLOOKUP(C83,PARCELLAIRE!$D$2:$F$29,3,0) -> 1.34 | J83: =I83*H83 -> 0.268 | K83: =VLOOKUP(E83,'COUT MOYEN'!$B$1:$E$71,4,0) -> 11.01 | L83: 16.52 | N83: =IF(WHEN=A83,C83,1) -> Escarcelou Jachère | O83: =SUMPRODUCT(--(PARCELLAIRE!H$2:H$58=UTILISATIONS!N83)) -> 0
A84: 2013 | B84: =INDEX(PARCELLAIRE!$B$2:$B$29,MATCH(UTILISATIONS!C84,PARCELLAIRE!$D$2:$D$29,0)) -> BLE DUR | C84: Laclos | D84: 41212 | E84: Pescadoux | F84: L | G84: =VLOOKUP(E84,ACHATS!$C:$D,2,0) -> SEMENCES | H84: 170 | I84: =VLOOKUP(C84,PARCELLAIRE!$D$2:$F$29,3,0) -> 5.07 | J84: =I84*H84 -> 861.9 | K84: =VLOOKUP(E84,'COUT MOYEN'!$B$1:$E$71,4,0) -> 0.26000474 | L84: =K84*J84 -> 224.09808 | N84: =IF(WHEN=A84,C84,1) -> Laclos | O84: =SUMPRODUCT(--(PARCELLAIRE!H$2:H$58=UTILISATIONS!N84)) -> 0
A85: 2013 | B85: =INDEX(PARCELLAIRE!$B$2:$B$29,MATCH(UTILISATIONS!C85,PARCELLAIRE!$D$2:$D$29,0)) -> BLE DUR | C85: Laclos | D85: 41212 | E85: Fabulis Certifiées | F85: Kg | G85: =VLOOKUP(E85,ACHATS!$C:$D,2,0) -> SEMENCES | H85: 165 | I85: =VLOOKUP(C85,PARCELLAIRE!$D$2:$F$29,3,0) -> 5.07 | J85: =I85*H85 -> 836.55 | K85: =VLOOKUP(E85,'COUT MOYEN'!$B$1:$E$71,4,0) -> 0.805 | L85: =K85*J85 -> 673.42275 | N85: =IF(WHEN=A85,C85,1) -> Laclos | O85: =SUMPRODUCT(--(PARCELLAIRE!H$2:H$58=UTILISATIONS!N85)) -> 0
A86: 2013 | B86: =INDEX(PARCELLAIRE!$B$2:$B$29,MATCH(UTILISATIONS!C86,PARCELLAIRE!$D$2:$D$29,0)) -> BLE DUR | C86: Engleyse Bousquet | D86: 41220 | E86: Glyphosate | F86: L | G86: =VLOOKUP(E86,ACHATS!$C:$D,2,0) -> DESHERBANT | H86: 1 | I86: =VLOOKUP(C86,PARCELLAIRE!$D$2:$F$29,3,0) -> 12.49 | J86: =I86*H86 -> 12.49 | K86: =VLOOKUP(E86,'COUT MOYEN'!$B$1:$E$71,4,0) -> 4.9381522 | L86: =K86*J86 -> 61.677521 | N86: =IF(WHEN=A86,C86,1) -> Engleyse Bousquet | O86: =SUMPRODUCT(--(PARCELLAIRE!H$2:H$58=UTILISATIONS!N86)) -> 0
A87: 2013 | B87: =INDEX(PARCELLAIRE!$B$2:$B$29,MATCH(UTILISATIONS!C87,PARCELLAIRE!$D$2:$D$29,0)) -> BLE DUR | C87: Lescandes | D87: 41220 | E87: Pescadoux | F87: L | G87: =VLOOKUP(E87,ACHATS!$C:$D,2,0) -> SEMENCES | H87: 176 | I87: =VLOOKUP(C87,PARCELLAIRE!$D$2:$F$29,3,0) -> 2.67 | J87: =I87*H87 -> 469.92 | K87: =VLOOKUP(E87,'COUT MOYEN'!$B$1:$E$71,4,0) -> 0.26000474 | L87: =K87*J87 -> 122.18143 | N87: =IF(WHEN=A87,C87,1) -> Lescandes | O87: =SUMPRODUCT(--(PARCELLAIRE!H$2:H$58=UTILISATIONS!N87)) -> 0
A88: 2013 | B88: =INDEX(PARCELLAIRE!$B$2:$B$29,MATCH(UTILISATIONS!C88,PARCELLAIRE!$D$2:$D$29,0)) -> BLE DUR | C88: Lescandes Côteau | D88: 41220 | E88: Pescadoux | F88: L | G88: =VLOOKUP(E88,ACHATS!$C:$D,2,0) -> SEMENCES | H88: 176 | I88: =VLOOKUP(C88,PARCELLAIRE!$D$2:$F$29,3,0) -> 16.44 | J88: =I88*H88 -> 2893.44 | K88: =VLOOKUP(E88,'COUT MOYEN'!$B$1:$E$71,4,0) -> 0.26000474 | L88: =K88*J88 -> 752.3081 | N88: =IF(WHEN=A88,C88,1) -> Lescandes Côteau | O88: =SUMPRODUCT(--(PARCELLAIRE!H$2:H$58=UTILISATIONS!N88)) -> 0
A89: 2013 | B89: =INDEX(PARCELLAIRE!$B$2:$B$29,MATCH(UTILISATIONS!C89,PARCELLAIRE!$D$2:$D$29,0)) -> BLE DUR | C89: Engleyse Bousquet | D89: 41220 | E89: Heliosol | F89: L | G89: =VLOOKUP(E89,ACHATS!$C:$D,2,0) -> DIVERS | H89: 0.2 | I89: =VLOOKUP(C89,PARCELLAIRE!$D$2:$F$29,3,0) -> 12.49 | J89: =I89*H89 -> 2.498 | K89: =VLOOKUP(E89,'COUT MOYEN'!$B$1:$E$71,4,0) -> 11.01 | L89: =K89*J89 -> 27.50298 | N89: =IF(WHEN=A89,C89,1) -> Engleyse Bousquet | O89: =SUMPRODUCT(--(PARCELLAIRE!H$2:H$58=UTILISATIONS!N89)) -> 0
A90: 2013 | B90: =INDEX(PARCELLAIRE!$B$2:$B$29,MATCH(UTILISATIONS!C90,PARCELLAIRE!$D$2:$D$29,0)) -> BLE DUR | C90: Engleyse Bousquet | D90: 41222 | E90: Sculture | F90: Kg | G90: =VLOOKUP(E90,ACHATS!$C:$D,2,0) -> SEMENCES | H90: 179 | I90: =VLOOKUP(C90,PARCELLAIRE!$D$2:$F$29,3,0) -> 12.49 | J90: =I90*H90 -> 2235.71 | K90: =VLOOKUP(E90,'COUT MOYEN'!$B$1:$E$71,4,0) -> 0.26 | L90: =K90*J90 -> 581.2846 | N90: =IF(WHEN=A90,C90,1) -> Engleyse Bousquet | O90: =SUMPRODUCT(--(PARCELLAIRE!H$2:H$58=UTILISATIONS!N90)) -> 0
A91: 2013 | B91: =INDEX(PARCELLAIRE!$B$2:$B$29,MATCH(UTILISATIONS!C91,PARCELLAIRE!$D$2:$D$29,0)) -> BLE DUR | C91: Engleyse Bousquet | D91: 41222 | E91: Sculture Certifiées | F91: Kg | G91: =VLOOKUP(E91,ACHATS!$C:$D,2,0) -> SEMENCES | H91: 179 | I91: =VLOOKUP(C91,PARCELLAIRE!$D$2:$F$29,3,0) -> 12.49 | J91: =I91*H91 -> 2235.71 | K91: =VLOOKUP(E91,'COUT MOYEN'!$B$1:$E$71,4,0) -> 0.805 | L91: =K91*J91 -> 1799.7466 | N91: =IF(WHEN=A91,C91,1) -> Engleyse Bousquet | O91: =SUMPRODUCT(--(PARCELLAIRE!H$2:H$58=UTILISATIONS!N91)) -> 0
A92: 2013 | B92: =INDEX(PARCELLAIRE!$B$2:$B$29,MATCH(UTILISATIONS!C92,PARCELLAIRE!$D$2:$D$29,0)) -> SORGHO | C92: Engleyse métairie | D92: 41228 | E92: Glyphosate | F92: L | G92: =VLOOKUP(E92,ACHATS!$C:$D,2,0) -> DESHERBANT | H92: 1 | I92: =VLOOKUP(C92,PARCELLAIRE!$D$2:$F$29,3,0) -> 10.93 | J92: =I92*H92 -> 10.93 | K92: =VLOOKUP(E92,'COUT MOYEN'!$B$1:$E$71,4,0) -> 4.9381522 | L92: =K92*J92 -> 53.974003 | N92: =IF(WHEN=A92,C92,1) -> Engleyse métairie | O92: =SUMPRODUCT(--(PARCELLAIRE!H$2:H$58=UTILISATIONS!N92)) -> 0
A93: 2013 | B93: =INDEX(PARCELLAIRE!$B$2:$B$29,MATCH(UTILISATIONS!C93,PARCELLAIRE!$D$2:$D$29,0)) -> TOURNESOL | C93: Moulin Barthes | D93: 41228 | E93: Heliosol | F93: L | G93: =VLOOKUP(E93,ACHATS!$C:$D,2,0) -> DIVERS | H93: 0.2 | I93: =VLOOKUP(C93,PARCELLAIRE!$D$2:$F$29,3,0) -> 21.88 | J93: =I93*H93 -> 4.376 | K93: =VLOOKUP(E93,'COUT MOYEN'!$B$1:$E$71,4,0) -> 11.01 | L93: =K93*J93 -> 48.17976 | N93: =IF(WHEN=A93,C93,1) -> Moulin Barthes | O93: =SUMPRODUCT(--(PARCELLAIRE!H$2:H$58=UTILISATIONS!N93)) -> 0
A94: 2013 | B94: =INDEX(PARCELLAIRE!$B$2:$B$29,MATCH(UTILISATIONS!C94,PARCELLAIRE!$D$2:$D$29,0)) -> SORGHO | C94: Engleyse métairie | D94: 41228 | E94: Heliosol | F94: L | G94: =VLOOKUP(E94,ACHATS!$C:$D,2,0) -> DIVERS | H94: 0.2 | I94: =VLOOKUP(C94,PARCELLAIRE!$D$2:$F$29,3,0) -> 10.93 | J94: =I94*H94 -> 2.186 | K94: =VLOOKUP(E94,'COUT MOYEN'!$B$1:$E$71,4,0) -> 11.01 | L94: =K94*J94 -> 24.06786 | N94: =IF(WHEN=A94,C94,1) -> Engleyse métairie | O94: =SUMPRODUCT(--(PARCELLAIRE!H$2:H$58=UTILISATIONS!N94)) -> 0
A95: 2013 | B95: =INDEX(PARCELLAIRE!$B$2:$B$29,MATCH(UTILISATIONS!C95,PARCELLAIRE!$D$2:$D$29,0)) -> BLE TENDRE | C95: Labaou Plaine | D95: 41262 | E95: Athlet | F95: L | G95: =VLOOKUP(E95,ACHATS!$C:$D,2,0) -> DESHERBANT | H95: 3 | I95: =VLOOKUP(C95,PARCELLAIRE!$D$2:$F$29,3,0) -> 17.55 | J95: =I95*H95 -> 52.65 | K95: =VLOOKUP(E95,'COUT MOYEN'!$B$1:$E$71,4,0) -> 13.75 | L95: =K95*J95 -> 723.9375 | N95: =IF(WHEN=A95,C95,1) -> Labaou Plaine | O95: =SUMPRODUCT(--(PARCELLAIRE!H$2:H$58=UTILISATIONS!N95)) -> 1
... A97: 2013 | B97: =INDEX(PARCELLAIRE!$B$2:$B$29,MATCH(UTILISATIONS!C97,PARCELLAIRE!$D$2:$D$29,0)) -> BLE DUR | C97: Seillonne | D97: 41263 | E97: Athlet | F97: L | G97: =VLOOKUP(E97,ACHATS!$C:$D,2,0) -> DESHERBANT | H97: 2.5 | I97: =VLOOKUP(C97,PARCELLAIRE!$D$2:$F$29,3,0) -> 1.26 | J97: =I97*H97 -> 3.15 | K97: =VLOOKUP(E97,'COUT MOYEN'!$B$1:$E$71,4,0) -> 13.75 | L97: =K97*J97 -> 43.3125 | N97: =IF(WHEN=A97,C97,1) -> Seillonne | O97: =SUMPRODUCT(--(PARCELLAIRE!H$2:H$58=UTILISATIONS!N97)) -> 0
A98: 2013 | B98: =INDEX(PARCELLAIRE!$B$2:$B$29,MATCH(UTILISATIONS!C98,PARCELLAIRE!$D$2:$D$29,0)) -> BLE DUR | C98: Escarcelou Jachère | D98: 41310 | E98: Acanto | F98: L | G98: =VLOOKUP(E98,ACHATS!$C:$D,2,0) -> FONGICIDES | H98: 0.3 | I98: =VLOOKUP(C98,PARCELLAIRE!$D$2:$F$29,3,0) -> 1.34 | J98: =I98*H98 -> 0.402 | K98: =VLOOKUP(E98,'COUT MOYEN'!$B$1:$E$71,4,0) -> 37 | L98: 83.25 | N98: =IF(WHEN=A98,C98,1) -> Escarcelou Jachère | O98: =SUMPRODUCT(--(PARCELLAIRE!H$2:H$58=UTILISATIONS!N98)) -> 0
A99: 2013 | B99: =INDEX(PARCELLAIRE!$B$2:$B$29,MATCH(UTILISATIONS!C99,PARCELLAIRE!$D$2:$D$29,0)) -> BLE DUR | C99: Escarcelou Jachère | D99: 41310 | E99: Pixel | F99: L | G99: =VLOOKUP(E99,ACHATS!$C:$D,2,0) -> FONGICIDES | H99: 1 | I99: =VLOOKUP(C99,PARCELLAIRE!$D$2:$F$29,3,0) -> 1.34 | J99: =I99*H99 -> 1.34 | K99: =VLOOKUP(E99,'COUT MOYEN'!$B$1:$E$71,4,0) -> 14.4 | L99: 108 | N99: =IF(WHEN=A99,C99,1) -> Escarcelou Jachère | O99: =SUMPRODUCT(--(PARCELLAIRE!H$2:H$58=UTILISATIONS!N99)) -> 0
A100: 2013 | B100: =INDEX(PARCELLAIRE!$B$2:$B$29,MATCH(UTILISATIONS!C100,PARCELLAIRE!$D$2:$D$29,0)) -> BLE DUR | C100: Bousquet Route | D100: 41324 | E100: Urée | F100: Kg | G100: =VLOOKUP(E100,ACHATS!$C:$D,2,0) -> ENGRAIS | H100: 150 | I100: =VLOOKUP(C100,PARCELLAIRE!$D$2:$F$29,3,0) -> 5.67 | J100: =I100*H100 -> 850.5 | K100: =VLOOKUP(E100,'COUT MOYEN'!$B$1:$E$71,4,0) -> 0.41883673 | L100: =K100*J100 -> 356.22064 | N100: =IF(WHEN=A100,C100,1) -> Bousquet Route | O100: =SUMPRODUCT(--(PARCELLAIRE!H$2:H$58=UTILISATIONS!N100)) -> 0
A101: 2013 | B101: =INDEX(PARCELLAIRE!$B$2:$B$29,MATCH(UTILISATIONS!C101,PARCELLAIRE!$D$2:$D$29,0)) -> BLE DUR | C101: Bousquet Château | D101: 41324 | E101: Urée | F101: Kg | G101: =VLOOKUP(E101,ACHATS!$C:$D,2,0) -> ENGRAIS | H101: 150 | I101: =VLOOKUP(C101,PARCELLAIRE!$D$2:$F$29,3,0) -> 5.27 | J101: =I101*H101 -> 790.5 | K101: =VLOOKUP(E101,'COUT MOYEN'!$B$1:$E$71,4,0) -> 0.41883673 | L101: =K101*J101 -> 331.09044 | N101: =IF(WHEN=A101,C101,1) -> Bousquet Château | O101: =SUMPRODUCT(--(PARCELLAIRE!H$2:H$58=UTILISATIONS!N101)) -> 0
A102: 2013 | B102: =INDEX(PARCELLAIRE!$B$2:$B$29,MATCH(UTILISATIONS!C102,PARCELLAIRE!$D$2:$D$29,0)) -> BLE DUR | C102: Seillonne | D102: 41324 | E102: Urée | F102: Kg | G102: =VLOOKUP(E102,ACHATS!$C:$D,2,0) -> ENGRAIS | H102: 150 | I102: =VLOOKUP(C102,PARCELLAIRE!$D$2:$F$29,3,0) -> 1.26 | J102: =I102*H102 -> 189 | K102: =VLOOKUP(E102,'COUT MOYEN'!$B$1:$E$71,4,0) -> 0.41883673 | L102: =K102*J102 -> 79.160143 | N102: =IF(WHEN=A102,C102,1) -> Seillonne | O102: =SUMPRODUCT(--(PARCELLAIRE!H$2:H$58=UTILISATIONS!N102)) -> 0
A103: 2013 | B103: =INDEX(PARCELLAIRE!$B$2:$B$29,MATCH(UTILISATIONS!C103,PARCELLAIRE!$D$2:$D$29,0)) -> BLE DUR | C103: Laclos | D103: 41324 | E103: Urée | F103: Kg | G103: =VLOOKUP(E103,ACHATS!$C:$D,2,0) -> ENGRAIS | H103: 150 | I103: =VLOOKUP(C103,PARCELLAIRE!$D$2:$F$29,3,0) -> 5.07 | J103: =I103*H103 -> 760.5 | K103: =VLOOKUP(E103,'COUT MOYEN'!$B$1:$E$71,4,0) -> 0.41883673 | L103: =K103*J103 -> 318.52534 | N103: =IF(WHEN=A103,C103,1) -> Laclos | O103: =SUMPRODUCT(--(PARCELLAIRE!H$2:H$58=UTILISATIONS!N103)) -> 0
A104: 2013 | B104: =INDEX(PARCELLAIRE!$B$2:$B$29,MATCH(UTILISATIONS!C104,PARCELLAIRE!$D$2:$D$29,0)) -> BLE TENDRE | C104: Labaou Plaine | D104: 41324 | E104: Urée | F104: Kg | G104: =VLOOKUP(E104,ACHATS!$C:$D,2,0) -> ENGRAIS | H104: 150 | I104: =VLOOKUP(C104,PARCELLAIRE!$D$2:$F$29,3,0) -> 17.55 | J104: =I104*H104 -> 2632.5 | K104: =VLOOKUP(E104,'COUT MOYEN'!$B$1:$E$71,4,0) -> 0.41883673 | L104: =K104*J104 -> 1102.5877 | N104: =IF(WHEN=A104,C104,1) -> Labaou Plaine | O104: =SUMPRODUCT(--(PARCELLAIRE!H$2:H$58=UTILISATIONS!N104)) -> 1
A105: 2013 | B105: =INDEX(PARCELLAIRE!$B$2:$B$29,MATCH(UTILISATIONS!C105,PARCELLAIRE!$D$2:$D$29,0)) -> BLE DUR | C105: Lescandes Côteau | D105: 41325 | E105: Urée | F105: Kg | G105: =VLOOKUP(E105,ACHATS!$C:$D,2,0) -> ENGRAIS | H105: 150 | I105: =VLOOKUP(C105,PARCELLAIRE!$D$2:$F$29,3,0) -> 16.44 | J105: =I105*H105 -> 2466 | K105: =VLOOKUP(E105,'COUT MOYEN'!$B$1:$E$71,4,0) -> 0.41883673 | L105: =K105*J105 -> 1032.8514 | N105: =IF(WHEN=A105,C105,1) -> Lescandes Côteau | O105: =SUMPRODUCT(--(PARCELLAIRE!H$2:H$58=UTILISATIONS!N105)) -> 0
A106: 2013 | B106: =INDEX(PARCELLAIRE!$B$2:$B$29,MATCH(UTILISATIONS!C106,PARCELLAIRE!$D$2:$D$29,0)) -> BLE DUR | C106: Lescandes | D106: 41325 | E106: Urée | F106: Kg | G106: =VLOOKUP(E106,ACHATS!$C:$D,2,0) -> ENGRAIS | H106: 150 | I106: =VLOOKUP(C106,PARCELLAIRE!$D$2:$F$29,3,0) -> 2.67 | J106: =I106*H106 -> 400.5 | K106: =VLOOKUP(E106,'COUT MOYEN'!$B$1:$E$71,4,0) -> 0.41883673 | L106: =K106*J106 -> 167.74411 | N106: =IF(WHEN=A106,C106,1) -> Lescandes | O106: =SUMPRODUCT(--(PARCELLAIRE!H$2:H$58=UTILISATIONS!N106)) -> 0
A107: 2013 | B107: =INDEX(PARCELLAIRE!$B$2:$B$29,MATCH(UTILISATIONS!C107,PARCELLAIRE!$D$2:$D$29,0)) -> BLE DUR | C107: Escarcelou | D107: 41325 | E107: Urée | F107: Kg | G107: =VLOOKUP(E107,ACHATS!$C:$D,2,0) -> ENGRAIS | H107: 150 | I107: =VLOOKUP(C107,PARCELLAIRE!$D$2:$F$29,3,0) -> 7.58 | J107: =I107*H107 -> 1137 | K107: =VLOOKUP(E107,'COUT MOYEN'!$B$1:$E$71,4,0) -> 0.41883673 | L107: =K107*J107 -> 476.21737 | N107: =IF(WHEN=A107,C107,1) -> Escarcelou | O107: =SUMPRODUCT(--(PARCELLAIRE!H$2:H$58=UTILISATIONS!N107)) -> 0
A108: 2013 | B108: =INDEX(PARCELLAIRE!$B$2:$B$29,MATCH(UTILISATIONS!C108,PARCELLAIRE!$D$2:$D$29,0)) -> BLE DUR | C108: Labaou Devant | D108: 41325 | E108: Urée | F108: Kg | G108: =VLOOKUP(E108,ACHATS!$C:$D,2,0) -> ENGRAIS | H108: 150 | I108: =VLOOKUP(C108,PARCELLAIRE!$D$2:$F$29,3,0) -> 11.9 | J108: =I108*H108 -> 1785 | K108: =VLOOKUP(E108,'COUT MOYEN'!$B$1:$E$71,4,0) -> 0.41883673 | L108: =K108*J108 -> 747.62357 | N108: =IF(WHEN=A108,C108,1) -> Labaou Devant | O108: =SUMPRODUCT(--(PARCELLAIRE!H$2:H$58=UTILISATIONS!N108)) -> 0
A109: 2013 | B109: =INDEX(PARCELLAIRE!$B$2:$B$29,MATCH(UTILISATIONS!C109,PARCELLAIRE!$D$2:$D$29,0)) -> BLE DUR | C109: Escarcelou Pte | D109: 41325 | E109: Urée | F109: Kg | G109: =VLOOKUP(E109,ACHATS!$C:$D,2,0) -> ENGRAIS | H109: 150 | I109: =VLOOKUP(C109,PARCELLAIRE!$D$2:$F$29,3,0) -> 7.5 | J109: =I109*H109 -> 1125 | K109: =VLOOKUP(E109,'COUT MOYEN'!$B$1:$E$71,4,0) -> 0.41883673 | L109: =K109*J109 -> 471.19133 | N109: =IF(WHEN=A109,C109,1) -> Escarcelou Pte | O109: =SUMPRODUCT(--(PARCELLAIRE!H$2:H$58=UTILISATIONS!N109)) -> 0
A110: 2013 | B110: =INDEX(PARCELLAIRE!$B$2:$B$29,MATCH(UTILISATIONS!C110,PARCELLAIRE!$D$2:$D$29,0)) -> BLE DUR | C110: Engleyse Bousquet | D110: 41325 | E110: Urée | F110: Kg | G110: =VLOOKUP(E110,ACHATS!$C:$D,2,0) -> ENGRAIS | H110: 150 | I110: =VLOOKUP(C110,PARCELLAIRE!$D$2:$F$29,3,0) -> 12.49 | J110: =I110*H110 -> 1873.5 | K110: =VLOOKUP(E110,'COUT MOYEN'!$B$1:$E$71,4,0) -> 0.41883673 | L110: =K110*J110 -> 784.69062 | N110: =IF(WHEN=A110,C110,1) -> Engleyse Bousquet | O110: =SUMPRODUCT(--(PARCELLAIRE!H$2:H$58=UTILISATIONS!N110)) -> 0
A111: 2013 | B111: =INDEX(PARCELLAIRE!$B$2:$B$29,MATCH(UTILISATIONS!C111,PARCELLAIRE!$D$2:$D$29,0)) -> BLE DUR | C111: Escarcelou Jachère | D111: 41325 | E111: Urée | F111: Kg | G111: =VLOOKUP(E111,ACHATS!$C:$D,2,0) -> ENGRAIS | H111: 150 | I111: =VLOOKUP(C111,PARCELLAIRE!$D$2:$F$29,3,0) -> 1.34 | J111: =I111*H111 -> 201 | K111: =VLOOKUP(E111,'COUT MOYEN'!$B$1:$E$71,4,0) -> 0.41883673 | L111: 471.19 | N111: =IF(WHEN=A111,C111,1) -> Escarcelou Jachère | O111: =SUMPRODUCT(--(PARCELLAIRE!H$2:H$58=UTILISATIONS!N111)) -> 0
A112: 2013 | B112: =INDEX(PARCELLAIRE!$B$2:$B$29,MATCH(UTILISATIONS!C112,PARCELLAIRE!$D$2:$D$29,0)) -> TOURNESOL | C112: Picotalène Nord | D112: 41326 | E112: Glyphosate | F112: L | G112: =VLOOKUP(E112,ACHATS!$C:$D,2,0) -> DESHERBANT | H112: 1.5 | I112: =VLOOKUP(C112,PARCELLAIRE!$D$2:$F$29,3,0) -> 4.42 | J112: =I112*H112 -> 6.63 | K112: =VLOOKUP(E112,'COUT MOYEN'!$B$1:$E$71,4,0) -> 4.9381522 | L112: =K112*J112 -> 32.739949 | N112: =IF(WHEN=A112,C112,1) -> Picotalène Nord | O112: =SUMPRODUCT(--(PARCELLAIRE!H$2:H$58=UTILISATIONS!N112)) -> 0
A113: 2013 | B113: =INDEX(PARCELLAIRE!$B$2:$B$29,MATCH(UTILISATIONS!C113,PARCELLAIRE!$D$2:$D$29,0)) -> TOURNESOL | C113: Picotalène Midi | D113: 41326 | E113: Glyphosate | F113: L | G113: =VLOOKUP(E113,ACHATS!$C:$D,2,0) -> DESHERBANT | H113: 1.5 | I113: =VLOOKUP(C113,PARCELLAIRE!$D$2:$F$29,3,0) -> 4.12 | J113: =I113*H113 -> 6.18 | K113: =VLOOKUP(E113,'COUT MOYEN'!$B$1:$E$71,4,0) -> 4.9381522 | L113: =K113*J113 -> 30.51778 | N113: =IF(WHEN=A113,C113,1) -> Picotalène Midi | O113: =SUMPRODUCT(--(PARCELLAIRE!H$2:H$58=UTILISATIONS!N113)) -> 0
A114: 2013 | B114: =INDEX(PARCELLAIRE!$B$2:$B$29,MATCH(UTILISATIONS!C114,PARCELLAIRE!$D$2:$D$29,0)) -> TOURNESOL | C114: Pourtanel | D114: 41326 | E114: Glyphosate | F114: L | G114: =VLOOKUP(E114,ACHATS!$C:$D,2,0) -> DESHERBANT | H114: 1.5 | I114: =VLOOKUP(C114,PARCELLAIRE!$D$2:$F$29,3,0) -> 12.06 | J114: =I114*H114 -> 18.09 | K114: =VLOOKUP(E114,'COUT MOYEN'!$B$1:$E$71,4,0) -> 4.9381522 | L114: =K114*J114 -> 89.331173 | N114: =IF(WHEN=A114,C114,1) -> Pourtanel | O114: =SUMPRODUCT(--(PARCELLAIRE!H$2:H$58=UTILISATIONS!N114)) -> 0
A115: 2013 | B115: =INDEX(PARCELLAIRE!$B$2:$B$29,MATCH(UTILISATIONS!C115,PARCELLAIRE!$D$2:$D$29,0)) -> TOURNESOL | C115: Bousquet Pourtanel | D115: 41326 | E115: Glyphosate | F115: L | G115: =VLOOKUP(E115,ACHATS!$C:$D,2,0) -> DESHERBANT | H115: 1.5 | I115: =VLOOKUP(C115,PARCELLAIRE!$D$2:$F$29,3,0) -> 2.33 | J115: =I115*H115 -> 3.495 | K115: =VLOOKUP(E115,'COUT MOYEN'!$B$1:$E$71,4,0) -> 4.9381522 | L115: =K115*J115 -> 17.258842 | N115: =IF(WHEN=A115,C115,1) -> Bousquet Pourtanel | O115: =SUMPRODUCT(--(PARCELLAIRE!H$2:H$58=UTILISATIONS!N115)) -> 0
A116: 2013 | B116: =INDEX(PARCELLAIRE!$B$2:$B$29,MATCH(UTILISATIONS!C116,PARCELLAIRE!$D$2:$D$29,0)) -> SORGHO | C116: Engleyse métairie | D116: 41326 | E116: Glyphosate | F116: L | G116: =VLOOKUP(E116,ACHATS!$C:$D,2,0) -> DESHERBANT | H116: 1.5 | I116: =VLOOKUP(C116,PARCELLAIRE!$D$2:$F$29,3,0) -> 10.93 | J116: =I116*H116 -> 16.395 | K116: =VLOOKUP(E116,'COUT MOYEN'!$B$1:$E$71,4,0) -> 4.9381522 | L116: =K116*J116 -> 80.961005 | N116: =IF(WHEN=A116,C116,1) -> Engleyse métairie | O116: =SUMPRODUCT(--(PARCELLAIRE!H$2:H$58=UTILISATIONS!N116)) -> 0
A117: 2013 | B117: =INDEX(PARCELLAIRE!$B$2:$B$29,MATCH(UTILISATIONS!C117,PARCELLAIRE!$D$2:$D$29,0)) -> TOURNESOL | C117: Bousquet Pourtanel | D117: 41326 | E117: Heliosol | F117: L | G117: =VLOOKUP(E117,ACHATS!$C:$D,2,0) -> DIVERS | H117: 0.2 | I117: =VLOOKUP(C117,PARCELLAIRE!$D$2:$F$29,3,0) -> 2.33 | J117: =I117*H117 -> 0.466 | K117: =VLOOKUP(E117,'COUT MOYEN'!$B$1:$E$71,4,0) -> 11.01 | L117: =K117*J117 -> 5.13066 | N117: =IF(WHEN=A117,C117,1) -> Bousquet Pourtanel | O117: =SUMPRODUCT(--(PARCELLAIRE!H$2:H$58=UTILISATIONS!N117)) -> 0
A118: 2013 | B118: =INDEX(PARCELLAIRE!$B$2:$B$29,MATCH(UTILISATIONS!C118,PARCELLAIRE!$D$2:$D$29,0)) -> TOURNESOL | C118: Pourtanel | D118: 41326 | E118: Heliosol | F118: L | G118: =VLOOKUP(E118,ACHATS!$C:$D,2,0) -> DIVERS | H118: 0.2 | I118: =VLOOKUP(C118,PARCELLAIRE!$D$2:$F$29,3,0) -> 12.06 | J118: =I118*H118 -> 2.412 | K118: =VLOOKUP(E118,'COUT MOYEN'!$B$1:$E$71,4,0) -> 11.01 | L118: =K118*J118 -> 26.55612 | N118: =IF(WHEN=A118,C118,1) -> Pourtanel | O118: =SUMPRODUCT(--(PARCELLAIRE!H$2:H$58=UTILISATIONS!N118)) -> 0
A119: 2013 | B119: =INDEX(PARCELLAIRE!$B$2:$B$29,MATCH(UTILISATIONS!C119,PARCELLAIRE!$D$2:$D$29,0)) -> TOURNESOL | C119: Picotalène Midi | D119: 41326 | E119: Heliosol | F119: L | G119: =VLOOKUP(E119,ACHATS!$C:$D,2,0) -> DIVERS | H119: 0.2 | I119: =VLOOKUP(C119,PARCELLAIRE!$D$2:$F$29,3,0) -> 4.12 | J119: =I119*H119 -> 0.824 | K119: =VLOOKUP(E119,'COUT MOYEN'!$B$1:$E$71,4,0) -> 11.01 | L119: =K119*J119 -> 9.07224 | N119: =IF(WHEN=A119,C119,1) -> Picotalène Midi | O119: =SUMPRODUCT(--(PARCELLAIRE!H$2:H$58=UTILISATIONS!N119)) -> 0
A120: 2013 | B120: =INDEX(PARCELLAIRE!$B$2:$B$29,MATCH(UTILISATIONS!C120,PARCELLAIRE!$D$2:$D$29,0)) -> TOURNESOL | C120: Picotalène Nord | D120: 41326 | E120: Heliosol | F120: L | G120: =VLOOKUP(E120,ACHATS!$C:$D,2,0) -> DIVERS | H120: 0.2 | I120: =VLOOKUP(C120,PARCELLAIRE!$D$2:$F$29,3,0) -> 4.42 | J120: =I120*H120 -> 0.884 | K120: =VLOOKUP(E120,'COUT MOYEN'!$B$1:$E$71,4,0) -> 11.01 | L120: =K120*J120 -> 9.73284 | N120: =IF(WHEN=A120,C120,1) -> Picotalène Nord | O120: =SUMPRODUCT(--(PARCELLAIRE!H$2:H$58=UTILISATIONS!N120)) -> 0
A121: 2013 | B121: =INDEX(PARCELLAIRE!$B$2:$B$29,MATCH(UTILISATIONS!C121,PARCELLAIRE!$D$2:$D$29,0)) -> BLE TENDRE | C121: Labaou Plaine | D121: 41340 | E121: Contreverse | F121: L | G121: =VLOOKUP(E121,ACHATS!$C:$D,2,0) -> DIVERS | H121: 3 | I121: =VLOOKUP(C121,PARCELLAIRE!$D$2:$F$29,3,0) -> 17.55 | J121: =I121*H121 -> 52.65 | K121: =VLOOKUP(E121,'COUT MOYEN'!$B$1:$E$71,4,0) -> 1.66 | L121: =K121*J121 -> 87.399 | N121: =IF(WHEN=A121,C121,1) -> Labaou Plaine | O121: =SUMPRODUCT(--(PARCELLAIRE!H$2:H$58=UTILISATIONS!N121)) -> 1
A122: 2013 | B122: =INDEX(PARCELLAIRE!$B$2:$B$29,MATCH(UTILISATIONS!C122,PARCELLAIRE!$D$2:$D$29,0)) -> BLE DUR | C122: Engleyse Bousquet | D122: 41340 | E122: Contreverse | F122: L | G122: =VLOOKUP(E122,ACHATS!$C:$D,2,0) -> DIVERS | H122: 3 | I122: =VLOOKUP(C122,PARCELLAIRE!$D$2:$F$29,3,0) -> 12.49 | J122: =I122*H122 -> 37.47 | K122: =VLOOKUP(E122,'COUT MOYEN'!$B$1:$E$71,4,0) -> 1.66 | L122: =K122*J122 -> 62.2002 | N122: =IF(WHEN=A122,C122,1) -> Engleyse Bousquet | O122: =SUMPRODUCT(--(PARCELLAIRE!H$2:H$58=UTILISATIONS!N122)) -> 0
A123: 2013 | B123: =INDEX(PARCELLAIRE!$B$2:$B$29,MATCH(UTILISATIONS!C123,PARCELLAIRE!$D$2:$D$29,0)) -> BLE DUR | C123: Engleyse Bousquet | D123: 41340 | E123: Effecto | F123: L | G123: =VLOOKUP(E123,ACHATS!$C:$D,2,0) -> DIVERS | H123: 3 | I123: =VLOOKUP(C123,PARCELLAIRE!$D$2:$F$29,3,0) -> 12.49 | J123: =I123*H123 -> 37.47 | K123: =VLOOKUP(E123,'COUT MOYEN'!$B$1:$E$71,4,0) -> 2.9 | L123: =K123*J123 -> 108.663 | N123: =IF(WHEN=A123,C123,1) -> Engleyse Bousquet | O123: =SUMPRODUCT(--(PARCELLAIRE!H$2:H$58=UTILISATIONS!N123)) -> 0
... A158: 2013 | B158: =INDEX(PARCELLAIRE!$B$2:$B$29,MATCH(UTILISATIONS!C158,PARCELLAIRE!$D$2:$D$29,0)) -> BLE DUR | C158: Bousquet Château | D158: 41347 | E158: Urée | F158: Kg | G158: =VLOOKUP(E158,ACHATS!$C:$D,2,0) -> ENGRAIS | H158: 180 | I158: =VLOOKUP(C158,PARCELLAIRE!$D$2:$F$29,3,0) -> 5.27 | J158: =I158*H158 -> 948.6 | K158: =VLOOKUP(E158,'COUT MOYEN'!$B$1:$E$71,4,0) -> 0.41883673 | L158: =K158*J158 -> 397.30853 | N158: =IF(WHEN=A158,C158,1) -> Bousquet Château | O158: =SUMPRODUCT(--(PARCELLAIRE!H$2:H$58=UTILISATIONS!N158)) -> 0
A159: 2013 | B159: =INDEX(PARCELLAIRE!$B$2:$B$29,MATCH(UTILISATIONS!C159,PARCELLAIRE!$D$2:$D$29,0)) -> BLE DUR | C159: Escarcelou Jachère | D159: 41347 | E159: Urée | F159: Kg | G159: =VLOOKUP(E159,ACHATS!$C:$D,2,0) -> ENGRAIS | H159: 180 | I159: =VLOOKUP(C159,PARCELLAIRE!$D$2:$F$29,3,0) -> 1.34 | J159: =I159*H159 -> 241.2 | K159: =VLOOKUP(E159,'COUT MOYEN'!$B$1:$E$71,4,0) -> 0.41883673 | L159: 565.43 | N159: =IF(WHEN=A159,C159,1) -> Escarcelou Jachère | O159: =SUMPRODUCT(--(PARCELLAIRE!H$2:H$58=UTILISATIONS!N159)) -> 0
A160: 2013 | B160: =INDEX(PARCELLAIRE!$B$2:$B$29,MATCH(UTILISATIONS!C160,PARCELLAIRE!$D$2:$D$29,0)) -> BLE DUR | C160: Escarcelou | D160: 41352 | E160: Effecto | F160: L | G160: =VLOOKUP(E160,ACHATS!$C:$D,2,0) -> DIVERS | H160: 3 | I160: =VLOOKUP(C160,PARCELLAIRE!$D$2:$F$29,3,0) -> 7.58 | J160: =I160*H160 -> 22.74 | K160: =VLOOKUP(E160,'COUT MOYEN'!$B$1:$E$71,4,0) -> 2.9 | L160: =K160*J160 -> 65.946 | N160: =IF(WHEN=A160,C160,1) -> Escarcelou | O160: =SUMPRODUCT(--(PARCELLAIRE!H$2:H$58=UTILISATIONS!N160)) -> 0
A161: 2013 | B161: =INDEX(PARCELLAIRE!$B$2:$B$29,MATCH(UTILISATIONS!C161,PARCELLAIRE!$D$2:$D$29,0)) -> BLE DUR | C161: Labaou Devant | D161: 41352 | E161: Effecto | F161: L | G161: =VLOOKUP(E161,ACHATS!$C:$D,2,0) -> DIVERS | H161: 3 | I161: =VLOOKUP(C161,PARCELLAIRE!$D$2:$F$29,3,0) -> 11.9 | J161: =I161*H161 -> 35.7 | K161: =VLOOKUP(E161,'COUT MOYEN'!$B$1:$E$71,4,0) -> 2.9 | L161: =K161*J161 -> 103.53 | N161: =IF(WHEN=A161,C161,1) -> Labaou Devant | O161: =SUMPRODUCT(--(PARCELLAIRE!H$2:H$58=UTILISATIONS!N161)) -> 0
A162: 2013 | B162: =INDEX(PARCELLAIRE!$B$2:$B$29,MATCH(UTILISATIONS!C162,PARCELLAIRE!$D$2:$D$29,0)) -> BLE DUR | C162: Escarcelou Pte | D162: 41352 | E162: Effecto | F162: L | G162: =VLOOKUP(E162,ACHATS!$C:$D,2,0) -> DIVERS | H162: 3 | I162: =VLOOKUP(C162,PARCELLAIRE!$D$2:$F$29,3,0) -> 7.5 | J162: =I162*H162 -> 22.5 | K162: =VLOOKUP(E162,'COUT MOYEN'!$B$1:$E$71,4,0) -> 2.9 | L162: =K162*J162 -> 65.25 | N162: =IF(WHEN=A162,C162,1) -> Escarcelou Pte | O162: =SUMPRODUCT(--(PARCELLAIRE!H$2:H$58=UTILISATIONS!N162)) -> 0
A163: 2013 | B163: =INDEX(PARCELLAIRE!$B$2:$B$29,MATCH(UTILISATIONS!C163,PARCELLAIRE!$D$2:$D$29,0)) -> BLE DUR | C163: Lescandes | D163: 41352 | E163: Effecto | F163: L | G163: =VLOOKUP(E163,ACHATS!$C:$D,2,0) -> DIVERS | H163: 3 | I163: =VLOOKUP(C163,PARCELLAIRE!$D$2:$F$29,3,0) -> 2.67 | J163: =I163*H163 -> 8.01 | K163: =VLOOKUP(E163,'COUT MOYEN'!$B$1:$E$71,4,0) -> 2.9 | L163: =K163*J163 -> 23.229 | N163: =IF(WHEN=A163,C163,1) -> Lescandes | O163: =SUMPRODUCT(--(PARCELLAIRE!H$2:H$58=UTILISATIONS!N163)) -> 0
A164: 2013 | B164: =INDEX(PARCELLAIRE!$B$2:$B$29,MATCH(UTILISATIONS!C164,PARCELLAIRE!$D$2:$D$29,0)) -> BLE DUR | C164: Lescandes Côteau | D164: 41352 | E164: Effecto | F164: L | G164: =VLOOKUP(E164,ACHATS!$C:$D,2,0) -> DIVERS | H164: 3 | I164: =VLOOKUP(C164,PARCELLAIRE!$D$2:$F$29,3,0) -> 16.44 | J164: =I164*H164 -> 49.32 | K164: =VLOOKUP(E164,'COUT MOYEN'!$B$1:$E$71,4,0) -> 2.9 | L164: =K164*J164 -> 143.028 | N164: =IF(WHEN=A164,C164,1) -> Lescandes Côteau | O164: =SUMPRODUCT(--(PARCELLAIRE!H$2:H$58=UTILISATIONS!N164)) -> 0
A165: 2013 | B165: =INDEX(PARCELLAIRE!$B$2:$B$29,MATCH(UTILISATIONS!C165,PARCELLAIRE!$D$2:$D$29,0)) -> BLE DUR | C165: Escarcelou Jachère | D165: 41352 | E165: Effecto | F165: L | G165: =VLOOKUP(E165,ACHATS!$C:$D,2,0) -> DIVERS | H165: 3 | I165: =VLOOKUP(C165,PARCELLAIRE!$D$2:$F$29,3,0) -> 1.34 | J165: =I165*H165 -> 4.02 | K165: =VLOOKUP(E165,'COUT MOYEN'!$B$1:$E$71,4,0) -> 2.9 | L165: 65.25 | N165: =IF(WHEN=A165,C165,1) -> Escarcelou Jachère | O165: =SUMPRODUCT(--(PARCELLAIRE!H$2:H$58=UTILISATIONS!N165)) -> 0
A166: 2013 | B166: =INDEX(PARCELLAIRE!$B$2:$B$29,MATCH(UTILISATIONS!C166,PARCELLAIRE!$D$2:$D$29,0)) -> BLE DUR | C166: Lescandes | D166: 41354 | E166: Gratil | F166: g | G166: =VLOOKUP(E166,ACHATS!$C:$D,2,0) -> DESHERBANT | H166: 20 | I166: =VLOOKUP(C166,PARCELLAIRE!$D$2:$F$29,3,0) -> 2.67 | J166: =I166*H166 -> 53.4 | K166: =VLOOKUP(E166,'COUT MOYEN'!$B$1:$E$71,4,0) -> 0.79166667 | L166: =K166*J166 -> 42.275 | N166: =IF(WHEN=A166,C166,1) -> Lescandes | O166: =SUMPRODUCT(--(PARCELLAIRE!H$2:H$58=UTILISATIONS!N166)) -> 0
A167: 2013 | B167: =INDEX(PARCELLAIRE!$B$2:$B$29,MATCH(UTILISATIONS!C167,PARCELLAIRE!$D$2:$D$29,0)) -> BLE DUR | C167: Lescandes Côteau | D167: 41354 | E167: Gratil | F167: g | G167: =VLOOKUP(E167,ACHATS!$C:$D,2,0) -> DESHERBANT | H167: 20 | I167: =VLOOKUP(C167,PARCELLAIRE!$D$2:$F$29,3,0) -> 16.44 | J167: =I167*H167 -> 328.8 | K167: =VLOOKUP(E167,'COUT MOYEN'!$B$1:$E$71,4,0) -> 0.79166667 | L167: =K167*J167 -> 260.3 | N167: =IF(WHEN=A167,C167,1) -> Lescandes Côteau | O167: =SUMPRODUCT(--(PARCELLAIRE!H$2:H$58=UTILISATIONS!N167)) -> 0
A168: 2013 | B168: =INDEX(PARCELLAIRE!$B$2:$B$29,MATCH(UTILISATIONS!C168,PARCELLAIRE!$D$2:$D$29,0)) -> BLE DUR | C168: Engleyse Bousquet | D168: 41354 | E168: Gratil | F168: g | G168: =VLOOKUP(E168,ACHATS!$C:$D,2,0) -> DESHERBANT | H168: 20 | I168: =VLOOKUP(C168,PARCELLAIRE!$D$2:$F$29,3,0) -> 12.49 | J168: =I168*H168 -> 249.8 | K168: =VLOOKUP(E168,'COUT MOYEN'!$B$1:$E$71,4,0) -> 0.79166667 | L168: =K168*J168 -> 197.75833 | N168: =IF(WHEN=A168,C168,1) -> Engleyse Bousquet | O168: =SUMPRODUCT(--(PARCELLAIRE!H$2:H$58=UTILISATIONS!N168)) -> 0
A169: 2013 | B169: =INDEX(PARCELLAIRE!$B$2:$B$29,MATCH(UTILISATIONS!C169,PARCELLAIRE!$D$2:$D$29,0)) -> BLE DUR | C169: Bousquet Château | D169: 41354 | E169: Effecto | F169: L | G169: =VLOOKUP(E169,ACHATS!$C:$D,2,0) -> DIVERS | H169: 3 | I169: =VLOOKUP(C169,PARCELLAIRE!$D$2:$F$29,3,0) -> 5.27 | J169: =I169*H169 -> 15.81 | K169: =VLOOKUP(E169,'COUT MOYEN'!$B$1:$E$71,4,0) -> 2.9 | L169: =K169*J169 -> 45.849 | N169: =IF(WHEN=A169,C169,1) -> Bousquet Château | O169: =SUMPRODUCT(--(PARCELLAIRE!H$2:H$58=UTILISATIONS!N169)) -> 0
A170: 2013 | B170: =INDEX(PARCELLAIRE!$B$2:$B$29,MATCH(UTILISATIONS!C170,PARCELLAIRE!$D$2:$D$29,0)) -> BLE DUR | C170: Bousquet Route | D170: 41354 | E170: Effecto | F170: L | G170: =VLOOKUP(E170,ACHATS!$C:$D,2,0) -> DIVERS | H170: 3 | I170: =VLOOKUP(C170,PARCELLAIRE!$D$2:$F$29,3,0) -> 5.67 | J170: =I170*H170 -> 17.01 | K170: =VLOOKUP(E170,'COUT MOYEN'!$B$1:$E$71,4,0) -> 2.9 | L170: =K170*J170 -> 49.329 | N170: =IF(WHEN=A170,C170,1) -> Bousquet Route | O170: =SUMPRODUCT(--(PARCELLAIRE!H$2:H$58=UTILISATIONS!N170)) -> 0
A171: 2013 | B171: =INDEX(PARCELLAIRE!$B$2:$B$29,MATCH(UTILISATIONS!C171,PARCELLAIRE!$D$2:$D$29,0)) -> BLE DUR | C171: Lescandes | D171: 41354 | E171: Actual Pratic | F171: L | G171: =VLOOKUP(E171,ACHATS!$C:$D,2,0) -> DESHERBANT | H171: 0.9 | I171: =VLOOKUP(C171,PARCELLAIRE!$D$2:$F$29,3,0) -> 2.67 | J171: =I171*H171 -> 2.403 | K171: =VLOOKUP(E171,'COUT MOYEN'!$B$1:$E$71,4,0) -> 31 | L171: =K171*J171 -> 74.493 | N171: =IF(WHEN=A171,C171,1) -> Lescandes | O171: =SUMPRODUCT(--(PARCELLAIRE!H$2:H$58=UTILISATIONS!N171)) -> 0
A172: 2013 | B172: =INDEX(PARCELLAIRE!$B$2:$B$29,MATCH(UTILISATIONS!C172,PARCELLAIRE!$D$2:$D$29,0)) -> BLE DUR | C172: Lescandes Côteau | D172: 41354 | E172: Actual Pratic | F172: L | G172: =VLOOKUP(E172,ACHATS!$C:$D,2,0) -> DESHERBANT | H172: 0.9 | I172: =VLOOKUP(C172,PARCELLAIRE!$D$2:$F$29,3,0) -> 16.44 | J172: =I172*H172 -> 14.796 | K172: =VLOOKUP(E172,'COUT MOYEN'!$B$1:$E$71,4,0) -> 31 | L172: =K172*J172 -> 458.676 | N172: =IF(WHEN=A172,C172,1) -> Lescandes Côteau | O172: =SUMPRODUCT(--(PARCELLAIRE!H$2:H$58=UTILISATIONS!N172)) -> 0
A173: 2013 | B173: =INDEX(PARCELLAIRE!$B$2:$B$29,MATCH(UTILISATIONS!C173,PARCELLAIRE!$D$2:$D$29,0)) -> BLE TENDRE | C173: Labaou Plaine | D173: 41354 | E173: Actual Pratic | F173: L | G173: =VLOOKUP(E173,ACHATS!$C:$D,2,0) -> DESHERBANT | H173: 0.9 | I173: =VLOOKUP(C173,PARCELLAIRE!$D$2:$F$29,3,0) -> 17.55 | J173: =I173*H173 -> 15.795 | K173: =VLOOKUP(E173,'COUT MOYEN'!$B$1:$E$71,4,0) -> 31 | L173: =K173*J173 -> 489.645 | N173: =IF(WHEN=A173,C173,1) -> Labaou Plaine | O173: =SUMPRODUCT(--(PARCELLAIRE!H$2:H$58=UTILISATIONS!N173)) -> 1
A174: 2013 | B174: =INDEX(PARCELLAIRE!$B$2:$B$29,MATCH(UTILISATIONS!C174,PARCELLAIRE!$D$2:$D$29,0)) -> BLE DUR | C174: Engleyse Bousquet | D174: 41358 | E174: Allié SX | F174: g | G174: =VLOOKUP(E174,ACHATS!$C:$D,2,0) -> DESHERBANT | H174: 18 | I174: =VLOOKUP(C174,PARCELLAIRE!$D$2:$F$29,3,0) -> 12.49 | J174: =I174*H174 -> 224.82 | K174: =VLOOKUP(E174,'COUT MOYEN'!$B$1:$E$71,4,0) -> 0.67 | L174: =K174*J174 -> 150.6294 | N174: =IF(WHEN=A174,C174,1) -> Engleyse Bousquet | O174: =SUMPRODUCT(--(PARCELLAIRE!H$2:H$58=UTILISATIONS!N174)) -> 0
...

Sheet PARCELLAIRE
A1: ANNEE | B1: CULTURE | C1: VARIETE | D1: PARCELLE | E1: N° | F1: SURFACE / HA | G1: ILOT
A2: 2013 | B2: TOURNESOL | C2: LG5474 | D2: Andres | E2: 11 | F2: 5.17 | G2: 13 | H2: =IF(C2='FOCUS C'!$E$9,D2,"")
A3: 2013 | B3: BLE DUR | C3: PESCADOUX | D3: Bousquet Château | E3: 15 | F3: 5.27 | G3: 17 | H3: =IF(C3='FOCUS C'!$E$9,D3,"")
A4: 2013 | B4: TOURNESOL | C4: SY SAMIN | D4: Bousquet Pourtanel | E4: 16 | F4: 2.33 | G4: 18 | H4: =IF(C4='FOCUS C'!$E$9,D4,"")
A5: 2013 | B5: GEL | C5: - | D5: Bousquet Prairie | E5: 22 | F5: 4.41 | G5: 23 | H5: =IF(C5='FOCUS C'!$E$9,D5,"")
A6: 2013 | B6: BLE DUR | C6: MIRADOUX | D6: Bousquet Route | E6: 4 | F6: 5.67 | G6: 12 | H6: =IF(C6='FOCUS C'!$E$9,D6,"")
A7: 2013 | B7: BLE DUR | C7: SCULPTUR | D7: Engleyse Bousquet | E7: 6 | F7: 12.49 | G7: 12 | H7: =IF(C7='FOCUS C'!$E$9,D7,"")
A8: 2013 | B8: SORGHO | C8: ARDITO | D8: Engleyse métairie | E8: 7 | F8: 10.93 | G8: 12 | H8: =IF(C8='FOCUS C'!$E$9,D8,"")
A9: 2013 | B9: SOJA | C9: ISIDOR | D9: Engleyse Route | E9: 5 | F9: 8.58 | G9: 12 | H9: =IF(C9='FOCUS C'!$E$9,D9,"")
A10: 2013 | B10: BLE DUR | C10: MIRADOUX | D10: Escarcelou | E10: 14 | F10: 7.58 | G10: 16 | H10: =IF(C10='FOCUS C'!$E$9,D10,"")
A11: 2013 | B11: BLE DUR | C11: MIRADOUX | D11: Escarcelou Jachère | E11: 14 | F11: 1.34 | G11: 16 | H11: =IF(C11='FOCUS C'!$E$9,D11,"")
A12: 2013 | B12: BLE DUR | C12: MIRADOUX | D12: Escarcelou Pte | E12: 14 | F12: 7.5 | G12: 16 | H12: =IF(C12='FOCUS C'!$E$9,D12,"")
A13: 2013 | B13: GEL | C13: - | D13: Gel fixe #1 | E13: 1 | F13: 0.09 | G13: 11 | H13: =IF(C13='FOCUS C'!$E$9,D13,"")
... A30: 2014 | B30: BLE DUR | C30: MIRADOUX | D30: Andres | E30: 11 | F30: 5.17 | G30: 13 | H30: =IF(C30='FOCUS C'!$E$9,D30,"")
A31: 2014 | B31: TOURNESOL | D31: Bousquet Château | E31: 15 | F31: 5.27 | G31: 17 | H31: =IF(C31='FOCUS C'!$E$9,D31,"")
A32: 2014 | B32: BLE TENDRE | C32: CELLULE | D32: Bousquet Pourtanel | E32: 16 | F32: 2.33 | G32: 18 | H32: =IF(C32='FOCUS C'!$E$9,D32,"")
A33: 2014 | B33: GEL | D33: Bousquet Prairie | E33: 22 | F33: 4.41 | G33: 23 | H33: =IF(C33='FOCUS C'!$E$9,D33,"")
A34: 2014 | B34: SORGHO | D34: Bousquet Route | E34: 4 | F34: 5.67 | G34: 12 | H34: =IF(C34='FOCUS C'!$E$9,D34,"")
A35: 2014 | B35: SORGHO | D35: Engleyse Bousquet | E35: 6 | F35: 12.49 | G35: 12 | H35: =IF(C35='FOCUS C'!$E$9,D35,"")
A36: 2014 | B36: BLE TENDRE | C36: ACRO | D36: Engleyse métairie | E36: 7 | F36: 10.93 | G36: 12 | H36: =IF(C36='FOCUS C'!$E$9,D36,"")
A37: 2014 | B37: BLE TENDRE | C37: ASCOTT | D37: Engleyse Route | E37: 5 | F37: 8.58 | G37: 12 | H37: =IF(C37='FOCUS C'!$E$9,D37,"")
A38: 2014 | B38: TOURNESOL | D38: Escarcelou | E38: 14 | F38: 7.58 | G38: 16 | H38: =IF(C38='FOCUS C'!$E$9,D38,"")
A39: 2014 | B39: TOURNESOL | D39: Escarcelou Jachère | E39: 14 | F39: 1.34 | G39: 16 | H39: =IF(C39='FOCUS C'!$E$9,D39,"")
A40: 2014 | B40: TOURNESOL | D40: Escarcelou Pte | E40: 14 | F40: 7.5 | G40: 16 | H40: =IF(C40='FOCUS C'!$E$9,D40,"")
A41: 2014 | B41: GEL | D41: Gel fixe #1 | E41: 1 | F41: 0.09 | G41: 11 | H41: =IF(C41='FOCUS C'!$E$9,D41,"")
A42: 2014 | B42: GEL | D42: Gel Fixe #2 | E42: 3 | F42: 1.16 | G42: 12 | H42: =IF(C42='FOCUS C'!$E$9,D42,"")
A43: 2014 | B43: GEL | D43: Gel fixe #3 | E43: 19 | F43: 0.53 | G43: 20 | H43: =IF(C43='FOCUS C'!$E$9,D43,"")
A44: 2014 | B44: BLE TENDRE | C44: SOLEIHO | D44: L'Aule métairie | E44: 24 | F44: 5.26 | G44: 25 | H44: =IF(C44='FOCUS C'!$E$9,D44,"") -> L'Aule métairie
A45: 2014 | B45: BLE TENDRE | C45: SOLEIHO | D45: L'Aule Plaine | E45: 23 | F45: 15.64 | G45: 24 | H45: =IF(C45='FOCUS C'!$E$9,D45,"") -> L'Aule Plaine
A46: 2014 | B46: TOURNESOL | D46: Labaou Devant | E46: 8 | F46: 11.9 | G46: 12 | H46: =IF(C46='FOCUS C'!$E$9,D46,"")
A47: 2014 | B47: TOURNESOL | D47: Labaou Plaine | E47: 9 | F47: 17.55 | G47: 12 | H47: =IF(C47='FOCUS C'!$E$9,D47,"")
A48: 2014 | B48: TOURNESOL | D48: Laclos | E48: 17 | F48: 5.07 | G48: 19 | H48: =IF(C48='FOCUS C'!$E$9,D48,"")
A49: 2014 | B49: TOURNESOL | D49: Lescandes | E49: 20 | F49: 2.67 | G49: 21 | H49: =IF(C49='FOCUS C'!$E$9,D49,"")
A50: 2014 | B50: TOURNESOL | D50: Lescandes Côteau | E50: 18 | F50: 16.44 | G50: 20 | H50: =IF(C50='FOCUS C'!$E$9,D50,"")
A51: 2014 | B51: BLE DUR | C51: SCULPTUR | D51: Moulin Barthes | E51: 10 | F51: 21.88 | G51: 12 | H51: =IF(C51='FOCUS C'!$E$9,D51,"")
A52: 2014 | B52: BLE DUR | C52: MIRADOUX | D52: Moulin Côteau | E52: 13 | F52: 5.67 | G52: 15 | H52: =IF(C52='FOCUS C'!$E$9,D52,"")
A53: 2014 | B53: GEL | D53: Moulin Jachêre | E53: 25 | F53: 3.69 | G53: 15 | H53: =IF(C53='FOCUS C'!$E$9,D53,"")
A54: 2014 | B54: BLE DUR | C54: PESCADOUX | D54: Picotalène Midi | E54: 21 | F54: 4.12 | G54: 22 | H54: =IF(C54='FOCUS C'!$E$9,D54,"")
A55: 2014 | B55: BLE DUR | C55: PESCADOUX | D55: Picotalène Nord | E55: 21 | F55: 4.42 | G55: 22 | H55: =IF(C55='FOCUS C'!$E$9,D55,"")
A56: 2014 | B56: BLE DUR | C56: PESCADOUX | D56: Pourtanel | E56: 12 | F56: 12.06 | G56: 14 | H56: =IF(C56='FOCUS C'!$E$9,D56,"")
A57: 2014 | B57: TOURNESOL | D57: Seillonne | E57: 2 | F57: 1.26 | G57: 11 | H57: =IF(C57='FOCUS C'!$E$9,D57,"")
A58: 2015 | D58: Andres | E58: 11 | F58: 5.17 | G58: 13 | H58: =IF(C58='FOCUS C'!$E$9,D58,"")
A59: 2015 | D59: Bousquet Château | E59: 15 | F59: 5.27 | G59: 17 | H59: =IF(C59='FOCUS C'!$E$9,D59,"")
A60: 2015 | D60: Bousquet Pourtanel | E60: 16 | F60: 2.33 | G60: 18 | H60: =IF(C60='FOCUS C'!$E$9,D60,"")
A61: 2015 | D61: Bousquet Prairie | E61: 22 | F61: 4.41 | G61: 23 | H61: =IF(C61='FOCUS C'!$E$9,D61,"")
A62: 2015 | D62: Bousquet Route | E62: 4 | F62: 5.67 | G62: 12 | H62: =IF(C62='FOCUS C'!$E$9,D62,"")
A63: 2015 | D63: Engleyse Bousquet | E63: 6 | F63: 12.49 | G63: 12 | H63: =IF(C63='FOCUS C'!$E$9,D63,"")
A64: 2015 | D64: Engleyse métairie | E64: 7 | F64: 10.93 | G64: 12 | H64: =IF(C64='FOCUS C'!$E$9,D64,"")
A65: 2015 | D65: Engleyse Route | E65: 5 | F65: 8.58 | G65: 12 | H65: =IF(C65='FOCUS C'!$E$9,D65,"")
A66: 2015 | D66: Escarcelou | E66: 14 | F66: 7.58 | G66: 16 | H66: =IF(C66='FOCUS C'!$E$9,D66,"")
A67: 2015 | D67: Escarcelou Jachère | E67: 14 | F67: 1.34 | G67: 16 | H67: =IF(C67='FOCUS C'!$E$9,D67,"")
A68: 2015 | D68: Escarcelou Pte | E68: 14 | F68: 7.5 | G68: 16 | H68: =IF(C68='FOCUS C'!$E$9,D68,"")
A69: 2015 | D69: Gel fixe #1 | E69: 1 | F69: 0.09 | G69: 11 | H69: =IF(C69='FOCUS C'!$E$9,D69,"")
... A85: 2015 | D85: Seillonne | E85: 2 | F85: 1.26 | G85: 11 | H85: =IF(C85='FOCUS C'!$E$9,D85,"")

Sheet ACHATS
A1: CAMPAGNE | B1: DATE | C1: PRODUIT | D1: CATEGORIE | E1: QTE | F1: MONTANT | G1: PRIX UNITAIRE | H1: SENS | I1: MATIERE ACTIVE | J1: FAMILLE | K1: FABRICANT | L1: COMMENTAIRES
A2: 2013 | B2: 41085 | C2: Pac 22 | D2: ENGRAIS | E2: 13800 | F2: 6941 | G2: =F2/E2 -> 0.50297101 | H2: Achats
A3: 2013 | B3: 41089 | C3: Physiolith | D3: ENGRAIS | E3: 10200 | F3: 2142 | G3: =F3/E3 -> 0.21 | H3: Achats
A4: 2013 | B4: 41151 | C4: Glyphosate | D4: DESHERBANT | E4: 260 | F4: 1170 | G4: =F4/E4 -> 4.5 | H4: Achats | I4: Glycine | L4: Désherbant total foliaire systémique. Adjoindre un tensioactif (ou surfactant).
A5: 2013 | B5: 41177 | C5: Pac 22 | D5: ENGRAIS | E5: 16200 | F5: 8148.6 | G5: =F5/E5 -> 0.503 | H5: Achats
A6: 2013 | B6: 41177 | C6: Physalg 15 | D6: ENGRAIS | E6: 10200 | F6: 3763.8 | G6: =F6/E6 -> 0.369 | H6: Achats
A7: 2013 | B7: 41177 | C7: Physiolith | D7: ENGRAIS | E7: 3000 | F7: 705 | G7: =F7/E7 -> 0.235 | H7: Achats
A8: 2013 | B8: 41177 | C8: Terragral | D8: ENGRAIS | E8: 10500 | F8: 2310 | G8: =F8/E8 -> 0.22 | H8: Achats
A9: 2013 | B9: 41187 | C9: Athlet | D9: DESHERBANT | E9: 60 | F9: 825 | G9: =F9/E9 -> 13.75 | H9: Achats
A10: 2013 | B10: 41187 | C10: Fabulis Certifiées | D10: SEMENCES | E10: 600 | F10: 483 | G10: =F10/E10 -> 0.805 | H10: Achats
A11: 2013 | B11: 41187 | C11: Miradoux Certifiées | D11: SEMENCES | E11: 600 | F11: 483 | G11: =F11/E11 -> 0.805 | H11: Achats
A12: 2013 | B12: 41187 | C12: Pescadoux Certifiées | D12: SEMENCES | E12: 600 | F12: 483 | G12: =F12/E12 -> 0.805 | H12: Achats
A13: 2013 | B13: 41187 | C13: Sculture Certifiées | D13: SEMENCES | E13: 600 | F13: 483 | G13: =F13/E13 -> 0.805 | H13: Achats
A14: 2013 | B14: 41187 | C14: Soleiho Certifiées | D14: SEMENCES | E14: 2700 | F14: 1942.95 | G14: =F14/E14 -> 0.71961111 | H14: Achats
A15: 2013 | B15: 41190 | C15: Miradoux | D15: SEMENCES | E15: 5100 | F15: 1325 | G15: =F15/E15 -> 0.25980392 | H15: Achats
A16: 2013 | B16: 41190 | C16: Pescadoux | D16: SEMENCES | E16: 4223 | F16: 1098 | G16: =F16/E16 -> 0.26000474 | H16: Achats
... A18: 2013 | B18: 41235 | C18: Heliosol | D18: DIVERS | E18: 120 | F18: 1321.2 | G18: =F18/E18 -> 11.01 | H18: Achats
A19: 2013 | B19: 41243 | C19: Urée | D19: ENGRAIS | E19: 25000 | F19: 10875 | G19: =F19/E19 -> 0.435 | H19: Achats | I19: Forme chimique uréique CO(NH2)2. | L19: Engrais azoté à 46%
A20: 2013 | B20: 41275 | C20: Allié SX | D20: DESHERBANT | E20: 450 | F20: 301.5 | G20: =F20/E20 -> 0.67 | H20: Achats
A21: 2013 | B21: 41275 | C21: Contreverse | D21: DIVERS | E21: 60 | F21: 99.6 | G21: =F21/E21 -> 1.66 | H21: Achats
A22: 2013 | B22: 41275 | C22: Prosaro | D22: FONGICIDES | E22: 15 | F22: 595.05 | G22: =F22/E22 -> 39.67 | H22: Achats | I22: prothioconazole 125 g/l, tébuconazole 125 g/l | K22: BAYER | L22: Fusarioses base des tiges, Fusarioses sur épis, Rouille jaune, Septorioses, Rouille brune, Fusarioses sur épis (à Fusarium), Fusarioses sur épis (à Microdochium), Oïdium
A23: 2013 | B23: 41275 | C23: Sam 40 | D23: DIVERS | E23: 13 | F23: 11.44 | G23: =F23/E23 -> 0.88 | H23: Achats
A24: 2013 | B24: 41320 | C24: Urée | D24: ENGRAIS | E24: 24000 | F24: 9648 | G24: =F24/E24 -> 0.402 | H24: Achats | I24: Forme chimique uréique CO(NH2)2. | L24: Engrais azoté à 46%
A25: 2013 | B25: 41337 | C25: Actual Pratic | D25: DESHERBANT | E25: 60 | F25: 1860 | G25: =F25/E25 -> 31 | H25: Achats
A26: 2013 | B26: 41337 | C26: Effecto | D26: DIVERS | E26: 100 | F26: 290 | G26: =F26/E26 -> 2.9 | H26: Achats
A27: 2013 | B27: 41337 | C27: Glyphosate | D27: DESHERBANT | E27: 40 | F27: 253.55 | G27: =F27/E27 -> 6.33875 | H27: Achats | I27: Glycine | L27: Désherbant total foliaire systémique. Adjoindre un tensioactif (ou surfactant).
A28: 2013 | B28: 41337 | C28: Glyphosate | D28: DESHERBANT | E28: 160 | F28: 848 | G28: =F28/E28 -> 5.3 | H28: Achats | I28: Glycine | L28: Désherbant total foliaire systémique. Adjoindre un tensioactif (ou surfactant).
A29: 2013 | B29: 41337 | C29: Gratil | D29: DESHERBANT | E29: 960 | F29: 760 | G29: =F29/E29 -> 0.79166667 | H29: Achats
A30: 2013 | B30: 41337 | C30: Harmony SX | D30: DESHERBANT | E30: 3600 | F30: 780 | G30: =F30/E30 -> 0.21666667 | H30: Achats
A31: 2013 | B31: 41337 | C31: Mirage | D31: FONGICIDES | E31: 75 | F31: 675 | G31: =F31/E31 -> 9 | H31: Achats
A32: 2013 | B32: 41337 | C32: Nikeyl | D32: DESHERBANT | E32: 135 | F32: 2708.1 | G32: =F32/E32 -> 20.06 | H32: Achats
A33: 2013 | B33: 41337 | C33: Novall | D33: DESHERBANT | E33: 80 | F33: 2744 | G33: =F33/E33 -> 34.3 | H33: Achats | I33: Métazachlore (400g/l) + quinmérac (100g/l) | L33: Tournesol - Désherbage (dicotylédones annuelles et graminées annuelles) - Amimagus
A34: 2013 | B34: 41337 | C34: Opus new | D34: FONGICIDES | E34: 60 | F34: 1854.6 | G34: =F34/E34 -> 30.91 | H34: Achats
A35: 2013 | B35: 41337 | C35: Pragma | D35: DESHERBANT | E35: 1200 | F35: 401 | G35: =F35/E35 -> 0.33416667 | H35: Achats
A36: 2013 | B36: 41337 | C36: Primus | D36: DESHERBANT | E36: 1 | F36: 320 | G36: =F36/E36 -> 320 | H36: Achats
A37: 2013 | B37: 41337 | C37: Reobore | D37: DIVERS | E37: 230 | F37: 851 | G37: =F37/E37 -> 3.7 | H37: Achats
A38: 2013 | B38: 41364 | C38: Fenova | D38: DESHERBANT | E38: 15 | F38: 465 | G38: =F38/E38 -> 31 | H38: Achats
A39: 2013 | B39: 41376 | C39: Acanto | D39: FONGICIDES | E39: 30 | F39: 1110 | G39: =F39/E39 -> 37 | H39: Achats | I39: 250 g/l picoxystrobine | J39: Strobilurines | K39: DU PONT DE NEMOURS SAS | L39: Fongicide pour le traitement de céréales - Rouille brune
A40: 2013 | B40: 41376 | C40: Aviator | D40: FONGICIDES | E40: 15 | F40: 885 | G40: =F40/E40 -> 59 | H40: Achats | I40: 75 g/l bixafen 150 g/l prothioconazole | K40: BAYER | L40: Septorioses, Fusarioses sur épis, Rouille brune, Helminthosporiose, Rouille noire, Piétin-verse, Rouille jaune, Oïdium
A41: 2013 | B41: 41376 | C41: Fertilider | D41: DIVERS | E41: 90 | F41: 1107 | G41: =F41/E41 -> 12.3 | H41: Achats
A42: 2013 | B42: 41376 | C42: LG 5474 | D42: SEMENCES | E42: 15 | F42: 2640 | G42: =F42/E42 -> 176 | H42: Achats
A43: 2013 | B43: 41376 | C43: Mas 95 OL | D43: SEMENCES | E43: 9 | F43: 1692 | G43: =F43/E43 -> 188 | H43: Achats
A44: 2013 | B44: 41376 | C44: Pixel | D44: FONGICIDES | E44: 45 | F44: 648 | G44: =F44/E44 -> 14.4 | H44: Achats
A45: 2013 | B45: 41376 | C45: Pixel | D45: FONGICIDES | E45: 20 | F45: 288 | G45: =F45/E45 -> 14.4 | H45: Achats
A46: 2013 | B46: 41376 | C46: Samin Clearfield | D46: SEMENCES | E46: 10 | F46: 2485.77 | G46: =F46/E46 -> 248.577 | H46: Achats
A47: 2013 | B47: 41396 | C47: Diams | D47: FONGICIDES | E47: 20 | F47: 400 | G47: =F47/E47 -> 20 | H47: Achats
A48: 2013 | B48: 41396 | C48: Kestrel | D48: FONGICIDES | E48: 50 | F48: 2700 | G48: =F48/E48 -> 54 | H48: Achats
A49: 2013 | B49: 41396 | C49: Pixel | D49: FONGICIDES | E49: 35 | F49: 504 | G49: =F49/E49 -> 14.4 | H49: Achats
A50: 2013 | B50: 41424 | C50: Ardito | D50: SEMENCES | E50: 12 | F50: 1260 | G50: =F50/E50 -> 105 | H50: Achats
A51: 2013 | B51: 41424 | C51: Inoculum Micro | D51: DIVERS | E51: 8 | F51: 264.56 | G51: =F51/E51 -> 33.07 | H51: Achats
A52: 2013 | B52: 41424 | C52: Isidor Certifiées | D52: SEMENCES | E52: 270 | F52: 191.97 | G52: =F52/E52 -> 0.711 | H52: Achats
... A57: 2013 | B57: 41425 | C57: Metarex | D57: DIVERS | E57: 80 | F57: 408 | G57: =F57/E57 -> 5.1 | H57: Achats
A58: 2013 | B58: 41439 | C58: Extrasol | D58: SEMENCES | E58: 1 | F58: 1 | G58: 1 | H58: Achats
A59: 2013 | C59: Filan | D59: FONGICIDES | E59: 1 | F59: 1 | G59: 1 | H59: Achats
A60: 2013 | C60: Pulsar | D60: DESHERBANT | E60: 1 | F60: 1 | G60: 1 | H60: Achats
A61: 2013 | C61: Isidor | D61: SEMENCES | E61: 1 | F61: 1 | G61: 1 | H61: Achats
A62: 2013 | C62: Irrigation | D62: IRRIGATION | E62: 1 | F62: 1 | G62: 1
A63: 2013 | C63: Charrue | D63: TRAVAIL DU SOL | E63: 1 | F63: 1 | G63: 1
A64: 2013 | C64: Disque 4 OS | D64: TRAVAIL DU SOL | E64: 1 | F64: 1 | G64: 1
A65: 2013 | C65: CoverCrop | D65: TRAVAIL DU SOL | E65: 1 | F65: 1 | G65: 1
A66: 2013 | C66: Kirpy | D66: TRAVAIL DU SOL | E66: 1 | F66: 1 | G66: 1
A67: 2013 | C67: Herse Rotative | D67: TRAVAIL DU SOL | E67: 1 | F67: 1 | G67: 1
A68: 2013 | C68: Bineuse | D68: TRAVAIL DU SOL | E68: 1 | F68: 1 | G68: 1
A69: 2013 | C69: Sous soleuse | D69: TRAVAIL DU SOL | E69: 1 | F69: 1 | G69: 1
A70: 2013 | C70: Dent Michel | D70: TRAVAIL DU SOL | E70: 1 | F70: 1 | G70: 1
A71: 2013 | C71: Broyeur | D71: TRAVAIL DU SOL | E71: 1 | F71: 1 | G71: 1
A72: 2013 | C72: BOA | D72: DESHERBANT | E72: 1 | F72: 1 | G72: 1
A73: 2013 | C73: PAC 24 | D73: ENGRAIS | E73: 1 | F73: 1 | G73: 1
A74: 2013 | C74: Basocarb 90 | D74: ENGRAIS | E74: 1 | F74: 1 | G74: 1
A75: 2013 | C75: Récolte | D75: RECOLTE | E75: 1 | F75: 1 | G75: 1 | H75: Ventes

Sheet COUT MOYEN
A1: ANNEE | B1: PRODUIT | C1: COÛT TOTAL | D1: QUANTITÉ | E1: COÛT MOYEN | F1: STOCK
A2: 2013 | B2: Acanto | C2: =SUMPRODUCT((ACHATS!$C$2:$C$64='COUT MOYEN'!B2)*ACHATS!$F$2:$F$64) -> 1110 | D2: =SUMPRODUCT((ACHATS!$C$2:$C$64='COUT MOYEN'!B2)*ACHATS!$E$2:$E$64) -> 30 | E2: =C2/D2 -> 37
A3: 2013 | B3: Actual Pratic | C3: =SUMPRODUCT((ACHATS!$C$2:$C$64='COUT MOYEN'!B3)*ACHATS!$F$2:$F$64) -> 1860 | D3: =SUMPRODUCT((ACHATS!$C$2:$C$64='COUT MOYEN'!B3)*ACHATS!$E$2:$E$64) -> 60 | E3: =C3/D3 -> 31
A4: 2013 | B4: Allié SX | C4: =SUMPRODUCT((ACHATS!$C$2:$C$64='COUT MOYEN'!B4)*ACHATS!$F$2:$F$64) -> 301.5 | D4: =SUMPRODUCT((ACHATS!$C$2:$C$64='COUT MOYEN'!B4)*ACHATS!$E$2:$E$64) -> 450 | E4: =C4/D4 -> 0.67
A5: 2013 | B5: Athlet | C5: =SUMPRODUCT((ACHATS!$C$2:$C$64='COUT MOYEN'!B5)*ACHATS!$F$2:$F$64) -> 825 | D5: =SUMPRODUCT((ACHATS!$C$2:$C$64='COUT MOYEN'!B5)*ACHATS!$E$2:$E$64) -> 60 | E5: =C5/D5 -> 13.75
A6: 2013 | B6: Aviator | C6: =SUMPRODUCT((ACHATS!$C$2:$C$64='COUT MOYEN'!B6)*ACHATS!$F$2:$F$64) -> 885 | D6: =SUMPRODUCT((ACHATS!$C$2:$C$64='COUT MOYEN'!B6)*ACHATS!$E$2:$E$64) -> 15 | E6: =C6/D6 -> 59
A7: 2013 | B7: Contreverse | C7: =SUMPRODUCT((ACHATS!$C$2:$C$64='COUT MOYEN'!B7)*ACHATS!$F$2:$F$64) -> 99.6 | D7: =SUMPRODUCT((ACHATS!$C$2:$C$64='COUT MOYEN'!B7)*ACHATS!$E$2:$E$64) -> 60 | E7: =C7/D7 -> 1.66
A8: 2013 | B8: Diams | C8: =SUMPRODUCT((ACHATS!$C$2:$C$64='COUT MOYEN'!B8)*ACHATS!$F$2:$F$64) -> 400 | D8: =SUMPRODUCT((ACHATS!$C$2:$C$64='COUT MOYEN'!B8)*ACHATS!$E$2:$E$64) -> 20 | E8: =C8/D8 -> 20
A9: 2013 | B9: Effecto | C9: =SUMPRODUCT((ACHATS!$C$2:$C$64='COUT MOYEN'!B9)*ACHATS!$F$2:$F$64) -> 290 | D9: =SUMPRODUCT((ACHATS!$C$2:$C$64='COUT MOYEN'!B9)*ACHATS!$E$2:$E$64) -> 100 | E9: =C9/D9 -> 2.9
A10: 2013 | B10: Fabulis Certifiées | C10: =SUMPRODUCT((ACHATS!$C$2:$C$64='COUT MOYEN'!B10)*ACHATS!$F$2:$F$64) -> 483 | D10: =SUMPRODUCT((ACHATS!$C$2:$C$64='COUT MOYEN'!B10)*ACHATS!$E$2:$E$64) -> 600 | E10: =C10/D10 -> 0.805
A11: 2013 | B11: Fenova | C11: =SUMPRODUCT((ACHATS!$C$2:$C$64='COUT MOYEN'!B11)*ACHATS!$F$2:$F$64) -> 465 | D11: =SUMPRODUCT((ACHATS!$C$2:$C$64='COUT MOYEN'!B11)*ACHATS!$E$2:$E$64) -> 15 | E11: =C11/D11 -> 31
A12: 2013 | B12: Fertilider | C12: =SUMPRODUCT((ACHATS!$C$2:$C$64='COUT MOYEN'!B12)*ACHATS!$F$2:$F$64) -> 1107 | D12: =SUMPRODUCT((ACHATS!$C$2:$C$64='COUT MOYEN'!B12)*ACHATS!$E$2:$E$64) -> 90 | E12: =C12/D12 -> 12.3
A13: 2013 | B13: Glyphosate | C13: =SUMPRODUCT((ACHATS!$C$2:$C$64='COUT MOYEN'!B13)*ACHATS!$F$2:$F$64) -> 2271.55 | D13: =SUMPRODUCT((ACHATS!$C$2:$C$64='COUT MOYEN'!B13)*ACHATS!$E$2:$E$64) -> 460 | E13: =C13/D13 -> 4.9381522
... A44: 2013 | B44: Isidor | C44: =SUMPRODUCT((ACHATS!$C$2:$C$64='COUT MOYEN'!B44)*ACHATS!$F$2:$F$64) -> 1 | D44: =SUMPRODUCT((ACHATS!$C$2:$C$64='COUT MOYEN'!B44)*ACHATS!$E$2:$E$64) -> 1 | E44: =C44/D44 -> 1
A45: 2013 | B45: Isidor Certifiées | C45: 1 | D45: 1 | E45: 1
A46: 2013 | B46: LG 5474 | C46: =SUMPRODUCT((ACHATS!$C$2:$C$64='COUT MOYEN'!B46)*ACHATS!$F$2:$F$64) -> 2640 | D46: =SUMPRODUCT((ACHATS!$C$2:$C$64='COUT MOYEN'!B46)*ACHATS!$E$2:$E$64) -> 15 | E46: =C46/D46 -> 176
A47: 2013 | B47: Mas 95 OL | C47: =SUMPRODUCT((ACHATS!$C$2:$C$64='COUT MOYEN'!B47)*ACHATS!$F$2:$F$64) -> 1692 | D47: =SUMPRODUCT((ACHATS!$C$2:$C$64='COUT MOYEN'!B47)*ACHATS!$E$2:$E$64) -> 9 | E47: =C47/D47 -> 188
A48: 2013 | B48: Mollustop | C48: =SUMPRODUCT((ACHATS!$C$2:$C$64='COUT MOYEN'!B48)*ACHATS!$F$2:$F$64) -> 120 | D48: =SUMPRODUCT((ACHATS!$C$2:$C$64='COUT MOYEN'!B48)*ACHATS!$E$2:$E$64) -> 140 | E48: =C48/D48 -> 0.85714286
A49: 2013 | B49: Samin Clearfield | C49: =SUMPRODUCT((ACHATS!$C$2:$C$64='COUT MOYEN'!B49)*ACHATS!$F$2:$F$64) -> 2485.77 | D49: =SUMPRODUCT((ACHATS!$C$2:$C$64='COUT MOYEN'!B49)*ACHATS!$E$2:$E$64) -> 10 | E49: =C49/D49 -> 248.577
A50: 2013 | B50: Extrasol | C50: =SUMPRODUCT((ACHATS!$C$2:$C$64='COUT MOYEN'!B50)*ACHATS!$F$2:$F$64) -> 1 | D50: =SUMPRODUCT((ACHATS!$C$2:$C$64='COUT MOYEN'!B50)*ACHATS!$E$2:$E$64) -> 1 | E50: =C50/D50 -> 1
A51: 2013 | B51: Filan | C51: =SUMPRODUCT((ACHATS!$C$2:$C$64='COUT MOYEN'!B51)*ACHATS!$F$2:$F$64) -> 1 | D51: =SUMPRODUCT((ACHATS!$C$2:$C$64='COUT MOYEN'!B51)*ACHATS!$E$2:$E$64) -> 1 | E51: =C51/D51 -> 1
A52: 2013 | B52: Pulsar | C52: =SUMPRODUCT((ACHATS!$C$2:$C$64='COUT MOYEN'!B52)*ACHATS!$F$2:$F$64) -> 1 | D52: =SUMPRODUCT((ACHATS!$C$2:$C$64='COUT MOYEN'!B52)*ACHATS!$E$2:$E$64) -> 1 | E52: =C52/D52 -> 1
A53: 2013 | B53: Metarex | C53: =SUMPRODUCT((ACHATS!$C$2:$C$64='COUT MOYEN'!B53)*ACHATS!$F$2:$F$64) -> 408 | D53: =SUMPRODUCT((ACHATS!$C$2:$C$64='COUT MOYEN'!B53)*ACHATS!$E$2:$E$64) -> 80 | E53: =C53/D53 -> 5.1
A54: 2013 | B54: Irrigation | C54: 1 | D54: 1 | E54: 1
A55: 2013 | B55: Charrue | C55: 1 | D55: 1 | E55: 1
A56: 2013 | B56: Disque 4 OS | C56: 1 | D56: 1 | E56: 1
A57: 2013 | B57: CoverCrop | C57: 1 | D57: 1 | E57: 1
A58: 2013 | B58: Kirpy | C58: 1 | D58: 1 | E58: 1
A59: 2013 | B59: Herse Rotative | C59: 1 | D59: 1 | E59: 1
A60: 2013 | B60: Bineuse | C60: 1 | D60: 1 | E60: 1
A61: 2013 | B61: Sous soleuse | C61: 1 | D61: 1 | E61: 1
A62: 2013 | B62: Dent Michel | C62: 1 | D62: 1 | E62: 1
A63: 2013 | B63: Broyeur | C63: 1 | D63: 1 | E63: 1
A64: 2013 | B64: BOA | C64: 1 | D64: 1 | E64: 1
A65: 2013 | B65: PAC 24 | C65: 1 | D65: 1 | E65: 1
... A67: 2013 | B67: Récolte | C67: 1 | D67: 1 | E67: 1

Sheet VARIETE
A1: BLE TENDRE | B1: BLE DUR | C1: TOURNESOL | D1: SORGHO | E1: SOJA | F1: POIS | G1: POIS CHICHE | H1: GEL
A2: SOLEIHO | B2: FABULIS - PESCADOUX | C2: SY SAMIN | D2: ARDITO | E2: ISIDOR | F2: - | G2: - | H2: -
A3: OREGRAIN | B3: SCULPTUR | C3: LG5474 | D3: - | E3: - | F3: - | G3: - | H3: -
A4: ACRO | B4: ISILDUR | C4: MAS 96 OL | D4: - | E4: - | F4: - | G4: - | H4: -
A5: ASCOTT | B5: PESCADOUX | C5: - | D5: - | E5: - | F5: - | G5: - | H5: -
A6: CELLULE | B6: MIRADOUX | C6: - | D6: - | E6: - | F6: - | G6: - | H6: -

Sheet ANNEE
A1: 2013 | B1: 2014
A2: Andres | B2: Andres
A3: Bousquet Château | B3: Bousquet Château
A4: Bousquet Pourtanel | B4: Bousquet Pourtanel
A5: Bousquet Prairie | B5: Bousquet Prairie
A6: Bousquet Route | B6: Bousquet Route
A7: Engleyse Bousquet | B7: Engleyse Bousquet
A8: Engleyse métairie | B8: Engleyse métairie
A9: Engleyse Route | B9: Engleyse Route
A10: Escarcelou | B10: Escarcelou
A11: Escarcelou Jachère | B11: Escarcelou Jachère
A12: Escarcelou Pte | B12: Escarcelou Pte
A13: Gel fixe #1 | B13: Gel fixe #1
... A29: Seillonne | B29: Seillonne
